Workbook
Name AAA: #REF!
Name AAA: #REF!
Name AAA: #REF!
Name AAA: #REF!
Name AllFormulas: 'Overall Summary FY 24-25'!$B$127
Name AllothersMin: Weights!#REF!
Name AllWeights: Weights!$A$2:$B$16
Name BIENNIALTOTAL: 'I&O Calc'!$T$350
Name ClassSize: [1]Weights!$D$16
Name collegecode: NewData!$C$6:$O$114
Name DentalEducMin: Weights!#REF!
Name FTSErecap: 'I&O Calc'!$A$291
Name GME: 'Overall Summary FY 24-25'!$B$103
Name IandO: 'Overall Summary FY 24-25'!$A$7
Name Infrastructure: 'Overall Summary FY 24-25'!$A$29
Name MDAnderson: 'I&O Calc'!$A$77
Name MedEducMin: Weights!#REF!
Name Mission: 'Overall Summary FY 24-25'!$A$89
Name P_AAA: #REF!
Name P_AAA: #REF!
Name P_AAA: #REF!
Name P_AAA: #REF!
Name remotecode: NewData!$E$6:$O$119
Name Research: 'Overall Summary FY 24-25'!$A$51
Name SHSU: 'I&O Calc'!$A$275
Name SumbyFormula: 'Overall Summary FY 24-25'!$B$148
Name TAMU: 'I&O Calc'!$A$88
Name Total: 'Overall Summary FY 24-25'!$B$69
Name TTU: 'I&O Calc'!$A$139
Name TTUElPaso: 'I&O Calc'!$A$180
Name Tyler: 'I&O Calc'!$A$82
Name UH: 'I&O Calc'!$A$253
Name UTDell: 'I&O Calc'!$A$198
Name UTHouston: 'I&O Calc'!$A$25
Name UTHSCSA: 'I&O Calc'!$A$53
Name UTMB: 'I&O Calc'!$A$16
Name UTRGV: 'I&O Calc'!$A$227
Name UTSA: 'I&O Calc'!$A$53
Name UTSW: 'I&O Calc'!$A$9
Name weights: Weights!$B$4:$D$13

Sheet Overall Summary FY 24-25
D1: Health-Related Institutions
D2: Institution Summary of All Formulas
D3: Basis of Legislative Appropriations
D4: =TODAY() -> 45163
G6: FY 22-23 Rate $9,622 | H6: FY 24-25 Rate $9,689
A7: Instruction & Operations | C7: Total FY 22-23 Appropriations | D7: Basis of Legislative Appropriations FY 24-25 | E7: Percent Biennial Change | F7: $ Change | G7: FY 22-23 Weighted FTSE | H7: FY 24-25 Weighted FTSE
A8: 1 | B8: UT Southwestern Medical Center | C8: 107678232 | D8: 111056738 | E8: =(D8-C8)/C8 -> 0.031375942 | F8: =D8-C8 -> 3378506 | G8: 5595.61 | H8: 5731.3587
A9: 2 | B9: UT Medical Branch at Galveston | C9: 147504012 | D9: 144349868 | E9: =(D9-C9)/C9 -> -0.021383445 | F9: =D9-C9 -> -3154144 | G9: 7665.2 | H9: 7449.5333
A10: 3 | B10: UT Health Science Center at Houston | C10: 238481826 | D10: 234111398 | E10: =(D10-C10)/C10 -> -0.018326042 | F10: =D10-C10 -> -4370428 | G10: 12032.98 | H10: 11766.457
A11: 4 | B11: UT Health Science Center at San Antonio | C11: 177614742 | D11: 183354708 | E11: =(D11-C11)/C11 -> 0.032316946 | F11: =D11-C11 -> 5739966 | G11: 9184.79 | H11: 9375.468
A12: 5 | B12: UT M.D. Anderson Cancer Center | C12: 7552044 | D12: 7553556 | E12: =(D12-C12)/C12 -> 0.0002002107 | F12: =D12-C12 -> 1512 | G12: 392.45 | H12: 389.82
A13: 6 | B13: UT Health Science Center at Tyler | C13: 4167770 | D13: 4695984 | E13: =(D13-C13)/C13 -> 0.1267378 | F13: =D13-C13 -> 528214 | G13: 111.35 | H13: 121.51781
A14: 7 | B14: Texas A&M University Health Science Center | C14: 183277542 | D14: 200009022 | E14: =(D14-C14)/C14 -> 0.091290399 | F14: =D14-C14 -> 16731480 | G14: 8638.44 | H14: 9485.992
A15: 8 | B15: UNT Health Science Center | C15: 135799752 | D15: 131948678 | E15: =(D15-C15)/C15 -> -0.028358476 | F15: =D15-C15 -> -3851074 | G15: 7056.98 | H15: 6809.5391
A16: 9 | B16: Texas Tech University Health Sciences Center | C16: 204217746 | D16: 202646542 | E16: =(D16-C16)/C16 -> -0.0076937682 | F16: =D16-C16 -> -1571204 | G16: 9942.13 | H16: 9606.1999
A17: 10 | B17: Texas Tech University Health Sciences Center at El Paso | C17: 47865628 | D17: 58167070 | E17: =(D17-C17)/C17 -> 0.21521585 | F17: =D17-C17 -> 10301442 | G17: 2487.39 | H17: 3001.856
A18: 11 | B18: UT Austin Dell Medical School | C18: 17743926 | D18: 17959314 | E18: =(D18-C18)/C18 -> 0.012138689 | F18: =D18-C18 -> 215388 | G18: 922.08 | H18: 926.835
A19: 12 | B19: UT Rio Grande Valley School of Medicine | C19: 20213440 | D19: 22287970 | E19: =(D19-C19)/C19 -> 0.10263122 | F19: =D19-C19 -> 2074530 | G19: 1050.41 | H19: 1150.226
A20: 13 | B20: UH College of Medicine | C20: 2743906 | D20: 11051886 | E20: =(D20-C20)/C20 -> 3.0277932 | F20: =D20-C20 -> 8307980 | G20: 142.59 | H20: 570.36
A21: 14 | B21: Sam Houston State Univ College of Osteopathic Medicine | C21: 0 | D21: 30392686 | E21: NA | F21: =D21-C21 -> 30392686 | G21: 0 | H21: 1568.49
B22: Total | C22: =SUM(C8:C21) -> 1294860566 | D22: =SUM(D8:D21) -> 1359585420 | E22: =(D22-C22)/C22 -> 0.049985964 | F22: =D22-C22 -> 64724854 | G22: =SUM(G8:G21) -> 65222.4 | H22: =SUM(H8:H21) -> 67953.653
B23: % Share of Total I&O, Inf., Res. | C23: =C22/C$69 -> 0.76275665 | D23: =D22/D$69 -> 0.7635684 | F23: =D23-C23 -> 0.00081175414
B24: Pricing / Other Information:
B25: I & O Rate Used | C25: 9621.6635 | D25: 9688.5175 | E25: =(D25-C25)/C25 -> 0.0069482763 | F25: =D25-C25 -> 66.853976
B26: No. of FTSE | C26: 29531.11 | D26: ='FTSE Summary'!I17 -> 29824.5 | E26: =(D26-C26)/C26 -> 0.0099349466 | F26: =D26-C26 -> 293.39
G28: FY 22-23 Rate $6.14 | H28: FY 24-25 Rate $6.14
A29: Infrastructure | C29: =$C$7 -> Total FY 22-23 Appropriations | D29: =D$7 -> Basis of Legislative Appropriations FY 24-25 | E29: =E$7 -> Percent Biennial Change | F29: =F$7 -> $ Change | G29: 2020 Predicted Square Feet | H29: 2022 Predicted Square Feet
A30: 1 | B30: UT Southwestern Med. Center | C30: 60226264 | D30: =Infrastructure!G9 -> 62037926 | E30: =(D30-C30)/C30 -> 0.030080929 | F30: =D30-C30 -> 1811662 | G30: 4905902 | H30: =Infrastructure!B9 -> 5053476
A31: 2 | B31: UTMB at Galveston | C31: 28146740 | D31: =Infrastructure!G10 -> 28365420 | E31: =(D31-C31)/C31 -> 0.0077692834 | F31: =D31-C31 -> 218680 | G31: 2292773 | H31: =Infrastructure!B10 -> 2310586
A32: 3 | B32: UTHSC at Houston | C32: 48044946 | D32: =Infrastructure!G11 -> 51209430 | E32: =(D32-C32)/C32 -> 0.065865076 | F32: =D32-C32 -> 3164484 | G32: 3913638 | H32: =Infrastructure!B11 -> 4171410
A33: 4 | B33: UTHSC at San Antonio | C33: 31077656 | D33: =Infrastructure!G12 -> 31213334 | E33: =(D33-C33)/C33 -> 0.0043657733 | F33: =D33-C33 -> 135678 | G33: 2531519 | H33: =Infrastructure!B12 -> 2542571
A34: 5 | B34: UT M.D. Anderson Cancer | C34: 68397324 | D34: =Infrastructure!G13 -> 66648078 | E34: =(D34-C34)/C34 -> -0.025574772 | F34: =D34-C34 -> -1749246 | G34: 5571499 | H34: =Infrastructure!B13 -> 5429009
A35: 6 | B35: UT Health Center at Tyler | C35: 3591562 | D35: =Infrastructure!G14 -> 4375270 | E35: =(D35-C35)/C35 -> 0.21820812 | F35: =D35-C35 -> 783708 | G35: 292561 | H35: =Infrastructure!B14 -> 356400
A36: 7 | B36: Texas A&M UHSC | C36: 23382498 | D36: =Infrastructure!G15 -> 25536140 | E36: =(D36-C36)/C36 -> 0.092104873 | F36: =D36-C36 -> 2153642 | G36: 1904688 | H36: =Infrastructure!B15 -> 2080119
A37: 8 | B37: Univ North TX HSC | C37: 8853548 | D37: =Infrastructure!G16 -> 8868378 | E37: =(D37-C37)/C37 -> 0.0016750347 | F37: =D37-C37 -> 14830 | G37: 721191 | H37: =Infrastructure!B16 -> 722399
A38: 9 | B38: Texas Tech Univ HSC | C38: 19381704 | D38: =Infrastructure!G17 -> 19407694 | E38: =(D38-C38)/C38 -> 0.0013409554 | F38: =D38-C38 -> 25990 | G38: 1578792 | H38: =Infrastructure!B17 -> 1580909
A39: 10 | B39: Texas Tech Univ HSC at El Paso | C39: 6119876 | D39: =Infrastructure!G18 -> 6492560 | E39: =(D39-C39)/C39 -> 0.060897312 | F39: =D39-C39 -> 372684 | G39: 498512 | H39: =Infrastructure!B18 -> 528870
A40: 11 | B40: UT Austin Medical School | C40: 4860366 | D40: =Infrastructure!G19 -> 5319168 | E40: =(D40-C40)/C40 -> 0.094396595 | F40: =D40-C40 -> 458802 | G40: 395915 | H40: =Infrastructure!B19 -> 433288
A41: 12 | B41: UT RGV Medical School | C41: 3211220 | D41: =Infrastructure!G20 -> 3468334 | E41: =(D41-C41)/C41 -> 0.080067389 | F41: =D41-C41 -> 257114 | G41: 261579 | H41: =Infrastructure!B20 -> 282523
A42: 13 | B42: UH Medical School | C42: 902160 | D42: =Infrastructure!G21 -> 1788778 | E42: =(D42-C42)/C42 -> 0.98277246 | F42: =D42-C42 -> 886618 | G42: 73488 | H42: =Infrastructure!B21 -> 145710
A43: 14 | B43: =B21 -> Sam Houston State Univ College of Osteopathic Medicine | C43: 0 | D43: =Infrastructure!G22 -> 1204402 | E43: NA | F43: =D43-C43 -> 1204402 | G43: 0 | H43: =Infrastructure!B22 -> 98108
B44: Total | C44: =SUM(C30:C43) -> 306195864 | D44: =SUM(D30:D43) -> 315934912 | E44: =(D44-C44)/C44 -> 0.031806596 | F44: =D44-C44 -> 9739048 | G44: =SUM(G30:G43) -> 24942057 | H44: =SUM(H30:H43) -> 25735378
B45: % Share of Total I&O, Inf., Res. | C45: =C44/C$69 -> 0.18036917 | D45: =D44/D$69 -> 0.17743491 | F45: =D45-C45 -> -0.0029342646
B46: Other Information: | C46: Fall 2020 | D46: Fall 2022
B47: Predicted Sq. Ft. | C47: 24942057 | D47: =Infrastructure!B23 -> 25735378 | E47: =(D47-C47)/C47 -> 0.031806559 | F47: =D47-C47 -> 793321
B48: Rate | C48: 6.1381438 | D48: =Infrastructure!B26 -> 6.138144 | E48: =(D48-C48)/C48 -> 3.3609545e-08 | F48: =D48-C48 -> 2.0630022e-07
G50: FY 22-23 Rate 1.17% | H50: FY 24-25 Rate 1.17%
A51: Research Enhancement | C51: =$C$7 -> Total FY 22-23 Appropriations | D51: =D$7 -> Basis of Legislative Appropriations FY 24-25 | E51: =E$7 -> Percent Biennial Change | F51: =F$7 -> $ Change | G51: 2020 Research Expenditures | H51: 2022 Research Expenditures
A52: 1 | B52: UT Southwestern Med. Center | C52: 15059338 | D52: =Research!I7 -> 17775618 | E52: =(D52-C52)/C52 -> 0.18037181 | F52: =D52-C52 -> 2716280 | G52: 524109323 | H52: =Research!B7 -> 640472716
A53: 2 | B53: UTMB at Galveston | C53: 6387428 | D53: =Research!I8 -> 6839488 | E53: =(D53-C53)/C53 -> 0.0707734 | F53: =D53-C53 -> 452060 | G53: 152611603 | H53: =Research!B8 -> 171977460
A54: 3 | B54: UTHSC at Houston | C54: 8734138 | D54: =Research!I9 -> 10051924 | E54: =(D54-C54)/C54 -> 0.15087763 | F54: =D54-C54 -> 1317786 | G54: 253142796 | H54: =Research!B9 -> 309595732
A55: 4 | B55: UTHSC at San Antonio | C55: 7381928 | D55: =Research!I10 -> 7993900 | E55: =(D55-C55)/C55 -> 0.082901378 | F55: =D55-C55 -> 611972 | G55: 195215120 | H55: =Research!B10 -> 221431562
A56: 5 | B56: UT M.D. Anderson Cancer | C56: 25413576 | D56: =Research!I11 -> 27901082 | E56: =(D56-C56)/C56 -> 0.097880991 | F56: =D56-C56 -> 2487506 | G56: 967676566 | H56: =Research!B11 -> 1074239585
A57: 6 | B57: UT Health Center at Tyler | C57: 3321390 | D57: =Research!I12 -> 3475116 | E57: =(D57-C57)/C57 -> 0.046283634 | F57: =D57-C57 -> 153726 | G57: 21264915 | H57: =Research!B12 -> 27850484
A58: 7 | B58: Texas A&M UHSC | C58: 9613134 | D58: =Research!I13 -> 6918334 | E58: =(D58-C58)/C58 -> -0.28032481 | F58: =D58-C58 -> -2694800 | G58: 290798235 | H58: =Research!B13 -> 175355201
A59: 8 | B59: Univ North TX HSC | C59: 3879416 | D59: =Research!I14 -> 4162820 | E59: =(D59-C59)/C59 -> 0.073053264 | F59: =D59-C59 -> 283404 | G59: 45170308 | H59: =Research!B14 -> 57311147
A60: 9 | B60: Texas Tech Univ HSC | C60: 3854238 | D60: =Research!I15 -> 3905102 | E60: =(D60-C60)/C60 -> 0.013196902 | F60: =D60-C60 -> 50864 | G60: 44091705 | H60: =Research!B15 -> 46270716
A61: 10 | B61: Texas Tech Univ HSC at El Paso | C61: 3064190 | D61: =Research!I16 -> 3140956 | E61: =(D61-C61)/C61 -> 0.025052624 | F61: =D61-C61 -> 76766 | G61: 10246673 | H61: =Research!B16 -> 13535299
A62: 11 | B62: UT Austin Medical School | C62: 3658314 | D62: =Research!I17 -> 3888330 | E62: =(D62-C62)/C62 -> 0.062874865 | F62: =D62-C62 -> 230016 | G62: 35698490 | H62: =Research!B17 -> 45552212
A63: 12 | B63: UT RGV Medical School | C63: 3352678 | D63: =Research!I18 -> 3315714 | E63: =(D63-C63)/C63 -> -0.011025216 | F63: =D63-C63 -> -36964 | G63: 22605280 | H63: =Research!B18 -> 21021776
A64: 13 | B64: UH Medical School | C64: 2830204 | D64: =Research!I19 -> 2842712 | E64: =(D64-C64)/C64 -> 0.0044194694 | F64: =D64-C64 -> 12508 | G64: 222907 | H64: =Research!B19 -> 758750
A65: 14 | B65: =B21 -> Sam Houston State Univ College of Osteopathic Medicine | C65: 0 | D65: =Research!I20 -> 2836520 | E65: NA | F65: =D65-C65 -> 2836520 | H65: =Research!B20 -> 493473
B66: Total | C66: =SUM(C52:C65) -> 96549972 | D66: =SUM(D52:D65) -> 105047616 | E66: =(D66-C66)/C66 -> 0.08801291 | F66: =D66-C66 -> 8497644 | G66: =SUM(G52:G65) -> 2562853921 | H66: =Research!B21 -> 2805866113
B67: % Share of Total I&O, Inf., Res. | C67: =C66/C$69 -> 0.05687418 | D67: =D66/D$69 -> 0.05899669 | F67: =D67-C67 -> 0.0021225105
B69: Total I&O, Infrastructure, Research | C69: =C66+C44+C22 -> 1697606402 | D69: =D66+D44+D22 -> 1780567948 | E69: =(D69-C69)/C69 -> 0.048869718 | F69: =D69-C69 -> 82961546
C70: =C67+C45+C23 -> 1 | D70: =D67+D45+D23 -> 1 | F70: =D70-C70 -> 0
A72: Summary by Institution - Regular Formula | C72: =$C$7 -> Total FY 22-23 Appropriations | D72: =D$7 -> Basis of Legislative Appropriations FY 24-25 | E72: =E$7 -> Percent Biennial Change | F72: =F$7 -> $ Change
A73: 1 | B73: UT Southwestern Med. Center | C73: =ROUND(SUMIF($A$8:$A$66,$A73,C$8:C$66),0) -> 182963834 | D73: =ROUND(SUMIF($A$8:$A$66,$A73,D$8:D$66),0) -> 190870282 | E73: =(D73-C73)/C73 -> 0.043213174 | F73: =D73-C73 -> 7906448
A74: 2 | B74: UTMB at Galveston | C74: =ROUND(SUMIF($A$8:$A$66,$A74,C$8:C$66),0) -> 182038180 | D74: =ROUND(SUMIF($A$8:$A$66,$A74,D$8:D$66),0) -> 179554776 | E74: =(D74-C74)/C74 -> -0.013642215 | F74: =D74-C74 -> -2483404
A75: 3 | B75: UTHSC at Houston | C75: =ROUND(SUMIF($A$8:$A$66,$A75,C$8:C$66),0) -> 295260910 | D75: =ROUND(SUMIF($A$8:$A$66,$A75,D$8:D$66),0) -> 295372752 | E75: =(D75-C75)/C75 -> 0.00037879041 | F75: =D75-C75 -> 111842
A76: 4 | B76: UTHSC at San Antonio | C76: =ROUND(SUMIF($A$8:$A$66,$A76,C$8:C$66),0) -> 216074326 | D76: =ROUND(SUMIF($A$8:$A$66,$A76,D$8:D$66),0) -> 222561942 | E76: =(D76-C76)/C76 -> 0.030024928 | F76: =D76-C76 -> 6487616
A77: 5 | B77: UT M.D. Anderson Cancer | C77: =ROUND(SUMIF($A$8:$A$66,$A77,C$8:C$66),0) -> 101362944 | D77: =ROUND(SUMIF($A$8:$A$66,$A77,D$8:D$66),0) -> 102102716 | E77: =(D77-C77)/C77 -> 0.007298249 | F77: =D77-C77 -> 739772
A78: 6 | B78: UT Health Center at Tyler | C78: =ROUND(SUMIF($A$8:$A$66,$A78,C$8:C$66),0) -> 11080722 | D78: =ROUND(SUMIF($A$8:$A$66,$A78,D$8:D$66),0) -> 12546370 | E78: =(D78-C78)/C78 -> 0.13227008 | F78: =D78-C78 -> 1465648
A79: 7 | B79: Texas A&M UHSC | C79: =ROUND(SUMIF($A$8:$A$66,$A79,C$8:C$66),0) -> 216273174 | D79: =ROUND(SUMIF($A$8:$A$66,$A79,D$8:D$66),0) -> 232463496 | E79: =(D79-C79)/C79 -> 0.074860519 | F79: =D79-C79 -> 16190322
A80: 8 | B80: Univ North TX HSC | C80: =ROUND(SUMIF($A$8:$A$66,$A80,C$8:C$66),0) -> 148532716 | D80: =ROUND(SUMIF($A$8:$A$66,$A80,D$8:D$66),0) -> 144979876 | E80: =(D80-C80)/C80 -> -0.023919579 | F80: =D80-C80 -> -3552840
A81: 9 | B81: Texas Tech Univ HSC | C81: =ROUND(SUMIF($A$8:$A$66,$A81,C$8:C$66),0) -> 227453688 | D81: =ROUND(SUMIF($A$8:$A$66,$A81,D$8:D$66),0) -> 225959338 | E81: =(D81-C81)/C81 -> -0.0065699089 | F81: =D81-C81 -> -1494350
A82: 10 | B82: Texas Tech Univ HSC at El Paso | C82: =ROUND(SUMIF($A$8:$A$66,$A82,C$8:C$66),0) -> 57049694 | D82: =ROUND(SUMIF($A$8:$A$66,$A82,D$8:D$66),0) -> 67800586 | E82: =(D82-C82)/C82 -> 0.18844785 | F82: =D82-C82 -> 10750892
A83: 11 | B83: UT Austin Medical School | C83: =ROUND(SUMIF($A$8:$A$66,$A83,C$8:C$66),0) -> 26262606 | D83: =ROUND(SUMIF($A$8:$A$66,$A83,D$8:D$66),0) -> 27166812 | E83: =(D83-C83)/C83 -> 0.034429409 | F83: =D83-C83 -> 904206
A84: 12 | B84: UT RGV Medical School | C84: =ROUND(SUMIF($A$8:$A$66,$A84,C$8:C$66),0) -> 26777338 | D84: =ROUND(SUMIF($A$8:$A$66,$A84,D$8:D$66),0) -> 29072018 | E84: =(D84-C84)/C84 -> 0.085694851 | F84: =D84-C84 -> 2294680
A85: 13 | B85: UH Medical School | C85: =ROUND(SUMIF($A$8:$A$66,$A85,C$8:C$66),0) -> 6476270 | D85: =ROUND(SUMIF($A$8:$A$66,$A85,D$8:D$66),0) -> 15683376 | E85: =IFERROR((D85-C85)/C85,"100.0%") -> 1.421668 | F85: =D85-C85 -> 9207106
A86: 14 | B86: =B21 -> Sam Houston State Univ College of Osteopathic Medicine | C86: 0 | D86: =ROUND(SUMIF($A$8:$A$66,$A86,D$8:D$66),0) -> 34433608 | E86: NA | F86: =D86-C86 -> 34433608 | H86: =Research!B37 -> 0
B87: Total All Institutions - Formula | C87: =SUM(C73:C86) -> 1697606402 | D87: =SUM(D73:D86) -> 1780567948 | E87: =(D87-C87)/C87 -> 0.048869718 | F87: =D87-C87 -> 82961546
A89: Mission Specific | C89: Total FY 22-23 Appropriations + Supplemental SB30 | D89: =D$7 -> Basis of Legislative Appropriations FY 24-25 | E89: =E$7 -> Percent Biennial Change | F89: =F$7 -> $ Change
A90: 1 | B90: UT Southwestern Med. Center | C90: ='Summary Mission Specifics'!C32 -> 129955217 | D90: ='Summary Mission Specifics'!E32 -> 130840155 | E90: =(D90-C90)/C90 -> 0.0068095612 | F90: =D90-C90 -> 884938
A91: 2 | B91: UTMB at Galveston | C91: ='Summary Mission Specifics'!C33 -> 315710175 | D91: ='Summary Mission Specifics'!E33 -> 322252148 | E91: =(D91-C91)/C91 -> 0.020721451 | F91: =D91-C91 -> 6541973
A92: 3 | B92: UTHSC at Houston | C92: ='Summary Mission Specifics'!C34 -> 33259549 | D92: ='Summary Mission Specifics'!E34 -> 42949947 | E92: =(D92-C92)/C92 -> 0.29135687 | F92: =D92-C92 -> 9690398
A93: 4 | B93: UTHSC at San Antonio | C93: ='Summary Mission Specifics'!C35 -> 33443279 | D93: ='Summary Mission Specifics'!E35 -> 38515512 | E93: =(D93-C93)/C93 -> 0.15166674 | F93: =D93-C93 -> 5072233
A94: 5 | B94: UT M.D. Anderson Cancer - CCO | C94: ='Summary Mission Specifics'!C36 -> 289028563 | D94: ='Summary Mission Specifics'!E36 -> 294999156 | E94: =(D94-C94)/C94 -> 0.02065745 | F94: =D94-C94 -> 5970593
A95: 6 | B95: UT Health Center at Tyler | C95: ='Summary Mission Specifics'!C37 -> 64000337 | D95: ='Summary Mission Specifics'!E37 -> 65322421 | E95: =(D95-C95)/C95 -> 0.020657454 | F95: =D95-C95 -> 1322084
A96: 7 | B96: Texas A&M UHSC | C96: ='Summary Mission Specifics'!C38 -> 37192293 | D96: ='Summary Mission Specifics'!E38 -> 37467052 | E96: =(D96-C96)/C96 -> 0.0073875252 | F96: =D96-C96 -> 274759
A97: 8 | B97: Univ North TX HSC | C97: ='Summary Mission Specifics'!C39 -> 20691695 | D97: ='Summary Mission Specifics'!E39 -> 29295636 | E97: =(D97-C97)/C97 -> 0.41581615 | F97: =D97-C97 -> 8603941
A98: 9 | B98: Texas Tech Univ HSC | C98: ='Summary Mission Specifics'!C40 -> 4617085 | D98: ='Summary Mission Specifics'!E40 -> 3852087 | E98: =(D98-C98)/C98 -> -0.16568852 | F98: =D98-C98 -> -764998
A99: 10 | B99: Texas Tech Univ HSC at El Paso | C99: ='Summary Mission Specifics'!C41 -> 28304249 | D99: ='Summary Mission Specifics'!E41 -> 28888943 | E99: =(D99-C99)/C99 -> 0.020657464 | F99: =D99-C99 -> 584694
B100: Total All Institutions - Mission Spec. | C100: =SUM(C90:C99) -> 956202442 | D100: =SUM(D90:D99) -> 994383057 | E100: =(D100-C100)/C100 -> 0.039929426 | F100: =D100-C100 -> 38180615
G102: FY 22-23 Rate $5,969.88 | H102: FY 24-25 Rate $5,969.88
A103: Graduate Medical Education | B103: Graduate Medical Education | C103: =$C$7 -> Total FY 22-23 Appropriations | D103: =D$7 -> Basis of Legislative Appropriations FY 24-25 | E103: =E$7 -> Percent Biennial Change | F103: =F$7 -> $ Change | G103: 2020 GME Residents | H103: 2022 GME Residents
A104: 1 | B104: UT Southwestern Med. Center | C104: 16775354 | D104: =GME!E8 -> 18052908 | E104: =(D104-C104)/C104 -> 0.076156605 | F104: =D104-C104 -> 1277554 | G104: 1405 | H104: =GME!B8 -> 1512
A105: 2 | B105: UTMB at Galveston | C105: 7259370 | D105: =GME!E9 -> 7760840 | E105: =(D105-C105)/C105 -> 0.069078997 | F105: =D105-C105 -> 501470 | G105: 608 | H105: =GME!B9 -> 650
A106: 3 | B106: UTHSC at Houston | C106: 13133730 | D106: =GME!E10 -> 13527742 | E106: =(D106-C106)/C106 -> 0.030000008 | F106: =D106-C106 -> 394012 | G106: 1100 | H106: =GME!B10 -> 1133
A107: 4 | B107: UTHSC at San Antonio | C107: 9826418 | D107: =GME!E11 -> 10435346 | E107: =(D107-C107)/C107 -> 0.061968461 | F107: =D107-C107 -> 608928 | G107: 823 | H107: =GME!B11 -> 874
...

Sheet FTSE Summary
G1: Health-Related Institutions
G2: I & O Formula - Final Formula Run FY 2024-25
G3: =TODAY() -> 45163
A7: Recap of FTSE by Category | B7: Under Grad SCH | C7: Medical / Dental / Podiatry Headcount | D7: Dental Residents Headcount | E7: Masters SCH | H7: Total Adjusted Doctoral SCH | I7: Total Headcount / FTSE
A8: Allied Health | B8: ='I&O Calc'!F292 -> 1130.97 | C8: ='I&O Calc'!G292 -> 0 | D8: ='I&O Calc'!H292 -> 0 | E8: ='I&O Calc'!I292 -> 4393.46 | H8: ='I&O Calc'!L292 -> 1074.72 | I8: ='I&O Calc'!M292 -> 6599.14
A9: Biomedical Science | B9: ='I&O Calc'!F293 -> 10.43 | C9: ='I&O Calc'!G293 -> 0 | D9: ='I&O Calc'!H293 -> 0 | E9: ='I&O Calc'!I293 -> 1109.79 | H9: ='I&O Calc'!L293 -> 1845.11 | I9: ='I&O Calc'!M293 -> 2965.33
A10: Biomedical Informatics | B10: ='I&O Calc'!F294 -> 0 | C10: ='I&O Calc'!G294 -> 0 | D10: ='I&O Calc'!H294 -> 0 | E10: ='I&O Calc'!I294 -> 154.67 | H10: ='I&O Calc'!L294 -> 53.44 | I10: ='I&O Calc'!M294 -> 208.11
A11: Nursing | B11: ='I&O Calc'!F295 -> 4334.2 | C11: ='I&O Calc'!G295 -> 0 | D11: ='I&O Calc'!H295 -> 0 | E11: ='I&O Calc'!I295 -> 1063.08 | H11: ='I&O Calc'!L295 -> 901.5 | I11: ='I&O Calc'!M295 -> 6298.79
A12: Pharmacy | B12: ='I&O Calc'!F296 -> 0 | C12: ='I&O Calc'!G296 -> 0 | D12: ='I&O Calc'!H296 -> 0 | E12: ='I&O Calc'!I296 -> 2022.75 | H12: ='I&O Calc'!L296 -> 0 | I12: ='I&O Calc'!M296 -> 2022.77
A13: Public Health | B13: ='I&O Calc'!F297 -> 521.8 | C13: ='I&O Calc'!G297 -> 0 | D13: ='I&O Calc'!H297 -> 0 | E13: ='I&O Calc'!I297 -> 1581.54 | H13: ='I&O Calc'!L297 -> 561 | I13: ='I&O Calc'!M297 -> 2664.36
A14: Dental Education | B14: ='I&O Calc'!F298 -> 0 | C14: ='I&O Calc'!G298 -> 1355 | D14: ='I&O Calc'!H298 -> 293 | E14: ='I&O Calc'!I298 -> 0 | H14: ='I&O Calc'!L298 -> 0 | I14: ='I&O Calc'!M298 -> 1648
A15: Medical Education | B15: ='I&O Calc'!F299 -> 0 | C15: ='I&O Calc'!G299 -> 7391 | D15: ='I&O Calc'!H299 -> 0 | E15: ='I&O Calc'!I299 -> 0 | H15: ='I&O Calc'!L299 -> 0 | I15: ='I&O Calc'!M299 -> 7391
A16: Podiatry | B16: 0 | C16: ='I&O Calc'!G300 -> 27 | D16: 0 | E16: 0 | H16: 0 | I16: ='I&O Calc'!M300 -> 27
A17: Total by Category | B17: =SUM(B8:B16) -> 5997.4 | C17: =SUM(C8:C16) -> 8773 | D17: =SUM(D8:D16) -> 293 | E17: =SUM(E8:E16) -> 10325.29 | H17: =SUM(H8:H16) -> 4435.77 | I17: =SUM(I8:I16) -> 29824.5
I18: =IF(I17<>Q32,"Error","")
A20: ='I&O Calc'!$A$2 -> FTSE Count - State-Funded - Certified Summer 2022 and Fall 2022; Spring 2023 - No Errors | I20: =I17-Q32 -> 0
A22: HRI State Funded FTSE | B22: Weights | C22: The University of Texas Southwestern Medical Center | D22: The University of Texas Medical Branch at Galveston | E22: The University of Texas Health Science Center at Houston | F22: The University of Texas Health Science Center at San Antonio | G22: The University of Texas M.D. Anderson Cancer Center | H22: The University of Texas Health Center at Tyler | I22: Texas A&M University System Health Science Center | J22: University of North Texas Health Sciences Center at Fort Worth | K22: Texas Tech University System Health Sciences Center | L22: Texas Tech University System Health Sciences Center at El Paso | M22: The University of Texas Medical School | N22: The University of Texas Rio Grande Valley | O22: University of Houston Medical School | P22: Sam Houston State Univ College of Osteopathic Medicine | Q22: Total By Discipline | R22: Total Number of Programs
A23: Allied Health | B23: 1 | C23: ='I&O Calc'!$M$12 -> 525.43 | D23: ='I&O Calc'!$M$19 -> 1380.61 | E23: ='I&O Calc'!$M$34 -> 66.47 | F23: ='I&O Calc'!$M$69 -> 1514.32 | G23: ='I&O Calc'!$M$78 -> 389.82 | I23: ='I&O Calc'!$M$107 -> 65.83 | J23: ='I&O Calc'!$M$132 -> 579.04 | K23: ='I&O Calc'!$M$154 -> 2077.62 | Q23: =SUM(C23:O23) -> 6599.14 | R23: =COUNTA(C23:O23) -> 8 | S23: ='I&O Calc'!$M$292 -> 6599.14 | T23: =S23-Q23 -> 0
A24: Biomedical Science | B24: 1.018 | C24: ='I&O Calc'!$M$11 -> 804.43 | D24: ='I&O Calc'!$M$18 -> 262.47 | E24: ='I&O Calc'!$M$32 -> 552.23 | F24: ='I&O Calc'!$M$61 -> 320.93 | H24: ='I&O Calc'!$M$83 -> 18.29 | I24: ='I&O Calc'!$M$105 -> 177.55 | J24: ='I&O Calc'!$M$131 -> 623.7 | K24: ='I&O Calc'!$M$148 -> 171.6 | L24: ='I&O Calc'!$M$185 -> 34.13 | Q24: =SUM(C24:O24) -> 2965.33 | R24: =COUNTA(C24:O24) -> 9 | S24: ='I&O Calc'!$M$293 -> 2965.33 | T24: =S24-Q24 -> 0
A25: Biomedical Informatics | B25: 1.75 | E25: ='I&O Calc'!M37+'I&O Calc'!M36 -> 208.11 | Q25: =SUM(C25:O25) -> 208.11 | R25: =COUNTA(C25:O25) -> 1 | S25: ='I&O Calc'!$M$294 -> 208.11 | T25: =S25-Q25 -> 0
A26: Nursing | B26: 1.138 | D26: ='I&O Calc'!$M$20 -> 1084.86 | E26: ='I&O Calc'!$M$41 -> 1371.11 | F26: ='I&O Calc'!$M$71+'I&O Calc'!M72 -> 872.19 | I26: ='I&O Calc'!$M$112 -> 532.82 | K26: ='I&O Calc'!$M$165 -> 2114.16 | L26: ='I&O Calc'!$M$191 -> 323.65 | Q26: =SUM(C26:O26) -> 6298.79 | R26: =COUNTA(C26:O26) -> 6 | S26: ='I&O Calc'!$M$295 -> 6298.79 | T26: =S26-Q26 -> 0
A27: Pharmacy | B27: 1.67 | I27: ='I&O Calc'!$M$116 -> 711.3 | J27: ='I&O Calc'!$M$134 -> 520.42 | K27: ='I&O Calc'!$M$171 -> 791.05 | Q27: =SUM(C27:O27) -> 2022.77 | R27: =COUNTA(C27:O27) -> 3 | S27: ='I&O Calc'!$M$296 -> 2022.77 | T27: =S27-Q27 -> 0
A28: Public Health | B28: 1.721 | D28: ='I&O Calc'!$M$21 -> 71.53 | E28: ='I&O Calc'!$M$49 -> 1294.87 | H28: ='I&O Calc'!$M$84 -> 59.79 | I28: ='I&O Calc'!$M$126 -> 938.52 | J28: ='I&O Calc'!$M$133 -> 164.1 | K28: ='I&O Calc'!$M$176 -> 135.55 | Q28: =SUM(C28:O28) -> 2664.36 | R28: =COUNTA(C28:O28) -> 6 | S28: ='I&O Calc'!$M$297 -> 2664.36 | T28: =S28-Q28 -> 0
A29: Dental Education | B29: 4.601 | E29: ='I&O Calc'!$M$27 -> 514 | F29: ='I&O Calc'!$M$59 -> 520 | I29: ='I&O Calc'!$M$97 -> 513 | L29: ='I&O Calc'!M194 -> 101 | Q29: =SUM(C29:O29) -> 1648 | R29: =COUNTA(C29:O29) -> 4 | S29: ='I&O Calc'!$M$298 -> 1648 | T29: =S29-Q29 -> 0
A30: Medical Education | B30: 4.753 | C30: ='I&O Calc'!$M$10 -> 923 | D30: ='I&O Calc'!$M$17 -> 935 | E30: ='I&O Calc'!$M$26 -> 972 | F30: ='I&O Calc'!$M$54 -> 873 | I30: ='I&O Calc'!$M$95 -> 730 | J30: ='I&O Calc'!$M$135 -> 935 | K30: ='I&O Calc'!$M$143 -> 714 | L30: ='I&O Calc'!$M$182 -> 449 | M30: ='I&O Calc'!$M$200 -> 195 | N30: ='I&O Calc'!$M$229 -> 215 | O30: ='I&O Calc'!$M$255 -> 120 | P30: ='I&O Calc'!M277 -> 330 | Q30: =SUM(C30:P30) -> 7391 | R30: =COUNTA(C30:O30) -> 11 | S30: ='I&O Calc'!$M$299 -> 7391 | T30: =S30-Q30 -> 0
A31: Podiatry | B31: 4.753 | N31: ='I&O Calc'!$M$249 -> 27 | Q31: =SUM(C31:O31) -> 27 | R31: =COUNTA(C31:O31) -> 1
A32: Total FTSE | C32: =SUM(C23:C31) -> 2252.86 | D32: =SUM(D23:D31) -> 3734.47 | E32: =SUM(E23:E31) -> 4978.79 | F32: =SUM(F23:F31) -> 4100.44 | G32: =SUM(G23:G31) -> 389.82 | H32: =SUM(H23:H31) -> 78.08 | I32: =SUM(I23:I31) -> 3669.02 | J32: =SUM(J23:J31) -> 2822.26 | ... R32: =SUM(R23:R31) -> 49 | S32: ='I&O Calc'!$M$301 -> 29824.5 | T32: =S32-Q32 -> 0
R33: =IF(Q32<>'I&O Calc'!M280,"Error","")
A34: Per I & O Recap | C34: ='I&O Calc'!$M$309 -> 2252.86 | D34: ='I&O Calc'!$M$310 -> 3734.47 | E34: ='I&O Calc'!$M$311 -> 4978.79 | F34: ='I&O Calc'!$M$312 -> 4100.44 | G34: ='I&O Calc'!$M$313 -> 389.82 | H34: ='I&O Calc'!$M$314 -> 78.08 | I34: ='I&O Calc'!$M$315 -> 3669.02 | J34: ='I&O Calc'!$M$316 -> 2822.26 | K34: ='I&O Calc'!$M$317 -> 6003.98 | L34: ='I&O Calc'!$M$318 -> 907.78 | M34: ='I&O Calc'!$M$319 -> 195 | N34: ='I&O Calc'!$M$320 -> 242 | O34: ='I&O Calc'!$M$321 -> 120 | P34: ='I&O Calc'!$M$322 -> 330 | Q34: ='I&O Calc'!$M$323 -> 29824.5
C35: =C34-C32 -> 0 | D35: =D34-D32 -> 0 | E35: =E34-E32 -> 0 | F35: =F34-F32 -> 0 | G35: =G34-G32 -> 0 | H35: =H34-H32 -> 0 | I35: =I34-I32 -> 0 | J35: =J34-J32 -> 0 | ... Q35: =Q34-Q32 -> 0
A38: Weighted FTSE | B38: Weights | C38: The University of Texas Southwestern Medical Center | D38: The University of Texas Medical Branch at Galveston | E38: The University of Texas Health Science Center at Houston | F38: The University of Texas Health Science Center at San Antonio | G38: The University of Texas M.D. Anderson Cancer Center | H38: The University of Texas Health Center at Tyler | I38: Texas A&M University System Health Science Center | J38: University of North Texas Health Sciences Center at Fort Worth | K38: Texas Tech University System Health Sciences Center | L38: Texas Tech University System Health Sciences Center at El Paso | M38: The University of Texas Medical School | N38: The University of Texas Rio Grande Valley | O38: University of Houston Medical School | P38: Sam Houston State Univ College of Osteopathic Medicine | Q38: Total By Discipline
A39: Allied Health | B39: 1 | C39: =$B39*C23 -> 525.43 | D39: =$B39*D23 -> 1380.61 | E39: =$B39*E23 -> 66.47 | F39: =$B39*F23 -> 1514.32 | G39: =$B39*G23 -> 389.82 | I39: =$B39*I23 -> 65.83 | J39: =$B39*J23 -> 579.04 | K39: =$B39*K23 -> 2077.62 | Q39: =SUM(C39:P39) -> 6599.14
A40: Biomedical Science | B40: 1.018 | C40: =$B40*C24 -> 818.90974 | D40: =$B40*D24 -> 267.19446 | E40: =$B40*E24 -> 562.17014 | F40: =$B40*F24 -> 326.70674 | H40: =$B40*H24 -> 18.61922 | I40: =$B40*I24 -> 180.7459 | J40: =$B40*J24 -> 634.9266 | K40: =$B40*K24 -> 174.6888 | L40: =$B40*L24 -> 34.74434 | Q40: =SUM(C40:P40) -> 3018.7059
A41: Biomedical Informatics | B41: 1.75 | E41: =$B41*E25 -> 364.1925 | Q41: =SUM(C41:P41) -> 364.1925
A42: Nursing | B42: 1.138 | D42: =$B42*D26 -> 1234.5707 | E42: =$B42*E26 -> 1560.3232 | F42: =$B42*F26 -> 992.55222 | I42: =$B42*I26 -> 606.34916 | K42: =$B42*K26 -> 2405.9141 | L42: =$B42*L26 -> 368.3137 | Q42: =SUM(C42:P42) -> 7168.023
A43: Pharmacy | B43: 1.67 | I43: =$B43*I27 -> 1187.871 | J43: =$B43*J27 -> 869.1014 | K43: =$B43*K27 -> 1321.0535 | Q43: =SUM(C43:P43) -> 3378.0259
A44: Public Health | B44: 1.721 | D44: =$B44*D28 -> 123.10313 | E44: =$B44*E28 -> 2228.4713 | H44: =$B44*H28 -> 102.89859 | I44: =$B44*I28 -> 1615.1929 | J44: =$B44*J28 -> 282.4161 | K44: =$B44*K28 -> 233.28155 | Q44: =SUM(C44:P44) -> 4585.3636
A45: Dental Education | B45: 4.601 | E45: =$B45*E29 -> 2364.914 | F45: =$B45*F29 -> 2392.52 | I45: =$B45*I29 -> 2360.313 | L45: =$B45*L29 -> 464.701 | Q45: =SUM(C45:P45) -> 7582.448
A46: Medical Education | B46: 4.753 | C46: =$B46*C30 -> 4387.019 | D46: =$B46*D30 -> 4444.055 | E46: =$B46*E30 -> 4619.916 | F46: =$B46*F30 -> 4149.369 | I46: =$B46*I30 -> 3469.69 | J46: =$B46*J30 -> 4444.055 | K46: =$B46*K30 -> 3393.642 | L46: =$B46*L30 -> 2134.097 | M46: =$B46*M30 -> 926.835 | N46: =$B46*N30 -> 1021.895 | O46: =$B46*O30 -> 570.36 | P46: =$B46*P30 -> 1568.49 | Q46: =SUM(C46:P46) -> 35129.423
A47: Podiatry | B47: 4.753 | N47: =$B47*N31 -> 128.331 | Q47: =SUM(C47:P47) -> 128.331
A48: Total WFTSE | C48: =SUM(C39:C47) -> 5731.3587 | D48: =SUM(D39:D47) -> 7449.5333 | E48: =SUM(E39:E47) -> 11766.457 | F48: =SUM(F39:F47) -> 9375.468 | G48: =SUM(G39:G47) -> 389.82 | H48: =SUM(H39:H47) -> 121.51781 | I48: =SUM(I39:I47) -> 9485.992 | J48: =SUM(J39:J47) -> 6809.5391 | ... Q48: =SUM(Q39:Q47) -> 67953.653
A50: Weighted FTSE by Institution
D51: 2024-25 | E51: 2022-23 | F51: Difference
A52: UT Southwestern Medical Center | D52: =C48 -> 5731.3587 | E52: 5595.61 | F52: =D52-E52 -> 135.74874
A53: UT Medical Branch at Galveston | D53: =D48 -> 7449.5333 | E53: 7665.2 | F53: =D53-E53 -> -215.66673
A54: UT Health Science Center at Houston | D54: =E48 -> 11766.457 | E54: 12032.98 | F54: =D54-E54 -> -266.52291
A55: UT Health Science Center at San Antonio | D55: =F48 -> 9375.468 | E55: 9184.79 | F55: =D55-E55 -> 190.67796
A56: UT M.D. Anderson Cancer Center | D56: =G48 -> 389.82 | E56: 392.45 | F56: =D56-E56 -> -2.63
A57: UT Health Science Center at Tyler | D57: =H48 -> 121.51781 | E57: 111.35 | F57: =D57-E57 -> 10.16781
A58: Texas A&M University Health Science Center | D58: =I48 -> 9485.992 | E58: 8638.44 | F58: =D58-E58 -> 847.55198
A59: UNT Health Science Center | D59: =J48 -> 6809.5391 | E59: 7056.98 | F59: =D59-E59 -> -247.4409
A60: Texas Tech University Health Sciences Center | D60: =K48 -> 9606.1999 | E60: 9942.13 | F60: =D60-E60 -> -335.93007
A61: Texas Tech University Health Sciences Center at El Paso | D61: =L48 -> 3001.856 | E61: 2487.39 | F61: =D61-E61 -> 514.46604
A62: UT Austin Dell Medical School | D62: =M48 -> 926.835 | E62: 922.08 | F62: =D62-E62 -> 4.755
A63: UT Rio Grande Valley School of Medicine | D63: =N48 -> 1150.226 | E63: 1050.41 | F63: =D63-E63 -> 99.816
A64: UH College of Medicine | D64: =O48 -> 570.36 | E64: 142.59 | F64: =D64-E64 -> 427.77
A65: Sam Houston State Univ College of Osteopathic Medicine | D65: =P48 -> 1568.49 | E65: 0 | F65: =D65-E65 -> 1568.49
A66: TOTAL | D66: =SUM(D52:D65) -> 67953.653 | E66: =SUM(E52:E65) -> 65222.4 | F66: =D66-E66 -> 2731.2529
A72: Allied Health State Funded FTSE | B72: Weights | C72: =C$22 -> The University of Texas Southwestern Medical Center | D72: =D$22 -> The University of Texas Medical Branch at Galveston | E72: =E$22 -> The University of Texas Health Science Center at Houston | F72: =F$22 -> The University of Texas Health Science Center at San Antonio | G72: =G$22 -> The University of Texas M.D. Anderson Cancer Center | H72: =H$22 -> The University of Texas Health Center at Tyler | I72: =I$22 -> Texas A&M University System Health Science Center | J72: =J$22 -> University of North Texas Health Sciences Center at Fort Worth | ... O72: =O$22 -> University of Houston Medical School | Q72: Total By Discipline | R72: Total Number of Programs
A73: Allied Health - Undergraduate | B73: 1 | C73: =ROUND('I&O Calc'!$F$12/30,2) -> 0 | D73: =ROUND('I&O Calc'!$F$19/30,2) -> 68.93 | E73: =ROUND('I&O Calc'!#REF!/30,2) -> #REF! | F73: =ROUND('I&O Calc'!$F$69/30,2) -> 301.17 | G73: =ROUND('I&O Calc'!$F$78/30,2) -> 359.9 | I73: =ROUND('I&O Calc'!$F$107/30,2) -> 65.83 | J73: =ROUND('I&O Calc'!$F$132/30,2) -> 0 | K73: =ROUND('I&O Calc'!$F$154/30,2) -> 274.17 | Q73: =SUM(C73:L73) -> #REF! | R73: =COUNTA(C73:N73) -> 8
A74: Allied Health- Masters | B74: 1 | C74: =ROUND('I&O Calc'!$I$12/24,2) -> 508.88 | D74: =ROUND('I&O Calc'!$I$19/24,2) -> 924.13 | F74: =ROUND('I&O Calc'!$I$69/24,2) -> 884.54 | G74: =ROUND('I&O Calc'!$I$78/24,2) -> 29.92 | I74: =ROUND('I&O Calc'!$I$107/24,2) -> 0 | J74: =ROUND('I&O Calc'!$I$132/24,2) -> 579.04 | K74: =ROUND('I&O Calc'!$I$154/24,2)-0.01 -> 1461.45 | Q74: =SUM(C74:L74) -> 4387.96 | R74: =COUNTA(C74:N74) -> 7
A75: Allied Health- Doctoral | B75: 1 | C75: =ROUND('I&O Calc'!$L$12/18,2) -> 16.56 | D75: =ROUND('I&O Calc'!$L$19/18,2) -> 387.56 | F75: =ROUND('I&O Calc'!$L$69/18,2)+0.02 -> 328.63 | G75: =ROUND('I&O Calc'!$L$78/18,2) -> 0 | I75: =ROUND('I&O Calc'!$L$89265,2) -> 0 | J75: =ROUND('I&O Calc'!$L$132/18,2) -> 0 | K75: =ROUND('I&O Calc'!$L$154/18,2)+0.01 -> 342.01 | Q75: =SUM(C75:L75) -> 1074.76 | R75: =COUNTA(C75:N75) -> 7
C76: =SUM(C73:C75) -> 525.44 | D76: =SUM(D73:D75) -> 1380.62 | E76: =SUM(E73:E75) -> #REF! | F76: =SUM(F73:F75) -> 1514.34 | G76: =SUM(G73:G75) -> 389.82 | H76: =SUM(H73:H75) -> 0 | I76: =SUM(I73:I75) -> 65.83 | J76: =SUM(J73:J75) -> 579.04 | ... O76: =SUM(O73:O75) -> 0 | Q76: =SUM(Q73:Q75) -> #REF!
C77: =IF(C76<>C23,"Error","") -> Error | D77: =IF(D76<>D23,"Error","") -> Error | E77: =IF(E76<>E23,"Error","") -> #REF! | F77: =IF(F76<>F23,"Error","") -> Error | G77: =IF(G76<>G23,"Error","") | H77: =IF(H76<>H23,"Error","") | I77: =IF(I76<>I23,"Error","") | J77: =IF(J76<>J23,"Error","") | ... O77: =IF(O76<>O23,"Error","") | Q77: =IF(Q76<>Q23,"Error","") -> #REF!
A81: Nursing State Funded FTSE | B81: Weights | C81: =C$22 -> The University of Texas Southwestern Medical Center | D81: =D$22 -> The University of Texas Medical Branch at Galveston | E81: =E$22 -> The University of Texas Health Science Center at Houston | F81: =F$22 -> The University of Texas Health Science Center at San Antonio | G81: =G$22 -> The University of Texas M.D. Anderson Cancer Center | H81: =H$22 -> The University of Texas Health Center at Tyler | I81: =I$22 -> Texas A&M University System Health Science Center | J81: =J$22 -> University of North Texas Health Sciences Center at Fort Worth | ... O81: =O$22 -> University of Houston Medical School | Q81: Total By Discipline | R81: Total Number of Programs
A82: Nursing - Undergraduate | B82: 1.138 | D82: ='I&O Calc'!$M$20 -> 1084.86 | E82: ='I&O Calc'!$M$39 -> 1371.11 | F82: ='I&O Calc'!$M$71-0.01 -> 872.18 | I82: ='I&O Calc'!$M$110+'I&O Calc'!$M$111+ROUND('I&O Calc'!$F$109/30,2) -> 452.47 | K82: ='I&O Calc'!$M$165 -> 2114.16 | L82: ='I&O Calc'!$M$191 -> 323.65 | Q82: =SUM(D82:L82) -> 6218.43 | R82: =COUNTA(C82:N82) -> 6
A83: Nursing - Masters | B83: 1.138 | D83: =ROUND('I&O Calc'!$I$20/'I&O Calc'!$I$6,2) -> 312.25 | E83: =ROUND('I&O Calc'!$I$41/'I&O Calc'!$I$6,2) -> 271.04 | F83: =ROUND('I&O Calc'!$I$71/'I&O Calc'!$I$6,2) -> 2 | I83: =ROUND('I&O Calc'!#REF!/24,2) -> #REF! | K83: =ROUND('I&O Calc'!#REF!/'I&O Calc'!$I$6,2) -> #REF! | L83: =ROUND('I&O Calc'!#REF!/'I&O Calc'!$I$6,2) -> #REF! | Q83: =SUM(D83:L83) -> #REF! | R83: =COUNTA(C83:N83) -> 6
A84: Nursing - Doctoral | B84: 1.138 | D84: =ROUND('I&O Calc'!#REF!/'I&O Calc'!$L$6,2) -> #REF! | E84: =ROUND('I&O Calc'!$L$41/'I&O Calc'!$L$6,2) -> 448.67 | F84: =ROUND('I&O Calc'!$L$71/'I&O Calc'!$L$6,2)+0.02 -> 234.74 | K84: =ROUND('I&O Calc'!#REF!/'I&O Calc'!$L$6,2) -> #REF! | L84: =ROUND('I&O Calc'!#REF!/'I&O Calc'!$L$6,2) -> #REF! | Q84: =SUM(D84:L84) -> #REF! | R84: =COUNTA(C84:N84) -> 5
D85: =SUM(D82:D84) -> #REF! | E85: =SUM(E82:E84) -> 2090.82 | F85: =SUM(F82:F84) -> 1108.92 | I85: =SUM(I82:I84) -> #REF! | K85: =SUM(K82:K84) -> #REF! | L85: =SUM(L82:L84) -> #REF! | M85: =SUM(M82:M84) -> 0 | N85: =SUM(N82:N84) -> 0 | O85: =SUM(O82:O84) -> 0 | Q85: =SUM(Q82:Q84) -> #REF!
D86: =IF(D85<>D26,"Error","") -> #REF! | E86: =IF(E85<>E26,"Error","") -> Error | F86: =IF(F85<>F26,"Error","") -> Error | G86: =IF(G85<>G26,"Error","") | H86: =IF(H85<>H26,"Error","") | I86: =IF(I85<>I26,"Error","") -> #REF! | J86: =IF(J85<>J26,"Error","") | K86: =IF(K85<>K26,"Error","") -> #REF! | ... O86: =IF(O85<>O26,"Error","") | Q86: =IF(Q85<>Q26,"Error","") -> #REF!
A92: All HRI Disciplines | C92: =C$22 -> The University of Texas Southwestern Medical Center | D92: =D$22 -> The University of Texas Medical Branch at Galveston | E92: =E$22 -> The University of Texas Health Science Center at Houston | F92: =F$22 -> The University of Texas Health Science Center at San Antonio | G92: =G$22 -> The University of Texas M.D. Anderson Cancer Center | H92: =H$22 -> The University of Texas Health Center at Tyler | I92: =I$22 -> Texas A&M University System Health Science Center | J92: =J$22 -> University of North Texas Health Sciences Center at Fort Worth | ... O92: =O$22 -> University of Houston Medical School | Q92: Total By Discipline | R92: Total Number of Programs
A93: Formula Dollars - One Year
A94: Allied Health | C94: ='I&O Calc'!$T$12 -> 5090638 | D94: ='I&O Calc'!$T$19 -> 13376064 | E94: ='I&O Calc'!$T$34 -> 643996 | F94: ='I&O Calc'!$T$69 -> 15396884 | G94: ='I&O Calc'!$T$78 -> 3776778 | I94: ='I&O Calc'!$T$107 -> 1521036 | J94: ='I&O Calc'!$T$132 -> 5610039 | K94: ='I&O Calc'!$T$154 -> 21846604 | Q94: =SUM(C94:O94) -> 67262039 | R94: =COUNTA(C94:N94) -> 8
A95: Biomedical Science | C95: ='I&O Calc'!$T$11 -> 7934021 | D95: ='I&O Calc'!$T$18 -> 2588718 | E95: ='I&O Calc'!$T$32 -> 5446595 | F95: ='I&O Calc'!$T$61 -> 3165304 | H95: ='I&O Calc'!$T$83 -> 512741 | I95: ='I&O Calc'!$T$105 -> 2917996 | J95: ='I&O Calc'!$T$131 -> 6151497 | K95: ='I&O Calc'!$T$148 -> 2701421 | L95: ='I&O Calc'!$T$185 -> 336621 | Q95: =SUM(C95:O95) -> 31754914 | R95: =COUNTA(C95:N95) -> 9
A96: Biomedical Informatics | E96: ='I&O Calc'!$T$37 -> 0 | Q96: =SUM(C96:O96) -> 0 | R96: =COUNTA(C96:N96) -> 1
A97: Nursing | D97: ='I&O Calc'!#REF! -> #REF! | E97: ='I&O Calc'!$T$41 -> 15117218 | F97: ='I&O Calc'!$T$72 -> 0 | I97: ='I&O Calc'!#REF! -> #REF! | K97: ='I&O Calc'!#REF! -> #REF! | L97: ='I&O Calc'!#REF! -> #REF! | Q97: =SUM(C97:O97) -> #REF! | R97: =COUNTA(C97:N97) -> 6
A98: Pharmacy | I98: ='I&O Calc'!$T$116 -> 11508709 | J98: ='I&O Calc'!$T$134 -> 8420304 | K98: ='I&O Calc'!$T$171 -> 13832395 | Q98: =SUM(C98:O98) -> 33761408 | R98: =COUNTA(C98:N98) -> 3
A99: Public Health | D99: ='I&O Calc'!$T$21 -> 1192687 | E99: ='I&O Calc'!$T$49 -> 24646757 | H99: ='I&O Calc'!$T$84 -> 1835251 | I99: ='I&O Calc'!$T$126 -> 16249521 | J99: ='I&O Calc'!$T$133 -> 2736193 | K99: ='I&O Calc'!$T$176 -> 2336247 | Q99: =SUM(C99:O99) -> 48996656 | R99: =COUNTA(C99:N99) -> 6
A100: Dental Education | E100: ='I&O Calc'!$T$27 -> 22912511 | F100: ='I&O Calc'!$T$59 -> 23297572 | I100: ='I&O Calc'!$T$97 -> 22867934 | Q100: =SUM(C100:O100) -> 69078017 | R100: =COUNTA(C100:N100) -> 3
A101: Medical Education | C101: ='I&O Calc'!$T$10 -> 42503710 | D101: ='I&O Calc'!#REF! -> #REF! | E101: ='I&O Calc'!$T$26 -> 44760137 | F101: ='I&O Calc'!#REF! -> #REF! | I101: ='I&O Calc'!$T$95 -> 38646402 | J101: ='I&O Calc'!$T$135 -> 43056305 | K101: ='I&O Calc'!$T$143 -> 35423210 | L101: ='I&O Calc'!$T$182 -> 20676236 | M101: ='I&O Calc'!$T$200 -> 8979657 | N101: ='I&O Calc'!$T$229 -> 9900648 | O101: ='I&O Calc'!$T$255 -> 5525943 | Q101: =SUM(C101:O101) -> #REF! | R101: =COUNTA(C101:N101) -> 10
A102: Formula Dollars - One Year | C102: =SUM(C94:C101) -> 55528369 | D102: =SUM(D94:D101) -> #REF! | E102: =SUM(E94:E101) -> 113527214 | F102: =SUM(F94:F101) -> #REF! | G102: =SUM(G94:G101) -> 3776778 | H102: =SUM(H94:H101) -> 2347992 | I102: =SUM(I94:I101) -> #REF! | J102: =SUM(J94:J101) -> 65974338 | ... O102: =SUM(O94:O101) -> 5525943 | Q102: =SUM(Q94:Q101) -> #REF!
C103: =IF(C102<>'I&O Calc'!$T331,"Error","") | D103: =IF(D102<>'I&O Calc'!$T332,"Error","") -> #REF! | E103: =IF(E102<>'I&O Calc'!$T333,"Error","") -> Error | F103: =IF(F102<>'I&O Calc'!$T334,"Error","") -> #REF! | G103: =IF(G102<>'I&O Calc'!$T335,"Error","") | H103: =IF(H102<>'I&O Calc'!$T336,"Error","") | I103: =IF(I102<>'I&O Calc'!$T337,"Error","") -> #REF! | J103: =IF(J102<>'I&O Calc'!$T338,"Error","") -> Error | K103: =IF(K102<>'I&O Calc'!$T339,"Error","") -> #REF! | L103: =IF(L102<>'I&O Calc'!$T340,"Error","") -> #REF! | M103: =IF(M102<>'I&O Calc'!$T341,"Error","") | N103: =IF(N102<>'I&O Calc'!$T342,"Error","") -> Error | O103: =IF(O102<>'I&O Calc'!$T343,"Error","") | Q103: =IF(Q102<>'I&O Calc'!$T345,"Error","") -> #REF!
A105: Formula Dollars - Biennium
A106: Allied Health | C106: =C94*2 -> 10181276 | D106: =D94*2 -> 26752128 | E106: =E94*2 -> 1287992 | F106: =F94*2 -> 30793768 | G106: =G94*2 -> 7553556 | I106: =I94*2 -> 3042072 | J106: =J94*2 -> 11220078 | K106: =K94*2 -> 43693208 | Q106: =SUM(C106:O106) -> 134524078 | R106: =COUNTA(C106:N106) -> 8
A107: Biomedical Science | C107: =C95*2 -> 15868042 | D107: =D95*2 -> 5177436 | E107: =E95*2 -> 10893190 | F107: =F95*2 -> 6330608 | H107: =H95*2 -> 1025482 | I107: =I95*2 -> 5835992 | J107: =J95*2 -> 12302994 | K107: =K95*2 -> 5402842 | L107: =L95*2 -> 673242 | Q107: =SUM(C107:O107) -> 63509828 | R107: =COUNTA(C107:N107) -> 9
A108: Biomedical Informatics | E108: =E96*2 -> 0 | Q108: =SUM(C108:O108) -> 0 | R108: =COUNTA(C108:N108) -> 1
A109: Nursing | D109: =D97*2 -> #REF! | E109: =E97*2 -> 30234436 | F109: =F97*2 -> 0 | I109: =I97*2 -> #REF! | K109: =K97*2 -> #REF! | L109: =L97*2 -> #REF! | Q109: =SUM(C109:O109) -> #REF! | R109: =COUNTA(C109:N109) -> 6
A110: Pharmacy | I110: =I98*2 -> 23017418 | J110: =J98*2 -> 16840608 | K110: =K98*2 -> 27664790 | Q110: =SUM(C110:O110) -> 67522816 | R110: =COUNTA(C110:N110) -> 3
A111: Public Health | D111: =D99*2 -> 2385374 | E111: =E99*2 -> 49293514 | H111: =H99*2 -> 3670502 | I111: =I99*2 -> 32499042 | J111: =J99*2 -> 5472386 | K111: =K99*2 -> 4672494 | Q111: =SUM(C111:O111) -> 97993312 | R111: =COUNTA(C111:N111) -> 6
A112: Dental Education | E112: =E100*2 -> 45825022 | F112: =F100*2 -> 46595144 | I112: =I100*2 -> 45735868 | Q112: =SUM(C112:O112) -> 138156034 | R112: =COUNTA(C112:N112) -> 3
A113: Medical Education | C113: =C101*2 -> 85007420 | D113: =D101*2 -> #REF! | E113: =E101*2 -> 89520274 | F113: =F101*2 -> #REF! | I113: =I101*2 -> 77292804 | J113: =J101*2 -> 86112610 | K113: =K101*2 -> 70846420 | L113: =L101*2 -> 41352472 | M113: =M101*2 -> 17959314 | N113: =N101*2 -> 19801296 | O113: =O101*2 -> 11051886 | Q113: =SUM(C113:O113) -> #REF! | R113: =COUNTA(C113:N113) -> 10
A114: Formula Dollars - Biennium | C114: =SUM(C106:C113) -> 111056738 | D114: =SUM(D106:D113) -> #REF! | E114: =SUM(E106:E113) -> 227054428 | F114: =SUM(F106:F113) -> #REF! | G114: =SUM(G106:G113) -> 7553556 | H114: =SUM(H106:H113) -> 4695984 | I114: =SUM(I106:I113) -> #REF! | J114: =SUM(J106:J113) -> 131948676 | ... O114: =SUM(O106:O113) -> 11051886 | Q114: =SUM(Q106:Q113) -> #REF!
Q115: =IF(Q114<>'I&O Calc'!U346,"Error","") -> #REF!
A120: Allied Health | C120: =C$22 -> The University of Texas Southwestern Medical Center | D120: =D$22 -> The University of Texas Medical Branch at Galveston | E120: =E$22 -> The University of Texas Health Science Center at Houston | F120: =F$22 -> The University of Texas Health Science Center at San Antonio | G120: =G$22 -> The University of Texas M.D. Anderson Cancer Center | H120: =H$22 -> The University of Texas Health Center at Tyler | I120: =I$22 -> Texas A&M University System Health Science Center | J120: =J$22 -> University of North Texas Health Sciences Center at Fort Worth | ... O120: =O$22 -> University of Houston Medical School | Q120: Total By Discipline | R120: Total Number of Programs
A121: Formula Dollars - One Year
A122: Allied Health - Undergraduate | C122: =ROUND(('I&O Calc'!$F$12/30)*'I&O Calc'!N12*'I&O Calc'!O6,0) -> 0 | D122: =ROUND(('I&O Calc'!$F$19/30)*'I&O Calc'!N19*'I&O Calc'!O6,0) -> 667862 | E122: =ROUND(('I&O Calc'!#REF!/30)*'I&O Calc'!N34*'I&O Calc'!O6,0) -> #REF! | F122: =ROUND(('I&O Calc'!$F$69/30)*'I&O Calc'!N68*'I&O Calc'!O6,0)+'I&O Calc'!#REF! -> #REF! | G122: =ROUND(('I&O Calc'!$F$78/30)*'I&O Calc'!N78*'I&O Calc'!O6,0)+'I&O Calc'!Q78 -> 3486897 | I122: =ROUND(('I&O Calc'!$F$107/30)*'I&O Calc'!N107*'I&O Calc'!O6,0)+'I&O Calc'!Q107 -> 1521068 | J122: =ROUND(('I&O Calc'!$F$132/30)*'I&O Calc'!N132*'I&O Calc'!O6,0) -> 0 | K122: =ROUND(('I&O Calc'!$F$154/30)*'I&O Calc'!$N$150*'I&O Calc'!$O$6,0)-5 -> 2656264 | Q122: =SUM(C122:O122) -> #REF! | R122: =COUNTA(C122:N122) -> 8
A123: Allied Health- Masters | C123: =ROUND(('I&O Calc'!$I$12/24)*'I&O Calc'!N12*'I&O Calc'!O6,0)-32 -> 4930212 | D123: =ROUND(('I&O Calc'!$I$19/24)*'I&O Calc'!N19*'I&O Calc'!O6,0) -> 8953401 | F123: =ROUND(('I&O Calc'!$I$69/24)*'I&O Calc'!N68*'I&O Calc'!O6,0)+'I&O Calc'!#REF!+96 -> #REF! | G123: =ROUND(('I&O Calc'!$I$78/24)*'I&O Calc'!N78*'I&O Calc'!O6,0)+15 -> 289863 | I123: =ROUND(('I&O Calc'!$I$107/24)*'I&O Calc'!N107*'I&O Calc'!O6,0) -> 0 | J123: =ROUND(('I&O Calc'!$I$132/24)*'I&O Calc'!N132*'I&O Calc'!O6,0)+'I&O Calc'!Q132-32 -> 5610023 | K123: =ROUND(('I&O Calc'!$I$154/24)*'I&O Calc'!$N$150*'I&O Calc'!$O$6,0)+'I&O Calc'!I157+'I&O Calc'!I159 -> 15876911 | Q123: =SUM(C123:O123) -> #REF! | R123: =COUNTA(C123:N123) -> 7
A124: Allied Health- Doctoral | C124: =ROUND(('I&O Calc'!$L$12/18)*'I&O Calc'!N12*'I&O Calc'!O6,0) -> 160399 | D124: =ROUND(('I&O Calc'!$L$19/18)*'I&O Calc'!N19*'I&O Calc'!O6,0)+43 -> 3754882 | F124: =ROUND(('I&O Calc'!$L$69/18)*'I&O Calc'!N68*'I&O Calc'!O6,0) -> 3183754 | G124: =ROUND(('I&O Calc'!$L$78/18)*'I&O Calc'!N78*'I&O Calc'!O6,0) -> 0 | I124: =ROUND(('I&O Calc'!$L$107/18)*'I&O Calc'!N107*'I&O Calc'!O6,0) -> 0 | J124: =ROUND(('I&O Calc'!$L$132/18)*'I&O Calc'!N132*'I&O Calc'!O6,0) -> 0 | K124: =ROUND(('I&O Calc'!$L$154/18)*'I&O Calc'!N150*'I&O Calc'!O6,0)+'I&O Calc'!L157+'I&O Calc'!L159 -> 3313473 | Q124: =SUM(C124:O124) -> 10412508 | R124: =COUNTA(C124:N124) -> 7
C125: =SUM(C122:C124) -> 5090611 | D125: =SUM(D122:D124) -> 13376145 | E125: =SUM(E122:E124) -> #REF! | F125: =SUM(F122:F124) -> #REF! | G125: =SUM(G122:G124) -> 3776760 | H125: =SUM(H122:H124) -> 0 | I125: =SUM(I122:I124) -> 1521068 | J125: =SUM(J122:J124) -> 5610023 | ... O125: =SUM(O122:O124) -> 0 | Q125: =SUM(Q122:Q124) -> #REF!
C126: =IF(C125<>C94,"Error","") -> Error | D126: =IF(D125<>D94,"Error","") -> Error | E126: =IF(E125<>E94,"Error","") -> #REF! | F126: =IF(F125<>F94,"Error","") -> #REF! | G126: =IF(G125<>G94,"Error","") -> Error | H126: =IF(H125<>H94,"Error","") | I126: =IF(I125<>I94,"Error","") -> Error | J126: =IF(J125<>J94,"Error","") -> Error | ... O126: =IF(O125<>O94,"Error","") | Q126: =IF(Q125<>Q94,"Error","") -> #REF!
...

Sheet I&O Calc
A1: Health Related Institutions - Instruction & Operations Formula - FY 2024-25 | M1: HRI Basis of Legislative Appropriations - FY 2024-25 | S1: 45135
A2: FTSE Count - State-Funded - Certified Summer 2022 and Fall 2022; Spring 2023 - No Errors
A4: Educational Level | F4: Under graduate | G4: Special Professional | I4: Graduate | L4: Graduate
A5: Unit of Measure | F5: SCH | G5: Headcount | H5: Headcount | I5: SCH | L5: SCH | O5: Annual Instruction and Operations Base Rate | Q5: (1-(FTSE/200)) x
A6: Semester Credit Hours to FTSE - Adj. Factor: | F6: 30 | I6: 24 | L6: 18 | O6: 9688.5175 | Q6: Rate x FTSE | T6: FY 2024-25
B7: Wt. Codes | C7: Summy Codes | F7: Under Grad SCH | G7: Medical/Dental/ Podiatry Headcount | H7: Dental Residents Headcount | I7: M SCH | J7: D SCH | K7: Doctoral SCH > Cap | L7: Total Adjusted Doctoral SCH | M7: Total Headcount / FTSE | N7: Weight Per Wt. Table | O7: Rate x FTSE / Headcount | Q7: Small Class Size Supplement | S7: ANNUAL FUNDING Total Detailed Formula Calculations | T7: FY 2024 | U7: FY 2025 | V7: BIENNIAL
D8: College Code | E8: Remote Code | F8: 5 | G8: 8 | H8: 9 | I8: 6 | J8: 7 | K8: 11
A9: UT SOUTHWESTERN MEDICAL CENTER #729
A10: Medical Education | B10: ME | C10: MET | D10: 003660 | G10: =VLOOKUP($D$10,collegecode,8,FALSE) -> 923 | L10: =J10-K10 -> 0 | M10: =ROUND(G10+H10+(F10/F$6)+(I10/I$6)+(L10/L$6),2) -> 923 | N10: =VLOOKUP($B10,weights,2,FALSE) -> 4.753 | O10: =ROUND(M10*N10*$O$6,2) -> 42503710 | P10: + | R10: = | S10: =Q10+O10 -> 42503710 | T10: =ROUND($S10,0) -> 42503710 | U10: =ROUND($S10,0) -> 42503710 | V10: =T10+U10 -> 85007420
A11: Biomedical Science | B11: BS | C11: BST | D11: 000101 | I11: =VLOOKUP($D$11,collegecode,6,FALSE) -> 4573 | J11: =VLOOKUP($D$11,collegecode,7,FALSE) -> 12356 | K11: =VLOOKUP($D$11,collegecode,11,FALSE) -> 1306 | L11: =J11-K11 -> 11050 | M11: =ROUND(G11+H11+(F11/F$6)+(I11/I$6)+(L11/L$6),2) -> 804.43 | N11: =VLOOKUP($B11,weights,2,FALSE) -> 1.018 | O11: =ROUND(M11*N11*$O$6,2) -> 7934021.3 | P11: + | R11: = | S11: =Q11+O11 -> 7934021.3 | T11: =ROUND($S11,0) -> 7934021 | U11: =ROUND($S11,0) -> 7934021 | V11: =T11+U11 -> 15868042
A12: Allied Health | B12: AH | C12: AHT | D12: 010019 | F12: =VLOOKUP($D$12,collegecode,5,FALSE) -> 0 | I12: =VLOOKUP($D$12,collegecode,6,FALSE) -> 12213 | J12: =VLOOKUP($D$12,collegecode,7,FALSE) -> 298 | K12: =VLOOKUP($D$12,collegecode,11,FALSE) -> 0 | L12: =J12-K12 -> 298 | M12: =ROUND(G12+H12+(F12/F$6)+(I12/I$6)+(L12/L$6),2) -> 525.43 | N12: =VLOOKUP($B12,weights,2,FALSE) -> 1 | O12: =ROUND(M12*N12*$O$6,2) -> 5090637.7 | P12: + | R12: = | S12: =Q12+O12 -> 5090637.7 | T12: =ROUND($S12,0) -> 5090638 | U12: =ROUND($S12,0) -> 5090638 | V12: =T12+U12 -> 10181276
A13: Total - UT SMC Dallas | B13: T | C13: UTSWM | F13: =SUM(F10:F12) -> 0 | G13: =SUM(G10:G12) -> 923 | H13: =SUM(H10:H12) -> 0 | I13: =SUM(I10:I12) -> 16786 | J13: =SUM(J10:J12) -> 12654 | K13: =SUM(K10:K12) -> 1306 | L13: =SUM(L10:L12) -> 11348 | M13: =SUM(M10:M12) -> 2252.86 | O13: =SUM(O10:O12) -> 55528369 | Q13: =SUM(Q10:Q12) -> 0 | S13: =SUM(S10:S12) -> 55528369 | T13: =SUM(T10:T12) -> 55528369 | U13: =SUM(U10:U12) -> 55528369 | V13: =T13+U13 -> 111056738
M14: =IF(M13=NewData!Q9,"","Error")
A16: UT MEDICAL BRANCH AT GALVESTON #723
A17: Medical Education - Galveston | B17: ME | C17: MET | D17: 004952 | G17: =VLOOKUP($D$17,collegecode,8,FALSE) -> 935 | L17: =J17-K17 -> 0 | M17: =ROUND(G17+H17+(F17/F$6)+(I17/I$6)+(L17/L$6),2) -> 935 | N17: =VLOOKUP($B17,weights,2,FALSE) -> 4.753 | O17: =ROUND(M17*N17*$O$6,2) -> 43056305 | P17: + | R17: = | S17: =Q17+O17 -> 43056305 | T17: =ROUND($S17,0) -> 43056305 | U17: =ROUND($S17,0) -> 43056305 | V17: =T17+U17 -> 86112610
A18: Biomedical Science | B18: BS | C18: BST | D18: 000401 | I18: =VLOOKUP($D$18,collegecode,6,FALSE) -> 1122 | J18: =VLOOKUP($D$18,collegecode,7,FALSE) -> 3900 | K18: =VLOOKUP($D$18,collegecode,11,FALSE) -> 17 | L18: =J18-K18 -> 3883 | M18: =ROUND(G18+H18+(F18/F$6)+(I18/I$6)+(L18/L$6),2) -> 262.47 | N18: =VLOOKUP($B18,weights,2,FALSE) -> 1.018 | O18: =ROUND(M18*N18*$O$6,2) -> 2588718.2 | P18: + | R18: = | S18: =Q18+O18 -> 2588718.2 | T18: =ROUND($S18,0) -> 2588718 | U18: =ROUND($S18,0) -> 2588718 | V18: =T18+U18 -> 5177436
A19: Allied Health | B19: AH | C19: AHT | D19: 000403 | F19: =VLOOKUP($D$19,collegecode,5,FALSE) -> 2068 | I19: =VLOOKUP($D$19,collegecode,6,FALSE) -> 22179 | J19: =VLOOKUP($D$19,collegecode,7,FALSE) -> 7001 | K19: =VLOOKUP($D$19,collegecode,11,FALSE) -> 25 | L19: =J19-K19 -> 6976 | M19: =ROUND(G19+H19+(F19/F$6)+(I19/I$6)+(L19/L$6),2) -> 1380.61 | N19: =VLOOKUP($B19,weights,2,FALSE) -> 1 | O19: =ROUND(M19*N19*$O$6,2) -> 13376064 | P19: + | R19: = | S19: =Q19+O19 -> 13376064 | T19: =ROUND($S19,0) -> 13376064 | U19: =ROUND($S19,0) -> 13376064 | V19: =T19+U19 -> 26752128
A20: Nursing | B20: NU | C20: NUT | D20: 000402 | F20: =VLOOKUP($D$20,collegecode,5,FALSE) -> 20140 | I20: =VLOOKUP($D$20,collegecode,6,FALSE) -> 7494 | J20: =VLOOKUP($D$20,collegecode,7,FALSE) -> 1823 | K20: =VLOOKUP($D$20,collegecode,11,FALSE) -> 0 | L20: =J20-K20 -> 1823 | M20: =ROUND(G20+H20+(F20/F$6)+(I20/I$6)+(L20/L$6),2) -> 1084.86 | N20: =VLOOKUP($B20,weights,2,FALSE) -> 1.138 | O20: =ROUND(M20*N20*$O$6,2) -> 11961160 | P20: + | R20: = | S20: =Q20+O20 -> 11961160 | T20: =ROUND($S20,0) -> 11961160 | U20: =ROUND($S20,0) -> 11961160 | V20: =T20+U20 -> 23922320
A21: Public Health - Galveston | B21: PH | C21: PHT | D21: 000425 | I21: =VLOOKUP($D$21,collegecode,6,FALSE) -> 1114 | J21: =VLOOKUP($D$21,collegecode,7,FALSE) -> 465 | K21: =VLOOKUP($D$21,collegecode,11,FALSE) -> 13 | L21: =J21-K21 -> 452 | M21: =ROUND(G21+H21+(F21/F$6)+(I21/I$6)+(L21/L$6),2) -> 71.53 | N21: =VLOOKUP($B21,weights,2,FALSE) -> 1.721 | O21: =ROUND(M21*N21*$O$6,2) -> 1192686.8 | P21: + | S21: =Q21+O21 -> 1192686.8 | T21: =ROUND($S21,0) -> 1192687 | U21: =ROUND($S21,0) -> 1192687 | V21: =T21+U21 -> 2385374
A22: Total - UT Galveston | B22: T | C22: UTG | F22: =SUM(F17:F21) -> 22208 | G22: =SUM(G17:G21) -> 935 | H22: =SUM(H17:H21) -> 0 | I22: =SUM(I17:I21) -> 31909 | J22: =SUM(J17:J21) -> 13189 | K22: =SUM(K17:K21) -> 55 | L22: =SUM(L17:L21) -> 13134 | M22: =SUM(M17:M21) -> 3734.47 | O22: =SUM(O17:O21) -> 72174933 | Q22: =SUM(Q17:Q21) -> 0 | S22: =SUM(S17:S21) -> 72174933 | T22: =SUM(T17:T21) -> 72174934 | U22: =SUM(U17:U21) -> 72174934 | V22: =T22+U22 -> 144349868
M23: =IF(M22=NewData!Q96,"","Error")
A25: UT HEALTH SCIENCE CENTER AT HOUSTON #744
A26: Medical Education | B26: ME | C26: MET | D26: 009348 | G26: =VLOOKUP($D$26,collegecode,8,FALSE) -> 972 | L26: =J26-K26 -> 0 | M26: =ROUND(G26+H26+(F26/F$6)+(I26/I$6)+(L26/L$6),2) -> 972 | N26: =VLOOKUP($B26,weights,2,FALSE) -> 4.753 | O26: =ROUND(M26*N26*$O$6,2) -> 44760137 | P26: + | R26: = | S26: =Q26+O26 -> 44760137 | T26: =ROUND($S26,0) -> 44760137 | U26: =ROUND($S26,0) -> 44760137 | V26: =T26+U26 -> 89520274
A27: Dental Education | B27: DE | C27: DET | D27: 004951 | G27: =VLOOKUP($D$27,collegecode,8,FALSE) -> 419 | H27: =VLOOKUP($D$27,collegecode,9,FALSE) -> 95 | L27: =J27-K27 -> 0 | M27: =ROUND(G27+H27+(F27/F$6)+(I27/I$6)+(L27/L$6),2) -> 514 | N27: =VLOOKUP($B27,weights,2,FALSE) -> 4.601 | O27: =ROUND(M27*N27*$O$6,2) -> 22912511 | P27: + | R27: = | S27: =Q27+O27 -> 22912511 | T27: =ROUND($S27,0) -> 22912511 | U27: =ROUND($S27,0) -> 22912511 | V27: =T27+U27 -> 45825022
A29: Biomedical Science - Houston | B29: BS | D29: 004954 | I29: =VLOOKUP($D$29,collegecode,6,FALSE) -> 1751 | J29: =VLOOKUP($D$29,collegecode,7,FALSE) -> 8232 | K29: =VLOOKUP($D$29,collegecode,11,FALSE) -> 286 | L29: =J29-K29 -> 7946 | M29: =ROUND(G29+H29+(F29/F$6)+(I29/I$6)+(L29/L$6),2) -> 514.4 | N29: =VLOOKUP($B29,weights,2,FALSE) -> 1.018 | O29: =ROUND(M29*N29*$O$6,2) -> 5073481.3 | P29: + | R29: = | S29: =Q29+O29 -> 5073481.3
B30: BS | D30: 109348 | I30: =VLOOKUP($D$30,collegecode,6,FALSE) -> 908 | J30: =VLOOKUP($D$30,collegecode,7,FALSE) -> 0 | K30: =VLOOKUP($D$30,collegecode,11,FALSE) -> 0 | L30: =J30-K30 -> 0 | M30: =ROUND(G30+H30+(F30/F$6)+(I30/I$6)+(L30/L$6),2) -> 37.83 | N30: =VLOOKUP($B30,weights,2,FALSE) -> 1.018 | O30: =ROUND(M30*N30*$O$6,2) -> 373113.92 | P30: + | R30: = | S30: =Q30+O30 -> 373113.92
A31: Biomedical Science - Smithville (879) | B31: BS | E31: 000879 | I31: 0 | J31: 0 | K31: 0 | L31: =J31-K31 -> 0 | M31: =ROUND(G31+H31+(F31/F$6)+(I31/I$6)+(L31/L$6),2) -> 0 | N31: =VLOOKUP($B31,weights,2,FALSE) -> 1.018 | O31: =ROUND(M31*N31*$O$6,2) -> 0 | P31: + | Q31: 0 | R31: = | S31: =Q31+O31 -> 0
A32: Biomedical Science Total | C32: BST | I32: =SUM(I29:I31) -> 2659 | J32: =SUM(J29:J31) -> 8232 | K32: =SUM(K29:K31) -> 286 | L32: =SUM(L29:L31) -> 7946 | M32: =SUM(M29:M31) -> 552.23 | O32: =SUM(O29:O31) -> 5446595.2 | Q32: =SUM(Q29:Q31) -> 0 | S32: =SUM(S29:S31) -> 5446595.2 | T32: =ROUND($S32,0) -> 5446595 | U32: =ROUND($S32,0) -> 5446595 | V32: =T32+U32 -> 10893190
A34: Allied Health (Dental Hyg) - Houston | B34: AH | C34: AHT | D34: 000410 | F34: =VLOOKUP($D$34,collegecode,5,FALSE) -> 1829 | I34: =VLOOKUP($D$34,collegecode,6,FALSE) -> 132 | L34: =J34-K34 -> 0 | M34: =ROUND(G34+H34+(F34/F$6)+(I34/I$6)+(L34/L$6),2) -> 66.47 | N34: =VLOOKUP($B34,weights,2,FALSE) -> 1 | O34: =ROUND(M34*N34*$O$6,2) -> 643995.76 | P34: + | R34: = | S34: =Q34+O34 -> 643995.76 | T34: =ROUND($S34,0) -> 643996 | U34: =ROUND($S34,0) -> 643996 | V34: =T34+U34 -> 1287992
A36: Biomedical Informatics - Houston | B36: BI | C36: HIT | D36: 000203 | I36: =VLOOKUP($D$36,collegecode,6,FALSE) -> 3712 | J36: =VLOOKUP($D$36,collegecode,7,FALSE) -> 987 | K36: =VLOOKUP($D$36,collegecode,11,FALSE) -> 25 | L36: =J36-K36 -> 962 | M36: =ROUND(G36+H36+(F36/F$6)+(I36/I$6)+(L36/L$6),2) -> 208.11 | N36: =VLOOKUP($B36,weights,2,FALSE) -> 1.75 | O36: =ROUND(M36*N36*$O$6,2) -> 3528485.4 | P36: + | R36: = | S36: =Q36+O36 -> 3528485.4 | T36: =ROUND($S36,0) -> 3528485 | U36: =ROUND($S36,0) -> 3528485 | V36: =T36+U36 -> 7056970
A37: Biomedical Informatics - Brownsville | B37: BI | C37: HIT | E37: 000872 | I37: =SUMIFS(NewData!H:H,NewData!$C:$C,'I&O Calc'!$D$36,NewData!$E:$E,'I&O Calc'!$E$37) -> 0 | J37: =SUMIFS(NewData!I:I,NewData!$C:$C,'I&O Calc'!$D$36,NewData!$E:$E,'I&O Calc'!$E$37) -> 0 | K37: =SUMIFS(NewData!M:M,NewData!$C:$C,'I&O Calc'!$D$36,NewData!$E:$E,'I&O Calc'!$E$37) -> 0 | L37: =J37-K37 -> 0 | M37: =ROUND(G37+H37+(F37/F$6)+(I37/I$6)+(L37/L$6),2) -> 0 | N37: =VLOOKUP($B37,weights,2,FALSE) -> 1.75 | O37: =ROUND(M37*N37*$O$6,2) -> 0 | R37: =
A39: Nursing - Houston | B39: NU | D39: 000201 | F39: =VLOOKUP($D$39,collegecode,5,FALSE) -> 19542 | I39: =VLOOKUP($D$39,collegecode,6,FALSE) -> 6505 | J39: =VLOOKUP($D$39,collegecode,7,FALSE) -> 8076 | K39: =VLOOKUP($D$39,collegecode,11,FALSE) -> 0 | L39: =J39-K39 -> 8076 | M39: =ROUND(G39+H39+(F39/F$6)+(I39/I$6)+(L39/L$6),2) -> 1371.11 | N39: =VLOOKUP($B39,weights,2,FALSE) -> 1.138 | O39: =ROUND(M39*N39*$O$6,2) -> 15117218 | P39: + | R39: = | S39: =Q39+O39 -> 15117218
A40: Nursing - El Paso (876) | B40: NU | E40: 000876 | I40: =SUMIFS(NewData!H:H,NewData!$C:$C,'I&O Calc'!#REF!,NewData!$E:$E,'I&O Calc'!$E$40) -> 0 | J40: =SUMIFS(NewData!I:I,NewData!$C:$C,'I&O Calc'!#REF!,NewData!$E:$E,'I&O Calc'!$E$40) -> 0 | K40: =SUMIFS(NewData!M:M,NewData!$C:$C,'I&O Calc'!#REF!,NewData!$E:$E,'I&O Calc'!$E$40) -> 0 | L40: =J40-K40 -> 0 | M40: =ROUND(G40+H40+(F40/F$6)+(I40/I$6)+(L40/L$6),2) -> 0 | N40: =VLOOKUP($B40,weights,2,FALSE) -> 1.138 | O40: =ROUND(M40*N40*$O$6,2) -> 0 | P40: + | Q40: 0 | R40: = | S40: =Q40+O40 -> 0 | T40: =ROUND($S40,0) -> 0 | U40: =ROUND($S40,0) -> 0
A41: Nursing Total | C41: NUT | F41: =SUM(F39:F40) -> 19542 | I41: =SUM(I39:I40) -> 6505 | J41: =SUM(J39:J40) -> 8076 | K41: =SUM(K39:K40) -> 0 | L41: =SUM(L39:L40) -> 8076 | M41: =SUM(M39:M40) -> 1371.11 | O41: =SUM(O39:O40) -> 15117218 | Q41: =SUM(Q39:Q40) -> 0 | S41: =SUM(S39:S40) -> 15117218 | T41: =ROUND($S41,0) -> 15117218 | U41: =ROUND($S41,0) -> 15117218 | V41: =T41+U41 -> 30234436
A43: Public Health - Houston | B43: PH | D43: 006956 | I43: =VLOOKUP($D$43,collegecode,6,FALSE) -> 11257 | J43: =VLOOKUP($D$43,collegecode,7,FALSE) -> 6677 | K43: =VLOOKUP($D$43,collegecode,11,FALSE) -> 3 | L43: =J43-K43 -> 6674 | M43: =ROUND(G43+H43+(F43/F$6)+(I43/I$6)+(L43/L$6),2) -> 839.82 | N43: =VLOOKUP($B43,weights,2,FALSE) -> 1.721 | O43: =ROUND(M43*N43*$O$6,2) -> 14003107 | P43: + | R43: = | S43: =Q43+O43 -> 14003107
A44: Public Health - Austin (871) | B44: PH | E44: 000871 | I44: =SUMIFS(NewData!H:H,NewData!$C:$C,'I&O Calc'!$D$43,NewData!$E:$E,'I&O Calc'!$E$44) -> 3921 | J44: =SUMIFS(NewData!I:I,NewData!$C:$C,'I&O Calc'!$D$43,NewData!$E:$E,'I&O Calc'!$E$44) -> 648 | K44: =SUMIFS(NewData!M:M,NewData!$C:$C,'I&O Calc'!$D$43,NewData!$E:$E,'I&O Calc'!$E$44) -> 0 | L44: =J44-K44 -> 648 | M44: =ROUND(G44+H44+(F44/F$6)+(I44/I$6)+(L44/L$6),2) -> 199.38 | N44: =VLOOKUP($B44,weights,2,FALSE) -> 1.721 | O44: =ROUND(M44*N44*$O$6,2) -> 3324449.9 | P44: + | Q44: 12362 | R44: = | S44: =Q44+O44 -> 3336811.9
A45: Public Health - Brownsville (872) | B45: PH | E45: 000872 | I45: =SUMIFS(NewData!H:H,NewData!$C:$C,'I&O Calc'!$D$43,NewData!$E:$E,'I&O Calc'!$E$45) -> 383 | J45: =SUMIFS(NewData!I:I,NewData!$C:$C,'I&O Calc'!$D$43,NewData!$E:$E,'I&O Calc'!$E$45) -> 249 | K45: =SUMIFS(NewData!M:M,NewData!$C:$C,'I&O Calc'!$D$43,NewData!$E:$E,'I&O Calc'!$E$45) -> 0 | L45: =J45-K45 -> 249 | M45: =ROUND(G45+H45+(F45/F$6)+(I45/I$6)+(L45/L$6),2) -> 29.79 | N45: =VLOOKUP($B45,weights,2,FALSE) -> 1.721 | O45: =ROUND(M45*N45*$O$6,2) -> 496716.63 | P45: + | Q45: 507056 | R45: = | S45: =Q45+O45 -> 1003772.6
A46: Public Health - Dallas (874) | B46: PH | E46: 000874 | I46: =SUMIFS(NewData!H:H,NewData!$C:$C,'I&O Calc'!$D$43,NewData!$E:$E,'I&O Calc'!$E$46) -> 1958 | J46: =SUMIFS(NewData!I:I,NewData!$C:$C,'I&O Calc'!$D$43,NewData!$E:$E,'I&O Calc'!$E$46) -> 357 | K46: =SUMIFS(NewData!M:M,NewData!$C:$C,'I&O Calc'!$D$43,NewData!$E:$E,'I&O Calc'!$E$46) -> 0 | L46: =J46-K46 -> 357 | M46: =ROUND(G46+H46+(F46/F$6)+(I46/I$6)+(L46/L$6),2) -> 101.42 | N46: =VLOOKUP($B46,weights,2,FALSE) -> 1.721 | O46: =ROUND(M46*N46*$O$6,2) -> 1691070.9 | P46: + | Q46: 999798 | R46: = | S46: =Q46+O46 -> 2690868.9
A47: Public Health - El Paso (876) | B47: PH | E47: 000876 | I47: =SUMIFS(NewData!H:H,NewData!$C:$C,'I&O Calc'!$D$43,NewData!$E:$E,'I&O Calc'!$E$47) -> 578 | J47: =SUMIFS(NewData!I:I,NewData!$C:$C,'I&O Calc'!$D$43,NewData!$E:$E,'I&O Calc'!$E$47) -> 150 | K47: =SUMIFS(NewData!M:M,NewData!$C:$C,'I&O Calc'!$D$43,NewData!$E:$E,'I&O Calc'!$E$47) -> 0 | L47: =J47-K47 -> 150 | M47: =ROUND(G47+H47+(F47/F$6)+(I47/I$6)+(L47/L$6),2) -> 32.42 | N47: =VLOOKUP($B47,weights,2,FALSE) -> 1.721 | O47: =ROUND(M47*N47*$O$6,2) -> 540569.09 | P47: + | Q47: =ROUND(IF(M47<ClassSize,(1-(M47/200))*(VLOOKUP($B47,weights,3,FALSE))*M47,0),0) -> 543294 | R47: = | S47: =Q47+O47 -> 1083863.1
A48: Public Health - San Antonio (878) | B48: PH | E48: 000878 | I48: =SUMIFS(NewData!H:H,NewData!$C:$C,'I&O Calc'!$D$43,NewData!$E:$E,'I&O Calc'!$E$48) -> 1885 | J48: =SUMIFS(NewData!I:I,NewData!$C:$C,'I&O Calc'!$D$43,NewData!$E:$E,'I&O Calc'!$E$48) -> 243 | K48: =SUMIFS(NewData!M:M,NewData!$C:$C,'I&O Calc'!$D$43,NewData!$E:$E,'I&O Calc'!$E$48) -> 0 | L48: =J48-K48 -> 243 | M48: =ROUND(G48+H48+(F48/F$6)+(I48/I$6)+(L48/L$6),2) -> 92.04 | N48: =VLOOKUP($B48,weights,2,FALSE) -> 1.721 | O48: =ROUND(M48*N48*$O$6,2) -> 1534669.3 | P48: + | Q48: 993664 | R48: = | S48: =Q48+O48 -> 2528333.3
A49: Public Health Total | C49: PHT | F49: =SUM(F43:F48) -> 0 | I49: =SUM(I43:I48) -> 19982 | J49: =SUM(J43:J48) -> 8324 | K49: =SUM(K43:K48) -> 3 | L49: =SUM(L43:L48) -> 8321 | M49: =SUM(M43:M48) -> 1294.87 | O49: =SUM(O43:O48) -> 21590583 | P49: + | Q49: =SUM(Q43:Q48) -> 3056174 | R49: = | S49: =SUM(S43:S48) -> 24646757 | T49: =ROUND($S49,0) -> 24646757 | U49: =ROUND($S49,0) -> 24646757 | V49: =T49+U49 -> 49293514
A50: Total - UT Houston | B50: T | C50: UTH | F50: =F49+F41+F37+F32+F27+F26+F36+F34 -> 21371 | G50: =G49+G41+G37+G32+G27+G26+G36+G34 -> 1391 | H50: =H49+H41+H37+H32+H27+H26+H36+H34 -> 95 | I50: =I49+I41+I37+I32+I27+I26+I36+I34 -> 32990 | J50: =J49+J41+J37+J32+J27+J26+J36+J34 -> 25619 | K50: =K49+K41+K37+K32+K27+K26+K36+K34 -> 314 | L50: =L49+L41+L37+L32+L27+L26+L36+L34 -> 25305 | M50: =M49+M41+M37+M32+M27+M26+M36+M34 -> 4978.79 | O50: =O49+O41+O34+O37+O32+O27+O26+O36 -> 1.1399953e+08 | P50: + | Q50: =Q49+Q41+Q34+Q37+Q32+Q27+Q26+Q36 -> 3056174 | R50: = | S50: =S49+S41+S34+S35+S36+S37+S32+S27+S26 -> 1.170557e+08 | T50: =T49+T41+T34+T37+T32+T27+T26+T36 -> 117055699 | U50: =U49+U41+U34+U37+U32+U27+U26+U36 -> 117055699 | V50: =T50+U50 -> 234111398
M51: =IF(M50=NewData!Q87,"","Error")
A53: UT HEALTH SCIENCE CENTER AT SAN ANTONIO #745
A54: Medical Education - San Antonio | B54: ME | C54: MET | D54: 003659 | G54: =VLOOKUP($D$54,collegecode,8,FALSE) -> 873 | L54: =J54-K54 -> 0 | M54: =ROUND(G54+H54+(F54/F$6)+(I54/I$6)+(L54/L$6),2) -> 873 | N54: =VLOOKUP($B54,weights,2,FALSE) -> 4.753 | O54: =ROUND(M54*N54*$O$6,2) -> 40201234 | P54: + | Q54: 0 | R54: = | S54: =Q54+O54 -> 40201234 | T54: =ROUND($S54,0) -> 40201234 | U54: =ROUND($S54,0) -> 40201234 | V54: =T54+U54 -> 80402468
A56: Dental Education - San Antonio | B56: DE | D56: 009799 | G56: =VLOOKUP($D$56,collegecode,8,FALSE) -> 420 | H56: =VLOOKUP(D56,collegecode,9,FALSE) -> 96 | L56: =J56-K56 -> 0 | M56: =ROUND(G56+H56+(F56/F$6)+(I56/I$6)+(L56/L$6),2) -> 516 | N56: =VLOOKUP($B56,weights,2,FALSE) -> 4.601 | O56: =ROUND(M56*N56*$O$6,2) -> 23001664 | P56: + | Q56: 0 | R56: = | S56: =Q56+O56 -> 23001664
A57: Dental Education - Harlingen (882) | B57: DE | E57: 000882 | G57: =SUMIFS(NewData!J:J,NewData!$C:$C,'I&O Calc'!$D$56,NewData!$E:$E,'I&O Calc'!$E$57) -> 0 | H57: =SUMIFS(NewData!K:K,NewData!$C:$C,'I&O Calc'!$D$56,NewData!$E:$E,'I&O Calc'!$E$57) -> 0 | L57: =J57-K57 -> 0 | M57: =ROUND(G57+H57+(F57/F$6)+(I57/I$6)+(L57/L$6),2) -> 0 | N57: =VLOOKUP($B57,weights,2,FALSE) -> 4.601 | O57: =ROUND(M57*N57*$O$6,2) -> 0 | P57: + | Q57: 0 | R57: = | S57: =Q57+O57 -> 0
A58: Dental Education - Laredo (884) | B58: DE | D58: 000304 | E58: 000884 | G58: =SUMIFS(NewData!J:J,NewData!$C:$C,'I&O Calc'!$D$58,NewData!$E:$E,'I&O Calc'!$E$58) -> 0 | H58: =SUMIFS(NewData!K:K,NewData!$C:$C,'I&O Calc'!$D$58,NewData!$E:$E,'I&O Calc'!$E$58) -> 4 | M58: =ROUND(G58+H58+(F58/F$6)+(I58/I$6)+(L58/L$6),2) -> 4 | N58: =VLOOKUP($B58,weights,2,FALSE) -> 4.601 | O58: =ROUND(M58*N58*$O$6,2) -> 178307.48 | Q58: 117600 | S58: =Q58+O58 -> 295907.48
A59: Dental Education Total | C59: DET | G59: =SUM(G56:G58) -> 420 | H59: =SUM(H56:H58) -> 100 | L59: =SUM(L56:L58) -> 0 | M59: =SUM(M56:M58) -> 520 | O59: =SUM(O56:O58) -> 23179972 | Q59: =SUM(Q56:Q58) -> 117600 | S59: =SUM(S56:S58) -> 23297572 | T59: =ROUND($S59,0) -> 23297572 | U59: =ROUND($S59,0) -> 23297572 | V59: =T59+U59 -> 46595144
A61: Biomedical Science | B61: BS | C61: BST | D61: 000301 | I61: =VLOOKUP($D$61,collegecode,6,FALSE) -> 1517 | J61: =VLOOKUP($D$61,collegecode,7,FALSE) -> 4639 | K61: =VLOOKUP($D$61,collegecode,11,FALSE) -> 0 | L61: =J61-K61 -> 4639 | M61: =ROUND(G61+H61+(F61/F$6)+(I61/I$6)+(L61/L$6),2) -> 320.93 | N61: =VLOOKUP($B61,weights,2,FALSE) -> 1.018 | O61: =ROUND(M61*N61*$O$6,2) -> 3165304 | P61: + | Q61: 0 | R61: = | S61: =Q61+O61 -> 3165304 | T61: =ROUND($S61,0) -> 3165304 | U61: =ROUND($S61,0) -> 3165304 | V61: =T61+U61 -> 6330608
A63: Allied Health - San Antonio (Health Prof) | B63: AH | D63: 000303 | F63: =VLOOKUP($D$63,collegecode,5,FALSE) -> 7674 | I63: =VLOOKUP($D$63,collegecode,6,FALSE) -> 19876 | J63: =VLOOKUP($D$63,collegecode,7,FALSE) -> 5894 | K63: =VLOOKUP($D$63,collegecode,11,FALSE) -> 0 | L63: =J63-K63 -> 5894 | M63: =ROUND(G63+H63+(F63/F$6)+(I63/I$6)+(L63/L$6),2) -> 1411.41 | N63: =VLOOKUP($B63,weights,2,FALSE) -> 1 | O63: =ROUND(M63*N63*$O$6,2) -> 13674470 | P63: + | R63: = | S63: =Q63+O63 -> 13674470
A64: Allied Health - Harlingen (882) | B64: AH | E64: 000882 | I64: =SUMIFS(NewData!H:H,NewData!$C:$C,'I&O Calc'!$D$63,NewData!$E:$E,'I&O Calc'!$E$64) -> 0 | L64: =J64-K64 -> 0 | M64: =ROUND(G64+H64+(F64/F$6)+(I64/I$6)+(L64/L$6),2) -> 0 | N64: =VLOOKUP($B64,weights,2,FALSE) -> 1 | O64: =ROUND(M64*N64*$O$6,2) -> 0 | P64: + | Q64: 0 | R64: = | S64: =Q64+O64 -> 0
A65: Allied Health - Laredo (884) | B65: AH | E65: 000884 | F65: =SUMIFS(NewData!G:G,NewData!$C:$C,'I&O Calc'!$D$63,NewData!$E:$E,'I&O Calc'!E$65) -> 49 | I65: =SUMIFS(NewData!H:H,NewData!$C:$C,'I&O Calc'!$D$63,NewData!$E:$E,'I&O Calc'!E$65) -> 1012 | J65: =SUMIFS(NewData!I:I,NewData!$C:$C,'I&O Calc'!$D$63,NewData!$E:$E,'I&O Calc'!E$65) -> 21 | K65: =SUMIFS(NewData!M:M,NewData!$C:$C,'I&O Calc'!$D$63,NewData!$E:$E,'I&O Calc'!E$65) -> 0 | L65: =J65-K65 -> 21 | M65: =ROUND(G65+H65+(F65/F$6)+(I65/I$6)+(L65/L$6),2) -> 44.97 | N65: =VLOOKUP($B65,weights,2,FALSE) -> 1 | O65: =ROUND(M65*N65*$O$6,2) -> 435692.63 | P65: + | Q65: 697170 | R65: = | S65: =Q65+O65 -> 1132862.6
A66: Allied Health - San Antonio (Medical) | B66: AH | D66: 000305 | F66: =VLOOKUP($D$66,collegecode,5,FALSE) -> 0 | I66: =VLOOKUP($D$66,collegecode,6,FALSE) -> 307 | J66: =VLOOKUP($D$66,collegecode,7,FALSE) -> 0 | K66: =VLOOKUP($D$66,collegecode,11,FALSE) -> 0 | L66: =J66-K66 -> 0 | M66: =ROUND(G66+H66+(F66/F$6)+(I66/I$6)+(L66/L$6),2) -> 12.79 | N66: =VLOOKUP($B66,weights,2,FALSE) -> 1 | O66: =ROUND(M66*N66*$O$6,2) -> 123916.14 | P66: + | R66: = | S66: =Q66+O66 -> 123916.14
A67: Allied Health - Houston (312) | B67: AH | E67: 000312 | F67: =SUMIFS(NewData!G:G,NewData!$C:$C,'I&O Calc'!$D$66,NewData!$E:$E,'I&O Calc'!E$67) -> 0 | I67: =SUMIFS(NewData!H:H,NewData!$C:$C,'I&O Calc'!$D$66,NewData!$E:$E,'I&O Calc'!E$67) -> 34 | L67: =J67-K67 -> 0 | M67: =ROUND(G67+H67+(F67/F$6)+(I67/I$6)+(L67/L$6),2) -> 1.42 | N67: =VLOOKUP($B67,weights,2,FALSE) -> 1 | O67: =ROUND(M67*N67*$O$6,2) -> 13757.69 | P67: + | Q67: 28198 | R67: = | S67: =Q67+O67 -> 41955.69
A68: Allied Health - San Antonio (Dental Hygiene) | B68: AH | D68: 000311 | F68: =VLOOKUP($D$68,collegecode,5,FALSE) -> 1312 | L68: =J68-K68 -> 0 | M68: =ROUND(G68+H68+(F68/F$6)+(I68/I$6)+(L68/L$6),2) -> 43.73 | N68: =VLOOKUP($B68,weights,2,FALSE) -> 1 | O68: =ROUND(M68*N68*$O$6,2) -> 423678.87 | P68: + | R68: = | S68: =Q68+O68 -> 423678.87
A69: Allied Health Total | C69: AHT | F69: =SUM(F63:F68) -> 9035 | I69: =SUM(I63:I68) -> 21229 | J69: =SUM(J63:J68) -> 5915 | K69: =SUM(K63:K68) -> 0 | L69: =SUM(L63:L68) -> 5915 | M69: =SUM(M63:M68) -> 1514.32 | O69: =SUM(O63:O68) -> 14671516 | Q69: =SUM(Q63:Q68) -> 725368 | S69: =SUM(S63:S68) -> 15396884 | T69: =ROUND($S69,0) -> 15396884 | U69: =ROUND($S69,0) -> 15396884 | V69: =T69+U69 -> 30793768
A71: Nursing | B71: NU | D71: 000302 | F71: =VLOOKUP($D$71,collegecode,5,FALSE) -> 19064 | I71: =VLOOKUP($D$71,collegecode,6,FALSE) -> 48 | J71: =VLOOKUP($D$71,collegecode,7,FALSE) -> 4225 | K71: =VLOOKUP(D71,collegecode,11,FALSE) -> 0 | L71: =J71-K71 -> 4225 | M71: =ROUND(G71+H71+(F71/F$6)+(I71/I$6)+(L71/L$6),2) -> 872.19 | N71: =VLOOKUP($B71,weights,2,FALSE) -> 1.138 | O71: =ROUND(M71*N71*$O$6,2) -> 9616359.5 | P71: + | R71: = | S71: =Q71+O71 -> 9616359.5
A72: Nursing - Laredo (884) | B72: NU | E72: 000884 | F72: =SUMIFS(NewData!G:G,NewData!$C:$C,D71,NewData!$E:$E,'I&O Calc'!E$72) -> 0 | I72: =SUMIFS(NewData!H:H,NewData!$C:$C,'I&O Calc'!#REF!,NewData!$E:$E,'I&O Calc'!E$72) -> 0 | M72: =ROUND(G72+H72+(F72/F$6)+(I72/I$6)+(L72/L$6),2) -> 0 | N72: =VLOOKUP($B72,weights,2,FALSE) -> 1.138 | O72: =ROUND(M72*N72*$O$6,2) -> 0 | P72: + | Q72: 0 | R72: = | S72: =Q72+O72 -> 0
A73: Nursing Total | C73: NUT | F73: =SUM(F71:F72) -> 19064 | G73: =SUM(G71:G72) -> 0 | H73: =SUM(H71:H72) -> 0 | I73: =SUM(I71:I72) -> 48 | J73: =SUM(J71:J72) -> 4225 | K73: =SUM(K71:K72) -> 0 | L73: =SUM(L71:L72) -> 4225 | M73: =SUM(M71:M72) -> 872.19 | O73: =SUM(O71:O72) -> 9616359.5 | Q73: =SUM(Q71:Q72) -> 0 | S73: =SUM(S71:S72) -> 9616359.5 | T73: =ROUND($S73,0) -> 9616360 | U73: =ROUND($S73,0) -> 9616360 | V73: =T73+U73 -> 19232720
A74: Total - UT San Antonio | B74: T | C74: UTSA | F74: =F54+F59+F61+F69+F73 -> 28099 | G74: =G54+G59+G61+G69+G73 -> 1293 | H74: =H54+H59+H61+H69+H73 -> 100 | I74: =I54+I59+I61+I69+I73 -> 22794 | J74: =J54+J59+J61+J69+J73 -> 14779 | K74: =K54+K59+K61+K69+K73 -> 0 | L74: =L54+L59+L61+L69+L73 -> 14779 | M74: =M54+M59+M61+M69+M73 -> 4100.44 | O74: =O54+O59+O61+O69+O73 -> 90834385 | P74: + | Q74: =Q54+Q59+Q61+Q69+Q73 -> 842968 | R74: = | S74: =S54+S59+S61+S69+S73 -> 91677353 | T74: =T54+T59+T61+T69+T73 -> 91677354 | U74: =U54+U59+U61+U69+U73 -> 91677354 | V74: =T74+U74 -> 183354708
M75: =IF(M74=NewData!Q20,"","Error")
A77: UT M.D. ANDERSON CANCER CENTER #506
A78: Allied Health | B78: AH | C78: AHT | D78: 025554 | F78: =VLOOKUP($D$78,collegecode,5,FALSE) -> 10797 | I78: =VLOOKUP($D$78,collegecode,6,FALSE) -> 718 | L78: =J78-K78 -> 0 | M78: =ROUND(G78+H78+(F78/F$6)+(I78/I$6)+(L78/L$6),2) -> 389.82 | N78: =VLOOKUP($B78,weights,2,FALSE) -> 1 | O78: =ROUND(M78*N78*$O$6,2) -> 3776777.9 | P78: + | R78: = | S78: =Q78+O78 -> 3776777.9 | T78: =ROUND($S78,0) -> 3776778 | U78: =ROUND($S78,0) -> 3776778 | V78: =T78+U78 -> 7553556
A79: Total - UT M. D. Anderson | B79: T | C79: UTMDA | F79: =SUM(F78) -> 10797 | I79: =SUM(I78) -> 718 | L79: =SUM(L78) -> 0 | M79: =SUM(M78) -> 389.82 | O79: =SUM(O78) -> 3776777.9 | S79: =SUM(S78) -> 3776777.9 | T79: =SUM(T78) -> 3776778 | U79: =SUM(U78) -> 3776778 | V79: =T79+U79 -> 7553556
M80: =IF(M79=NewData!Q88,"","Error")
A82: UT HEALTH SCIENCE CENTER AT TYLER #785
A83: Biomedical Science | B83: BS | C83: BST | D83: 000427 | I83: =VLOOKUP($D$83,collegecode,6,FALSE) -> 439 | L83: =J83-K83 -> 0 | M83: =ROUND(G83+H83+(F83/F$6)+(I83/I$6)+(L83/L$6),2) -> 18.29 | N83: =VLOOKUP($B83,weights,2,FALSE) -> 1.018 | O83: =ROUND(M83*N83*$O$6,2) -> 180392.64 | P83: + | Q83: 332348 | R83: = | S83: =Q83+O83 -> 512740.64 | T83: =ROUND($S83,0) -> 512741 | U83: =ROUND($S83,0) -> 512741 | V83: =T83+U83 -> 1025482
A84: Public Health - Tyler | B84: PH | C84: PHT | D84: 000429 | I84: =VLOOKUP($D$84,collegecode,6,FALSE) -> 1435 | L84: =J84-K84 -> 0 | M84: =ROUND(G84+H84+(F84/F$6)+(I84/I$6)+(L84/L$6),2) -> 59.79 | N84: =VLOOKUP($B84,weights,2,FALSE) -> 1.721 | O84: =ROUND(M84*N84*$O$6,2) -> 996934.79 | P84: + | Q84: 838316 | R84: = | S84: =Q84+O84 -> 1835250.8 | T84: =ROUND($S84,0) -> 1835251 | U84: =ROUND($S84,0) -> 1835251 | V84: =T84+U84 -> 3670502
A85: Total - UT Tyler | B85: T | C85: UTHCT | I85: =SUM(I83:I84) -> 1874 | L85: =J85-K85 -> 0 | M85: =SUM(M83:M84) -> 78.08 | O85: =SUM(O83:O84) -> 1177327.4 | P85: + | Q85: =SUM(Q83:Q84) -> 1170664 | R85: = | S85: =SUM(S83:S84) -> 2347991.4 | T85: =SUM(T83:T84) -> 2347992 | U85: =SUM(U83:U84) -> 2347992 | V85: =T85+U85 -> 4695984
M87: =IF(M85=NewData!Q90,"","Error")
A88: TEXAS A&M UNIVERSITY HEALTH SCIENCE CENTER #709
A89: Medical Educ. - College Station | B89: ME | D89: 000080 | G89: =VLOOKUP($D$89,collegecode,8,FALSE) -> 271 | L89: =J89-K89 -> 0 | M89: =ROUND(G89+H89+(F89/F$6)+(I89/I$6)+(L89/L$6),2) -> 271 | N89: =VLOOKUP($B89,weights,2,FALSE) -> 4.753 | O89: =ROUND(M89*N89*$O$6,2) -> 12479421 | P89: + | R89: = | S89: =Q89+O89 -> 12479421
A90: Medical Educ. - Dallas (850) | B90: ME | E90: 000850 | G90: =SUMIFS(NewData!J:J,NewData!$C:$C,'I&O Calc'!$D$89,NewData!$E:$E,'I&O Calc'!$E$90) -> 135 | L90: =J90-K90 -> 0 | M90: =ROUND(G90+H90+(F90/F$6)+(I90/I$6)+(L90/L$6),2) -> 135 | N90: =VLOOKUP($B90,weights,2,FALSE) -> 4.753 | O90: =ROUND(M90*N90*$O$6,2) -> 6216685.7 | P90: + | Q90: =ROUND(IF(M90<ClassSize,(1-(M90/200))*(VLOOKUP($B90,weights,3,FALSE))*M90,0),0) -> 1316250 | R90: = | S90: =Q90+O90 -> 7532935.7
A91: Medical Educ. - Houston Downtown (852) | B91: ME | E91: 000852 | G91: =SUMIFS(NewData!J:J,NewData!$C:$C,'I&O Calc'!$D$89,NewData!$E:$E,'I&O Calc'!$E$91) -> 178 | L91: =J91-K91 -> 0 | M91: =ROUND(G91+H91+(F91/F$6)+(I91/I$6)+(L91/L$6),2) -> 178 | N91: =VLOOKUP($B91,weights,2,FALSE) -> 4.753 | O91: =ROUND(M91*N91*$O$6,2) -> 8196815.2 | P91: + | Q91: 587400 | R91: = | S91: =Q91+O91 -> 8784215.2
A92: Medical Educ. - Round Rock (853) | B92: ME | E92: 000853 | G92: =SUMIFS(NewData!J:J,NewData!$C:$C,'I&O Calc'!$D$89,NewData!$E:$E,'I&O Calc'!$E$92) -> 60 | L92: =J92-K92 -> 0 | M92: =ROUND(G92+H92+(F92/F$6)+(I92/I$6)+(L92/L$6),2) -> 60 | N92: =VLOOKUP($B92,weights,2,FALSE) -> 4.753 | O92: =ROUND(M92*N92*$O$6,2) -> 2762971.4 | P92: + | Q92: 1260000 | R92: = | S92: =Q92+O92 -> 4022971.4
A93: Medical Educ. - Temple (854) | B93: ME | E93: 000854 | G93: =SUMIFS(NewData!J:J,NewData!$C:$C,'I&O Calc'!$D$89,NewData!$E:$E,'I&O Calc'!$E$93) -> 66 | L93: =J93-K93 -> 0 | M93: =ROUND(G93+H93+(F93/F$6)+(I93/I$6)+(L93/L$6),2) -> 66 | N93: =VLOOKUP($B93,weights,2,FALSE) -> 4.753 | O93: =ROUND(M93*N93*$O$6,2) -> 3039268.6 | P93: + | Q93: =ROUND(IF(M93<ClassSize,(1-(M93/200))*(VLOOKUP($B93,weights,3,FALSE))*M93,0),0) -> 1326600 | R93: = | S93: =Q93+O93 -> 4365868.6
A94: Medical Educ. - Houston North (855)* | B94: ME | E94: 000855 | G94: =SUMIFS(NewData!J:J,NewData!$C:$C,'I&O Calc'!$D$89,NewData!$E:$E,'I&O Calc'!$E$94) -> 20 | L94: =J94-K94 -> 0 | M94: =ROUND(G94+H94+(F94/F$6)+(I94/I$6)+(L94/L$6),2) -> 20 | N94: =VLOOKUP($B94,weights,2,FALSE) -> 4.753 | O94: =ROUND(M94*N94*$O$6,2) -> 920990.47 | P94: + | Q94: 540000 | R94: = | S94: =Q94+O94 -> 1460990.5
A95: Medical Education Total | C95: MET | G95: =SUM(G89:G94) -> 730 | L95: =SUM(L89:L94) -> 0 | M95: =SUM(M89:M94) -> 730 | O95: =SUM(O89:O94) -> 33616152 | Q95: =SUM(Q89:Q94) -> 5030250 | S95: =SUM(S89:S94) -> 38646402 | T95: =ROUND($S95,0) -> 38646402 | U95: =ROUND($S95,0) -> 38646402 | V95: =T95+U95 -> 77292804
A97: Dental Education - Baylor Dallas (850) | B97: DE | C97: DET | D97: 000406 | E97: 000850 | G97: =SUMIFS(NewData!J:J,NewData!$C:$C,'I&O Calc'!$D$97,NewData!$E:$E,'I&O Calc'!$E$97) -> 415 | H97: =VLOOKUP($D$97,collegecode,9,FALSE) -> 98 | L97: =J97-K97 -> 0 | M97: =ROUND(G97+H97+(F97/F$6)+(I97/I$6)+(L97/L$6),2) -> 513 | N97: =VLOOKUP($B97,weights,2,FALSE) -> 4.601 | O97: =ROUND(M97*N97*$O$6,2) -> 22867934 | P97: + | Q97: 0 | R97: = | S97: =Q97+O97 -> 22867934 | T97: =ROUND($S97,0) -> 22867934 | U97: =ROUND($S97,0) -> 22867934 | V97: =T97+U97 -> 45735868
A99: Biomed. Sci. - College Station | B99: BS | D99: 000180 | F99: =VLOOKUP($D$99,collegecode,5,FALSE) -> 169 | I99: =VLOOKUP($D$99,collegecode,6,FALSE) -> 1355 | J99: =VLOOKUP($D$99,collegecode,7,FALSE) -> 795 | K99: =VLOOKUP($D$99,collegecode,11,FALSE) -> 24 | L99: =J99-K99 -> 771 | M99: =ROUND(G99+H99+(F99/F$6)+(I99/I$6)+(L99/L$6),2) -> 104.93 | N99: =VLOOKUP($B99,weights,2,FALSE) -> 1.018 | O99: =ROUND(M99*N99*$O$6,2) -> 1034915.2 | P99: + | R99: = | S99: =Q99+O99 -> 1034915.2
A100: Biomed. Sci. - Dallas (850) | B100: BS | E100: 000850 | I100: =SUMIFS(NewData!H:H,NewData!$C:$C,$D$99,NewData!$E:$E,$E$100) -> 37 | J100: =SUMIFS(NewData!I:I,NewData!$C:$C,$D$99,NewData!$E:$E,$E$100) -> 26 | K100: =SUMIFS(NewData!M:M,NewData!$C:$C,$D$99,NewData!$E:$E,$E$100) -> 0 | L100: =J100-K100 -> 26 | M100: =ROUND(G100+H100+(F100/F$6)+(I100/I$6)+(L100/L$6),2) -> 2.99 | N100: =VLOOKUP($B100,weights,2,FALSE) -> 1.018 | O100: =ROUND(M100*N100*$O$6,2) -> 29490.1 | P100: + | Q100: 390508 | R100: = | S100: =Q100+O100 -> 419998.1
A101: Biomed. Sci. - Dallas (Dental) (850) | B101: BS | D101: 000417 | E101: 000850 | I101: =SUMIFS(NewData!H:H,NewData!$C:$C,$D$101,NewData!$E:$E,$E$101) -> 136 | J101: =SUMIFS(NewData!I:I,NewData!$C:$C,$D$101,NewData!$E:$E,$E$101) -> 239 | K101: =SUMIFS(NewData!M:M,NewData!$C:$C,$D$101,NewData!$E:$E,$E$101) -> 0 | L101: =J101-K101 -> 239 | M101: =ROUND(G101+H101+(F101/F$6)+(I101/I$6)+(L101/L$6),2) -> 18.94 | N101: =VLOOKUP($B101,weights,2,FALSE) -> 1.018 | O101: =ROUND(M101*N101*$O$6,2) -> 186803.53 | P101: + | R101: = | S101: =Q101+O101 -> 186803.53
A102: Biomed. Sci. - Houston (852) | B102: BS | D102: 000180 | E102: 000852 | I102: =SUMIFS(NewData!H:H,NewData!$C:$C,$D$102,NewData!$E:$E,$E$102) -> 274 | J102: =SUMIFS(NewData!I:I,NewData!$C:$C,$D$102,NewData!$E:$E,$E$102) -> 692 | K102: =SUMIFS(NewData!M:M,NewData!$C:$C,$D$102,NewData!$E:$E,$E$102) -> 21 | L102: =J102-K102 -> 671 | M102: =ROUND(G102+H102+(F102/F$6)+(I102/I$6)+(L102/L$6),2) -> 48.69 | N102: =VLOOKUP($B102,weights,2,FALSE) -> 1.018 | O102: =ROUND(M102*N102*$O$6,2) -> 480225.13 | P102: + | Q102: =ROUND(IF(M102<ClassSize,(1-(M102/200))*(VLOOKUP($B102,weights,3,FALSE))*M102,0),0) -> 736728 | R102: = | S102: =Q102+O102 -> 1216953.1
A103: Biomed. Sci. - Temple (854) | B103: BS | D103: 000180 | E103: 000854 | I103: =SUMIFS(NewData!H:H,NewData!$C:$C,$D$103,NewData!$E:$E,$E$103) -> 0 | J103: =SUMIFS(NewData!I:I,NewData!$C:$C,$D$103,NewData!$E:$E,$E$103) -> 36 | K103: =SUMIFS(NewData!M:M,NewData!$C:$C,$D$103,NewData!$E:$E,$E$103) -> 0 | L103: =J103-K103 -> 36 | M103: =ROUND(G103+H103+(F103/F$6)+(I103/I$6)+(L103/L$6),2) -> 2 | N103: =VLOOKUP($B103,weights,2,FALSE) -> 1.018 | O103: =ROUND(M103*N103*$O$6,2) -> 19725.82 | P103: + | Q103: =ROUND(IF(M103<ClassSize,(1-(M103/200))*(VLOOKUP($B103,weights,3,FALSE))*M103,0),0) -> 39600 | R103: = | S103: =Q103+O103 -> 59325.82
A104: Biomed. Sci. - Houston North (855)* | B104: BS | D104: 000180 | E104: 000855 | I104: =SUMIFS(NewData!H:H,NewData!$C:$C,$D$104,NewData!$E:$E,$E$104) -> 0 | J104: =SUMIFS(NewData!I:I,NewData!$C:$C,$D$104,NewData!$E:$E,$E$104) -> 0 | K104: =SUMIFS(NewData!M:M,NewData!$C:$C,$D$104,NewData!$E:$E,$E$104) -> 0 | L104: =J104-K104 -> 0 | M104: =ROUND(G104+H104+(F104/F$6)+(I104/I$6)+(L104/L$6),2) -> 0 | N104: =VLOOKUP($B104,weights,2,FALSE) -> 1.018 | O104: =ROUND(M104*N104*$O$6,2) -> 0 | P104: + | Q104: 0 | R104: = | S104: =Q104+O104 -> 0
A105: Biomedical Science Total | C105: BST | F105: =SUM(F99:F104) -> 169 | G105: =SUM(G99:G104) -> 0 | H105: =SUM(H99:H104) -> 0 | I105: =SUM(I99:I104) -> 1802 | J105: =SUM(J99:J104) -> 1788 | K105: =SUM(K99:K104) -> 45 | L105: =SUM(L99:L104) -> 1743 | M105: =SUM(M99:M104) -> 177.55 | O105: =SUM(O99:O104) -> 1751159.8 | Q105: =SUM(Q99:Q104) -> 1166836 | S105: =SUM(S99:S104) -> 2917995.8 | T105: =ROUND($S105,0) -> 2917996 | U105: =ROUND($S105,0) -> 2917996 | V105: =T105+U105 -> 5835992
A107: Allied Health - Baylor Dental Hyg (850) | B107: AH | C107: AHT | D107: 000405 | E107: 000850 | F107: =SUMIFS(NewData!G:G,NewData!$C:$C,'I&O Calc'!$D$107,NewData!$E:$E,'I&O Calc'!E$107) -> 1975 | I107: =SUMIFS(NewData!H:H,NewData!$C:$C,'I&O Calc'!$D$107,NewData!$E:$E,'I&O Calc'!E$107) -> 0 | L107: =J107-K107 -> 0 | M107: =ROUND(G107+H107+(F107/F$6)+(I107/I$6)+(L107/L$6),2) -> 65.83 | N107: =VLOOKUP($B107,weights,2,FALSE) -> 1 | O107: =ROUND(M107*N107*$O$6,2) -> 637795.11 | P107: + | Q107: 883241 | R107: = | S107: =Q107+O107 -> 1521036.1 | T107: =ROUND($S107,0) -> 1521036 | U107: =ROUND($S107,0) -> 1521036 | V107: =T107+U107 -> 3042072
A109: Nursing - College Station | B109: NU | D109: 000079 | F109: =VLOOKUP($D$109,collegecode,5,FALSE) -> 8286 | I109: =VLOOKUP($D$109,collegecode,6,FALSE) -> 1655 | J109: =VLOOKUP($D$109,collegecode,7,FALSE) -> 205 | K109: =VLOOKUP($D$109,collegecode,11,FALSE) -> 0 | L109: =J109-K109 -> 205 | M109: =ROUND(G109+H109+(F109/F$6)+(I109/I$6)+(L109/L$6),2) -> 356.55 | N109: =VLOOKUP($B109,weights,2,FALSE) -> 1.138 | O109: =ROUND(M109*N109*$O$6,2) -> 3931153.8 | P109: + | R109: = | S109: =Q109+O109 -> 3931153.8
A110: Nursing - Round Rock (853) | B110: NU | E110: 000853 | F110: =SUMIFS(NewData!G:G,NewData!$C:$C,$D$109,NewData!$E:$E,$E$110) -> 5288 | I110: =SUMIFS(NewData!H:H,NewData!$C:$C,$D$109,NewData!$E:$E,$E$110) -> 0 | J110: =SUMIFS(NewData!I:I,NewData!$C:$C,$D$109,NewData!$E:$E,$E$110) -> 0 | K110: =SUMIFS(NewData!M:M,NewData!$C:$C,$D$109,NewData!$E:$E,$E$110) -> 0 | L110: =J110-K110 -> 0 | M110: =ROUND(G110+H110+(F110/F$6)+(I110/I$6)+(L110/L$6),2) -> 176.27 | N110: =VLOOKUP($B110,weights,2,FALSE) -> 1.138 | O110: =ROUND(M110*N110*$O$6,2) -> 1943470.7 | P110: + | Q110: 418289 | R110: = | S110: =Q110+O110 -> 2361759.7
A111: Nursing - McAllen (857) | B111: NU | E111: 000857 | F111: =SUMIFS(NewData!G:G,NewData!$C:$C,$D$109,NewData!$E:$E,$E$111) -> 0 | I111: =SUMIFS(NewData!H:H,NewData!$C:$C,$D$109,NewData!$E:$E,$E$111) -> 0 | J111: =SUMIFS(NewData!I:I,NewData!$C:$C,$D$109,NewData!$E:$E,$E$111) -> 0 | K111: =SUMIFS(NewData!M:M,NewData!$C:$C,$D$109,NewData!$E:$E,$E$111) -> 0 | L111: =J111-K111 -> 0 | M111: =ROUND(G111+H111+(F111/F$6)+(I111/I$6)+(L111/L$6),2) -> 0 | N111: =VLOOKUP($B111,weights,2,FALSE) -> 1.138 | O111: =ROUND(M111*N111*$O$6,2) -> 0 | P111: + | Q111: 0 | R111: = | S111: =Q111+O111 -> 0
A112: Nursing Total | C112: NUT | F112: =SUM(F109:F111) -> 13574 | I112: =SUM(I109:I111) -> 1655 | J112: =SUM(J109:J111) -> 205 | K112: =SUM(K109:K111) -> 0 | L112: =SUM(L109:L111) -> 205 | M112: =SUM(M109:M111) -> 532.82 | O112: =SUM(O109:O111) -> 5874624.4 | P112: + | Q112: =SUM(Q109:Q111) -> 418289 | R112: = | S112: =SUM(S109:S111) -> 6292913.4 | T112: =ROUND($S112,0) -> 6292913 | U112: =ROUND($S112,0) -> 6292913 | V112: =T112+U112 -> 12585826
A114: Pharmacy - College Station | B114: P | D114: 000088 | I114: =VLOOKUP(D114,collegecode,6,FALSE) -> 6969 | J114: =VLOOKUP(D114,collegecode,7,FALSE) -> 0 | L114: =J114-K114 -> 0 | M114: =ROUND(G114+H114+(F114/F$6)+(I114/I$6)+(L114/L$6),2) -> 290.38 | N114: =VLOOKUP($B114,weights,2,FALSE) -> 1.67 | O114: =ROUND(M114*N114*$O$6,2) -> 4698297.3 | R114: = | S114: =Q114+O114 -> 4698297.3
A115: Pharmacy - Kingsville (856) | B115: P | E115: 000856 | I115: =SUMIFS(NewData!H:H,NewData!$C:$C,$D$114,NewData!$E:$E,$E$115) -> 10102 | J115: =SUMIFS(NewData!I:I,NewData!$C:$C,$D$114,NewData!$E:$E,$E$115) -> 0 | L115: =J115-K115 -> 0 | M115: =ROUND(G115+H115+(F115/F$6)+(I115/I$6)+(L115/L$6),2) -> 420.92 | N115: =VLOOKUP($B115,weights,2,FALSE) -> 1.67 | O115: =ROUND(M115*N115*$O$6,2) -> 6810411.6 | Q115: 0 | R115: = | S115: =Q115+O115 -> 6810411.6
A116: Pharmacy Total | C116: PT | I116: =SUM(I114:I115) -> 17071 | J116: =SUM(J114:J115) -> 0 | L116: =J116-K116 -> 0 | M116: =SUM(M114:M115) -> 711.3 | O116: =SUM(O114:O115) -> 11508709 | P116: + | Q116: =SUM(Q114:Q115) -> 0 | R116: = | S116: =SUM(S114:S115) -> 11508709 | T116: =ROUND($S116,0) -> 11508709 | U116: =ROUND($S116,0) -> 11508709 | V116: =T116+U116 -> 23017418
A118: Public Health - College Station | B118: PH | D118: 000087 | F118: =VLOOKUP($D$118,collegecode,5,FALSE) -> 15042 | I118: =VLOOKUP($D$118,collegecode,6,FALSE) -> 8232 | J118: =VLOOKUP($D$118,collegecode,7,FALSE) -> 1103 | K118: =VLOOKUP($D$118,collegecode,11,FALSE) -> 1 | L118: =J118-K118 -> 1102 | M118: =ROUND(G118+H118+(F118/F$6)+(I118/I$6)+(L118/L$6),2) -> 905.62 | N118: =VLOOKUP($B118,weights,2,FALSE) -> 1.721 | O118: =ROUND(M118*N118*$O$6,2) -> 15100252 | P118: + | R118: = | S118: =Q118+O118 -> 15100252
A119: Public Health - Dallas (850) | B119: PH | E119: 000850 | F119: =SUMIFS(NewData!G:G,NewData!$C:$C,$D$118,NewData!$E:$E,$E$119) -> 0 | G119: =SUMIFS(NewData!J:J,NewData!$C:$C,D118,NewData!$E:$E,E119) -> 0 | H119: =SUMIFS(NewData!K:K,NewData!$C:$C,$D$118,NewData!$E:$E,E119) -> 0 | I119: =SUMIFS(NewData!H:H,NewData!$C:$C,D118,NewData!$E:$E,E119) -> 0 | J119: =SUMIFS(NewData!I:I,NewData!$C:$C,$D$118,NewData!$E:$E,$E$119) -> 0 | K119: =SUMIFS(NewData!M:M,NewData!$C:$C,D118,NewData!$E:$E,E119) -> 0 | L119: =J119-K119 -> 0 | M119: =ROUND(G119+H119+(F119/F$6)+(I119/I$6)+(L119/L$6),2) -> 0 | N119: =VLOOKUP($B119,weights,2,FALSE) -> 1.721 | O119: =ROUND(M119*N119*$O$6,2) -> 0 | P119: + | Q119: =ROUND(IF(M119<ClassSize,(1-(M119/200))*(VLOOKUP($B119,weights,3,FALSE))*M119,0),0) -> 0 | R119: = | S119: =Q119+O119 -> 0
A120: Public Health - Austin (851) | B120: PH | E120: 000851 | F120: =SUMIFS(NewData!G:G,NewData!$C:$C,$D$118,NewData!$E:$E,$E$120) -> 0 | G120: =SUMIFS(NewData!J:J,NewData!$C:$C,$D$118,NewData!$E:$E,$E$120) -> 0 | H120: =SUMIFS(NewData!K:K,NewData!$C:$C,$D$118,NewData!$E:$E,$E$120) -> 0 | I120: =SUMIFS(NewData!H:H,NewData!$C:$C,$D$118,NewData!$E:$E,$E$120) -> 0 | J120: =SUMIFS(NewData!I:I,NewData!$C:$C,$D$118,NewData!$E:$E,$E$120) -> 0 | K120: =SUMIFS(NewData!M:M,NewData!$C:$C,$D$118,NewData!$E:$E,$E$120) -> 0 | L120: =J120-K120 -> 0 | M120: =ROUND(G120+H120+(F120/F$6)+(I120/I$6)+(L120/L$6),2) -> 0 | N120: =VLOOKUP($B120,weights,2,FALSE) -> 1.721 | O120: =ROUND(M120*N120*$O$6,2) -> 0 | P120: + | Q120: =ROUND(IF(M120<ClassSize,(1-(M120/200))*(VLOOKUP($B120,weights,3,FALSE))*M120,0),0) -> 0 | R120: = | S120: =Q120+O120 -> 0
A121: Public Health - Houston (852) | B121: PH | E121: 000852 | F121: =SUMIFS(NewData!G:G,NewData!$C:$C,$D$118,NewData!$E:$E,$E$121) -> 0 | G121: =SUMIFS(NewData!J:J,NewData!$C:$C,$D$118,NewData!$E:$E,$E$121) -> 0 | H121: =SUMIFS(NewData!K:K,NewData!$C:$C,$D$118,NewData!$E:$E,$E$121) -> 0 | I121: =SUMIFS(NewData!H:H,NewData!$C:$C,$D$118,NewData!$E:$E,$E$121) -> 299 | J121: =SUMIFS(NewData!I:I,NewData!$C:$C,$D$118,NewData!$E:$E,$E$121) -> 0 | K121: =SUMIFS(NewData!M:M,NewData!$C:$C,$D$118,NewData!$E:$E,$E$121) -> 0 | L121: =J121-K121 -> 0 | M121: =ROUND(G121+H121+(F121/F$6)+(I121/I$6)+(L121/L$6),2) -> 12.46 | N121: =VLOOKUP($B121,weights,2,FALSE) -> 1.721 | O121: =ROUND(M121*N121*$O$6,2) -> 207757.27 | P121: + | Q121: 233675 | R121: = | S121: =Q121+O121 -> 441432.27
A122: Public Health - Round Rock (853) | B122: PH | E122: 000853 | F122: =SUMIFS(NewData!G:G,NewData!$C:$C,$D$118,NewData!$E:$E,$E$122) -> 0 | G122: =SUMIFS(NewData!J:J,NewData!$C:$C,$D$118,NewData!$E:$E,$E$122) -> 0 | H122: =SUMIFS(NewData!K:K,NewData!$C:$C,$D$118,NewData!$E:$E,$E$122) -> 0 | I122: =SUMIFS(NewData!H:H,NewData!$C:$C,$D$118,NewData!$E:$E,$E$122) -> 0 | J122: =SUMIFS(NewData!I:I,NewData!$C:$C,$D$118,NewData!$E:$E,$E$122) -> 0 | K122: =SUMIFS(NewData!M:M,NewData!$C:$C,$D$118,NewData!$E:$E,$E$122) -> 0 | L122: =J122-K122 -> 0 | M122: =ROUND(G122+H122+(F122/F$6)+(I122/I$6)+(L122/L$6),2) -> 0 | N122: =VLOOKUP($B122,weights,2,FALSE) -> 1.721 | O122: =ROUND(M122*N122*$O$6,2) -> 0 | P122: + | Q122: =ROUND(IF(M122<ClassSize,(1-(M122/200))*(VLOOKUP($B122,weights,3,FALSE))*M122,0),0) -> 0 | R122: = | S122: =Q122+O122 -> 0
...

Sheet NewData
A1: HRI Funding -- BY 2023, run at 27 Feb 2023 at 16:30
A2: SCH from Summer 2022, Fall 2022, Spring 2023 -- Classes A-D and M with flex-entry = 2 are included | G2: G | H2: H | I2: I | J2: J | K2: K | L2: L | M2: M
A3: P Count from Fall 2022 -- M Count ("Dent") is highest count among the three terms | J3: HEADCOUNT | M3: doctoral sch greater than the limit
G4: undergrad sch | H4: masters sch | I4: doctoral sch | J4: medical/dental professional student | K4: dental student | L4: podiatry student | M4: Doc SCH | Q4: TOTAL FTE per HRI-FINAL RUN | R4: TOTAL FTE per HRI-INITIAL RUN | S4: FINAL - INITIAL | T4: Percent change
A5: Inst | C5: College | E5: Remote | G5: Ug SCH | H5: M SCH | I5: D SCH | J5: P-Cnt | K5: Dent | L5: Pod | M5: GT Limit | N5: Total | O5: FTE | P5: I & O Funding Category
A7: 000030 | B7: UT SOUTHWESTERN MED CTR DALLAS | C7: 000101 | D7: UT SW GRAD SCH BIOMED SCI | G7: 0 | H7: 4573 | I7: 12356 | J7: 0 | K7: 0 | L7: 0 | M7: 1306 | N7: 15623 | O7: 804.43 | P7: Biomedical Science - Dallas
A8: 000030 | B8: UT SOUTHWESTERN MED CTR DALLAS | C8: 003660 | D8: UT SOUTHWESTERN MEDICAL SCHOOL | G8: 0 | H8: 0 | I8: 0 | J8: 923 | K8: 0 | L8: 0 | M8: 0 | N8: 0 | O8: 923 | P8: Medical Education - Dallas
A9: 000030 | B9: UT SOUTHWESTERN MED CTR DALLAS | C9: 010019 | D9: UT SW SCH OF HEALTH PROF | G9: 0 | H9: 12213 | I9: 298 | J9: 0 | K9: 0 | L9: 0 | M9: 0 | N9: 12511 | O9: 525.43 | P9: Allied Health - Dallas | Q9: =SUM(O7:O9) -> 2252.86 | R9: 2248.36 | S9: =Q9-R9 -> 4.5 | T9: =S9/R9 -> 0.0020014588
A10: 000040 | B10: UT HEALTH SCIENCE CTR/SA | C10: 000301 | D10: UT GRAD SCH BIOMED SCI/SA | G10: 0 | H10: 1517 | I10: 4639 | J10: 0 | K10: 0 | L10: 0 | M10: 0 | N10: 6156 | O10: 320.93 | P10: Biomedical Science - San Antonio
A11: 000040 | B11: UT HEALTH SCIENCE CTR/SA | C11: 000302 | D11: UT SCHOOL OF NURSING/SA | G11: 19064 | H11: 48 | I11: 4225 | J11: 0 | K11: 0 | L11: 0 | M11: 0 | N11: 23337 | O11: 872.19 | P11: Nursing - San Antonio
A12: 000040 | B12: UT HEALTH SCIENCE CTR/SA | C12: 000303 | D12: UT SCH OF HEALTH PROF/SA | G12: 7674 | H12: 19876 | I12: 5894 | J12: 0 | K12: 0 | L12: 0 | M12: 0 | N12: 33444 | O12: 1411.41 | P12: Allied Health - San Antonio
A13: 000040 | B13: UT HEALTH SCIENCE CTR/SA | C13: 000303 | D13: UT SCH OF HEALTH PROF/SA | E13: 000884 | F13: UT HSC SA-LAREDO RESEARCH DIV | G13: 49 | H13: 1012 | I13: 21 | J13: 0 | K13: 0 | L13: 0 | M13: 0 | N13: 1082 | O13: 44.97 | P13: Allied Health - Laredo (884)
A14: 000040 | B14: UT HEALTH SCIENCE CTR/SA | C14: 000304 | D14: UT DENTAL SCHOOL/ACADEMICS SA | G14: 0 | H14: 0 | I14: 0 | J14: 0 | K14: 0 | L14: 0 | M14: 0 | N14: 0 | O14: 96 | P14: Dental Education - San Antonio
A15: 000040 | B15: UT HEALTH SCIENCE CTR/SA | C15: 000304 | D15: UT DENTAL SCHOOL/ACADEMICS SA | E15: 000884 | F15: UT HSC SA-LAREDO RESEARCH DIV | G15: 0 | H15: 0 | I15: 0 | J15: 0 | K15: 4 | L15: 0 | M15: 0 | N15: 0 | O15: 4 | P15: Dental Education - Laredo (884)
A16: 000040 | B16: UT HEALTH SCIENCE CTR/SA | C16: 000305 | D16: UT MEDICAL SCHOOL/ACADEMICS SA | G16: 0 | H16: 307 | I16: 0 | J16: 0 | K16: 0 | L16: 0 | M16: 0 | N16: 307 | O16: 12.79 | P16: Allied Health - San Antonio
A17: 000040 | B17: UT HEALTH SCIENCE CTR/SA | C17: 000305 | D17: UT MEDICAL SCHOOL/ACADEMICS SA | E17: 000312 | F17: UTHSC TX HEAR INST-HOUSTON | G17: 0 | H17: 34 | I17: 0 | J17: 0 | K17: 0 | L17: 0 | M17: 0 | N17: 34 | O17: 1.42 | P17: Allied Health - Houston (312)
A18: 000040 | B18: UT HEALTH SCIENCE CTR/SA | C18: 000311 | D18: UT HSC SA - CL DENTAL HYGIENE | G18: 1312 | H18: 0 | I18: 0 | J18: 0 | K18: 0 | L18: 0 | M18: 0 | N18: 1312 | O18: 43.73 | P18: Allied Health (Dental Hygiene) - San Antonio
A19: 000040 | B19: UT HEALTH SCIENCE CTR/SA | C19: 003659 | D19: UT MEDICAL SCHOOL-SAN ANTONIO | G19: 0 | H19: 0 | I19: 0 | J19: 873 | K19: 0 | L19: 0 | M19: 0 | N19: 0 | O19: 873 | P19: Medical Education - San Antonio
A20: 000040 | B20: UT HEALTH SCIENCE CTR/SA | C20: 009799 | D20: UT DENTAL SCHOOL SAN ANTONIO | G20: 0 | H20: 0 | I20: 0 | J20: 420 | K20: 96 | L20: 0 | M20: 0 | N20: 0 | O20: 420 | P20: Dental Education - San Antonio | Q20: =SUM(O10:O20) -> 4100.44 | R20: 4055.16 | S20: =Q20-R20 -> 45.28 | T20: =S20/R20 -> 0.011166021
A21: 000041 | B21: BAYLOR COLLEGE OF MEDICINE | C21: 000407 | D21: BAYLOR COLL MED-GRAD BIOMED SC | G21: 0 | H21: 0 | I21: 0 | J21: 0 | K21: 0 | L21: 0 | M21: 0 | N21: 0 | O21: 0 | P21: Biomedical Science - Houston
A22: 000041 | B22: BAYLOR COLLEGE OF MEDICINE | C22: 004949 | D22: BAYLOR COLL MED-MEDICAL SCHOOL | G22: 0 | H22: 0 | I22: 0 | J22: 733 | K22: 0 | L22: 0 | M22: 0 | N22: 0 | O22: 733 | P22: Medical Education - Houston
A23: 000041 | B23: BAYLOR COLLEGE OF MEDICINE | C23: 104949 | D23: BAYLOR COLL OF MEDICINE/ACAD | G23: 0 | H23: 0 | I23: 0 | J23: 0 | K23: 0 | L23: 0 | M23: 0 | N23: 0 | O23: 0 | P23: Biomedical Science - Houston
A24: 000089 | B24: TAMU SYSTEM HLTH SCI CTR | C24: 000079 | D24: TAMUS HSC-COL OF NURSING | G24: 8286 | H24: 1655 | I24: 205 | J24: 0 | K24: 0 | L24: 0 | M24: 0 | N24: 10146 | O24: 356.55 | P24: Nursing - College Station
A25: 000089 | B25: TAMU SYSTEM HLTH SCI CTR | C25: 000079 | D25: TAMUS HSC-COL OF NURSING | E25: 000853 | F25: TAMUS HSC-ROUND ROCK CAMPUS | G25: 5288 | H25: 0 | I25: 0 | J25: 0 | K25: 0 | L25: 0 | M25: 0 | N25: 5288 | O25: 176.27 | P25: Nursing - Round Rock (853)
A26: 000089 | B26: TAMU SYSTEM HLTH SCI CTR | C26: 000080 | D26: TAMUS HSC-COLLEGE OF MEDICINE | G26: 0 | H26: 0 | I26: 0 | J26: 271 | K26: 0 | L26: 0 | M26: 0 | N26: 0 | O26: 271 | P26: Medical Education - College Station
A27: 000089 | B27: TAMU SYSTEM HLTH SCI CTR | C27: 000080 | D27: TAMUS HSC-COLLEGE OF MEDICINE | E27: 000850 | F27: TAMUS HSC-DALLAS CAMPUS | G27: 0 | H27: 0 | I27: 0 | J27: 135 | K27: 0 | L27: 0 | M27: 0 | N27: 0 | O27: 135 | P27: Medical Education - Dallas (850)
A28: 000089 | B28: TAMU SYSTEM HLTH SCI CTR | C28: 000080 | D28: TAMUS HSC-COLLEGE OF MEDICINE | E28: 000852 | F28: TAMUS HSC-HOUSTON DOWNTOWN | G28: 0 | H28: 0 | I28: 0 | J28: 178 | K28: 0 | L28: 0 | M28: 0 | N28: 0 | O28: 178 | P28: Medical Education - Houston Downtown (852)
A29: 000089 | B29: TAMU SYSTEM HLTH SCI CTR | C29: 000080 | D29: TAMUS HSC-COLLEGE OF MEDICINE | E29: 000853 | F29: TAMUS HSC-ROUND ROCK CAMPUS | G29: 0 | H29: 0 | I29: 0 | J29: 60 | K29: 0 | L29: 0 | M29: 0 | N29: 0 | O29: 60 | P29: Medical Education - Round Rock (853)
A30: 000089 | B30: TAMU SYSTEM HLTH SCI CTR | C30: 000080 | D30: TAMUS HSC-COLLEGE OF MEDICINE | E30: 000854 | F30: TAMUS HSC-TEMPLE CAMPUS | G30: 0 | H30: 0 | I30: 0 | J30: 66 | K30: 0 | L30: 0 | M30: 0 | N30: 0 | O30: 66 | P30: Medical Education - Temple (854)
A31: 000089 | B31: TAMU SYSTEM HLTH SCI CTR | C31: 000080 | D31: TAMUS HSC-COLLEGE OF MEDICINE | E31: 000855 | F31: TAMUS HSC-HOUSTON NORTH | G31: 0 | H31: 0 | I31: 0 | J31: 20 | K31: 0 | L31: 0 | M31: 0 | N31: 0 | O31: 20 | P31: Medical Education - Houston North (855)
A32: 000089 | B32: TAMU SYSTEM HLTH SCI CTR | C32: 000087 | D32: TAMUS HSC-SCH RURAL PUBLIC HLT | G32: 15042 | H32: 8232 | I32: 1103 | J32: 0 | K32: 0 | L32: 0 | M32: 1 | N32: 24376 | O32: 905.62 | P32: Public Health - College Station
A33: 000089 | B33: TAMU SYSTEM HLTH SCI CTR | C33: 000087 | D33: TAMUS HSC-SCH RURAL PUBLIC HLT | E33: 000852 | F33: TAMUS HSC-HOUSTON DOWNTOWN | G33: 0 | H33: 299 | I33: 0 | J33: 0 | K33: 0 | L33: 0 | M33: 0 | N33: 299 | O33: 12.46 | P33: Medical Education - Houston Downtown (852)
A34: 000089 | B34: TAMU SYSTEM HLTH SCI CTR | C34: 000087 | D34: TAMUS HSC-SCH RURAL PUBLIC HLT | E34: 000857 | F34: TAMUS HSC-MCALLEN CAMPUS | G34: 612 | H34: 1 | I34: 0 | J34: 0 | K34: 0 | L34: 0 | M34: 0 | N34: 613 | O34: 20.44 | P34: Public Health - McAllen (857)
A35: 000089 | B35: TAMU SYSTEM HLTH SCI CTR | C35: 000088 | D35: TAMUS HSC-COL OF PHARMACY | G35: 0 | H35: 6969 | I35: 0 | J35: 0 | K35: 0 | L35: 0 | M35: 0 | N35: 6969 | O35: 290.38 | P35: Pharmacy - College Station
A36: 000089 | B36: TAMU SYSTEM HLTH SCI CTR | C36: 000088 | D36: TAMUS HSC-COL OF PHARMACY | E36: 000856 | F36: TAMUS HSC-KINGSVILLE CAMPUS | G36: 0 | H36: 10102 | I36: 0 | J36: 0 | K36: 0 | L36: 0 | M36: 0 | N36: 10102 | O36: 420.92 | P36: Pharmacy - Kingsville (856)
A37: 000089 | B37: TAMU SYSTEM HLTH SCI CTR | C37: 000180 | D37: TAMUS HSC-COL OF MEDICINE-ACAD | G37: 169 | H37: 1355 | I37: 795 | J37: 0 | K37: 0 | L37: 0 | M37: 24 | N37: 2295 | O37: 104.93 | P37: Medical Education - College Station
A38: 000089 | B38: TAMU SYSTEM HLTH SCI CTR | C38: 000180 | D38: TAMUS HSC-COL OF MEDICINE-ACAD | E38: 000850 | F38: TAMUS HSC-DALLAS CAMPUS | G38: 0 | H38: 37 | I38: 26 | J38: 0 | K38: 0 | L38: 0 | M38: 0 | N38: 63 | O38: 2.99
A39: 000089 | B39: TAMU SYSTEM HLTH SCI CTR | C39: 000180 | D39: TAMUS HSC-COL OF MEDICINE-ACAD | E39: 000852 | F39: TAMUS HSC-HOUSTON DOWNTOWN | G39: 0 | H39: 274 | I39: 692 | J39: 0 | K39: 0 | L39: 0 | M39: 21 | N39: 945 | O39: 48.69 | P39: Medical Education - Houston Downtown (852)
A40: 000089 | B40: TAMU SYSTEM HLTH SCI CTR | C40: 000180 | D40: TAMUS HSC-COL OF MEDICINE-ACAD | E40: 000854 | F40: TAMUS HSC-TEMPLE CAMPUS | G40: 0 | H40: 0 | I40: 36 | J40: 0 | K40: 0 | L40: 0 | M40: 0 | N40: 36 | O40: 2 | P40: Medical Education - Temple (854)
A41: 000089 | B41: TAMU SYSTEM HLTH SCI CTR | C41: 000405 | D41: TAMUS HSC-BAYLOR CL DN HYGIENE | E41: 000850 | F41: TAMUS HSC-DALLAS CAMPUS | G41: 1975 | H41: 0 | I41: 0 | J41: 0 | K41: 0 | L41: 0 | M41: 0 | N41: 1975 | O41: 65.83 | P41: Allied Health (Dental) - Dallas (850)
A42: 000089 | B42: TAMU SYSTEM HLTH SCI CTR | C42: 000406 | D42: TAMUS HSC-BAYLOR CL DEN ADV ED | E42: 000850 | F42: TAMUS HSC-DALLAS CAMPUS | G42: 0 | H42: 0 | I42: 0 | J42: 415 | K42: 98 | L42: 0 | M42: 0 | N42: 0 | O42: 98 | P42: Dental Education - Dallas (850)
A43: 000089 | B43: TAMU SYSTEM HLTH SCI CTR | C43: 000417 | D43: TAMUS HSC-BAYLOR CL DEN ADV ED | E43: 000850 | F43: TAMUS HSC-DALLAS CAMPUS | G43: 0 | H43: 136 | I43: 239 | J43: 0 | K43: 0 | L43: 0 | M43: 0 | N43: 375 | O43: 18.94 | P43: Biomedical Science (Dental) - Dallas (850)
A44: 000089 | B44: TAMU SYSTEM HLTH SCI CTR | C44: 004948 | D44: TAMUS HSC-BAYLOR CL DENTAL SCH | E44: 000850 | F44: TAMUS HSC-DALLAS CAMPUS | G44: 0 | H44: 0 | I44: 0 | J44: 0 | K44: 0 | L44: 0 | M44: 0 | N44: 0 | O44: 415 | P44: Dental Education - Dallas (850) | Q44: =SUM(O24:O44) -> 3669.02 | R44: 3677.24 | S44: =Q44-R44 -> -8.22 | T44: =S44/R44 -> -0.0022353722
A45: 000130 | B45: UNT HEALTH SCIENCE CENTER | C45: 000131 | D45: UNT SCH BIOMED SCIENCES | G45: 144 | H45: 12483 | I45: 1863 | J45: 0 | K45: 0 | L45: 0 | M45: 85 | N45: 14405 | O45: 623.7 | P45: Biomedical Science - Ft. Worth
A46: 000130 | B46: UNT HEALTH SCIENCE CENTER | C46: 000133 | D46: UNT SCH OF HEALTH PROFESSIONS | G46: 0 | H46: 13897 | I46: 0 | J46: 0 | K46: 0 | L46: 0 | M46: 0 | N46: 13897 | O46: 579.04 | P46: Allied Health - Ft. Worth
A47: 000130 | B47: UNT HEALTH SCIENCE CENTER | C47: 000134 | D47: UNT SCHOOL OF PUBLIC HEALTH | G47: 0 | H47: 3641 | I47: 223 | J47: 0 | K47: 0 | L47: 0 | M47: 0 | N47: 3864 | O47: 164.1 | P47: Public Health - Ft. Worth
A48: 000130 | B48: UNT HEALTH SCIENCE CENTER | C48: 000136 | D48: UNT SCHOOL OF PHARMACY | G48: 0 | H48: 12490 | I48: 0 | J48: 0 | K48: 0 | L48: 0 | M48: 0 | N48: 12490 | O48: 520.42 | P48: Pharmacy - Ft. Worth
A49: 000130 | B49: UNT HEALTH SCIENCE CENTER | C49: 009768 | D49: TEX COL OSTEOPATHIC MEDICINE | G49: 0 | H49: 0 | I49: 0 | J49: 935 | K49: 0 | L49: 0 | M49: 0 | N49: 0 | O49: 935 | P49: Medical Education - Ft. Worth | Q49: =SUM(O45:O49) -> 2822.26 | R49: 2932.31 | S49: =Q49-R49 -> -110.05 | T49: =S49/R49 -> -0.037530138
A50: 000412 | B50: TEXAS TECH UNIV HLTH SCI CTR | C50: 000413 | D50: TX TECH HSC SCH OF ALLIED HLTH | G50: 8225 | H50: 24709 | I50: 6156 | J50: 0 | K50: 0 | L50: 0 | M50: 0 | N50: 39090 | O50: 1645.71 | P50: Allied Health - Lubbock
A51: 000412 | B51: TEXAS TECH UNIV HLTH SCI CTR | C51: 000413 | D51: TX TECH HSC SCH OF ALLIED HLTH | E51: 000860 | F51: TX TECH HSC-AMARILLO | G51: 0 | H51: 1460 | I51: 0 | J51: 0 | K51: 0 | L51: 0 | M51: 0 | N51: 1460 | O51: 60.83 | P51: Allied Health - Amarillo (860)
A52: 000412 | B52: TEXAS TECH UNIV HLTH SCI CTR | C52: 000413 | D52: TX TECH HSC SCH OF ALLIED HLTH | E52: 000863 | F52: TX TECH HSC-MIDLAND | G52: 0 | H52: 7368 | I52: 0 | J52: 0 | K52: 0 | L52: 0 | M52: 0 | N52: 7368 | O52: 307 | P52: Allied Health - Midland (863)
A53: 000412 | B53: TEXAS TECH UNIV HLTH SCI CTR | C53: 000413 | D53: TX TECH HSC SCH OF ALLIED HLTH | E53: 000864 | F53: TX TECH HSC-ODESSA | G53: 0 | H53: 1538 | I53: 0 | J53: 0 | K53: 0 | L53: 0 | M53: 0 | N53: 1538 | O53: 64.08 | P53: Allied Health - Odessa (864)
A54: 000412 | B54: TEXAS TECH UNIV HLTH SCI CTR | C54: 000416 | D54: TX TECH HSC SCH OF PHARMACY | G54: 0 | H54: 1105 | I54: 0 | J54: 0 | K54: 0 | L54: 0 | M54: 0 | N54: 1105 | O54: 46.04 | P54: Pharmacy - Lubbock
A55: 000412 | B55: TEXAS TECH UNIV HLTH SCI CTR | C55: 000416 | D55: TX TECH HSC SCH OF PHARMACY | E55: 000860 | F55: TX TECH HSC-AMARILLO | G55: 0 | H55: 4457 | I55: 0 | J55: 0 | K55: 0 | L55: 0 | M55: 0 | N55: 4457 | O55: 185.71 | P55: Pharmacy - Amarillo (860)
A56: 000412 | B56: TEXAS TECH UNIV HLTH SCI CTR | C56: 000416 | D56: TX TECH HSC SCH OF PHARMACY | E56: 000861 | F56: TX TECH HSC-ABILENE | G56: 0 | H56: 3556 | I56: 0 | J56: 0 | K56: 0 | L56: 0 | M56: 0 | N56: 3556 | O56: 148.17 | P56: Pharmacy - Abilene (861)
A57: 000412 | B57: TEXAS TECH UNIV HLTH SCI CTR | C57: 000416 | D57: TX TECH HSC SCH OF PHARMACY | E57: 000866 | F57: TTU HSC-DALLAS PHARM CLINIC PL | G57: 0 | H57: 9867 | I57: 0 | J57: 0 | K57: 0 | L57: 0 | M57: 0 | N57: 9867 | O57: 411.13 | P57: Pharmacy - Dallas (866)
A58: 000412 | B58: TEXAS TECH UNIV HLTH SCI CTR | C58: 000419 | D58: TTHSC DEPT OF PUBLIC HEALTH | G58: 0 | H58: 3160 | I58: 0 | J58: 0 | K58: 0 | L58: 0 | M58: 0 | N58: 3160 | O58: 131.67 | P58: Public Health
A59: 000412 | B59: TEXAS TECH UNIV HLTH SCI CTR | C59: 000419 | D59: TTHSC DEPT OF PUBLIC HEALTH | E59: 000861 | F59: TX TECH HSC-ABILENE | G59: 0 | H59: 93 | I59: 0 | J59: 0 | K59: 0 | L59: 0 | M59: 0 | N59: 93 | O59: 3.88 | P59: Public Health - Abilene (861)
A60: 000412 | B60: TEXAS TECH UNIV HLTH SCI CTR | C60: 010674 | D60: TX TECH U HSC SCH OF MEDICINE | G60: 0 | H60: 0 | I60: 0 | J60: 565 | K60: 0 | L60: 0 | M60: 0 | N60: 0 | O60: 565 | P60: Medical Education - Lubbock
A61: 000412 | B61: TEXAS TECH UNIV HLTH SCI CTR | C61: 010674 | D61: TX TECH U HSC SCH OF MEDICINE | E61: 000860 | F61: TX TECH HSC-AMARILLO | G61: 0 | H61: 0 | I61: 0 | J61: 104 | K61: 0 | L61: 0 | M61: 0 | N61: 0 | O61: 104 | P61: Medical Education - Amarillo (860)
A62: 000412 | B62: TEXAS TECH UNIV HLTH SCI CTR | C62: 010674 | D62: TX TECH U HSC SCH OF MEDICINE | E62: 000864 | F62: TX TECH HSC-ODESSA | G62: 0 | H62: 0 | I62: 0 | J62: 45 | K62: 0 | L62: 0 | M62: 0 | N62: 0 | O62: 45 | P62: Medical Education - Odessa (864)
A63: 000412 | B63: TEXAS TECH UNIV HLTH SCI CTR | C63: 110674 | D63: TX TECH U HSC SCH OF NURSING | G63: 35742 | H63: 9770 | I63: 1898 | J63: 0 | K63: 0 | L63: 0 | M63: 0 | N63: 47410 | O63: 1703.93 | P63: Nursing - Lubbock
A64: 000412 | B64: TEXAS TECH UNIV HLTH SCI CTR | C64: 110674 | D64: TX TECH U HSC SCH OF NURSING | E64: 000860 | F64: TX TECH HSC-AMARILLO | G64: 2272 | H64: 0 | I64: 0 | J64: 0 | K64: 0 | L64: 0 | M64: 0 | N64: 2272 | O64: 75.73
A65: 000412 | B65: TEXAS TECH UNIV HLTH SCI CTR | C65: 110674 | D65: TX TECH U HSC SCH OF NURSING | E65: 000861 | F65: TX TECH HSC-ABILENE | G65: 7814 | H65: 0 | I65: 0 | J65: 0 | K65: 0 | L65: 0 | M65: 0 | N65: 7814 | O65: 260.47 | P65: Nursing - Abilene (861)
A66: 000412 | B66: TEXAS TECH UNIV HLTH SCI CTR | C66: 110674 | D66: TX TECH U HSC SCH OF NURSING | E66: 000864 | F66: TX TECH HSC-ODESSA | G66: 2221 | H66: 0 | I66: 0 | J66: 0 | K66: 0 | L66: 0 | M66: 0 | N66: 2221 | O66: 74.03 | P66: Nursing - Odessa (864)
A67: 000412 | B67: TEXAS TECH UNIV HLTH SCI CTR | C67: 210674 | D67: TTU HSC GRAD SCH BIOMED SCI | G67: 0 | H67: 1041 | I67: 1242 | J67: 0 | K67: 0 | L67: 0 | M67: 0 | N67: 2283 | O67: 112.38 | P67: Biomedical Science - Lubbock
A68: 000412 | B68: TEXAS TECH UNIV HLTH SCI CTR | C68: 210674 | D68: TTU HSC GRAD SCH BIOMED SCI | E68: 000860 | F68: TX TECH HSC-AMARILLO | G68: 0 | H68: 44 | I68: 513 | J68: 0 | K68: 0 | L68: 0 | M68: 0 | N68: 557 | O68: 30.33 | P68: Biomedical Science - Amarillo (860)
A69: 000412 | B69: TEXAS TECH UNIV HLTH SCI CTR | C69: 210674 | D69: TTU HSC GRAD SCH BIOMED SCI | E69: 000861 | F69: TX TECH HSC-ABILENE | G69: 0 | H69: 136 | I69: 418 | J69: 0 | K69: 0 | L69: 0 | M69: 0 | N69: 554 | O69: 28.89 | P69: Biomedical Science - Abilene (861) | Q69: =SUM(O50:O69) -> 6003.98 | R69: 6091.24 | S69: =Q69-R69 -> -87.26 | T69: =S69/R69 -> -0.01432549
A70: 000862 | B70: TX TECH HSC-EL PASO | C70: 000418 | D70: TTHSC EP PAUL L FOSTER SCH OF | G70: 0 | H70: 0 | I70: 0 | J70: 449 | K70: 0 | L70: 0 | M70: 0 | N70: 0 | O70: 449 | P70: Medical Education
A71: 000862 | B71: TX TECH HSC-EL PASO | C71: 000420 | D71: TTHSC EP GAYLE G HUNT SCH NURS | G71: 9657 | H71: 42 | I71: 0 | J71: 0 | K71: 0 | L71: 0 | M71: 0 | N71: 9699 | O71: 323.65 | P71: Nursing
A72: 000862 | B72: TX TECH HSC-EL PASO | C72: 000421 | D72: WOODY L HUNT SCH OF DENTAL MED | G72: 0 | H72: 0 | I72: 0 | J72: 101 | K72: 0 | L72: 0 | M72: 0 | N72: 0 | O72: 101 | P72: Dental Medicine
A73: 000862 | B73: TX TECH HSC-EL PASO | C73: 000422 | D73: TTUHSC EP GRAD SCH BIOMED SCI | G73: 0 | H73: 819 | I73: 0 | J73: 0 | K73: 0 | L73: 0 | M73: 0 | N73: 819 | O73: 34.13 | P73: Biomedical Science - El Paso | Q73: =SUM(O70:O73) -> 907.78 | R73: 933 | S73: =Q73-R73 -> -25.22 | T73: =S73/R73 -> -0.027031083
A74: 011618 | B74: UT HEALTH SCI CENTER-HOUSTON | C74: 000201 | D74: UT SCHOOL OF NURSING/HOUSTON | G74: 19542 | H74: 6505 | I74: 8076 | J74: 0 | K74: 0 | L74: 0 | M74: 0 | N74: 34123 | O74: 1371.11 | P74: Nursing - Houston
A75: 011618 | B75: UT HEALTH SCI CENTER-HOUSTON | C75: 000203 | D75: UT SCH BIOMED INFORMATICS/HOUS | G75: 0 | H75: 3712 | I75: 987 | J75: 0 | K75: 0 | L75: 0 | M75: 25 | N75: 4674 | O75: 208.11 | P75: Allied Health (Informatics) - Houston
A76: 011618 | B76: UT HEALTH SCI CENTER-HOUSTON | C76: 000410 | D76: UT DENTAL ACA HOU ALLIED HLTH | G76: 1829 | H76: 132 | I76: 0 | J76: 0 | K76: 0 | L76: 0 | M76: 0 | N76: 1961 | O76: 66.47 | P76: Allied Health (Dental) - Houston
A77: 011618 | B77: UT HEALTH SCI CENTER-HOUSTON | C77: 000411 | D77: UT DENTAL BRANCH/ACAD-HOUSTON | G77: 0 | H77: 0 | I77: 0 | J77: 0 | K77: 0 | L77: 0 | M77: 0 | N77: 0 | O77: 95 | P77: Dental Education - Houston
A78: 011618 | B78: UT HEALTH SCI CENTER-HOUSTON | C78: 004951 | D78: UT DENTAL SCHOOL-HOUSTON | G78: 0 | H78: 0 | I78: 0 | J78: 419 | K78: 95 | L78: 0 | M78: 0 | N78: 0 | O78: 419 | P78: Dental Education - Houston
A79: 011618 | B79: UT HEALTH SCI CENTER-HOUSTON | C79: 004954 | D79: UT GRAD SCH BIOMED SCI/HOUSTON | G79: 0 | H79: 1751 | I79: 8232 | J79: 0 | K79: 0 | L79: 0 | M79: 286 | N79: 9697 | O79: 514.4 | P79: Biomedical Science - Houston
A80: 011618 | B80: UT HEALTH SCI CENTER-HOUSTON | C80: 006956 | D80: UT SCH OF PUBLIC HLTH/HOUSTON | G80: 0 | H80: 11257 | I80: 6677 | J80: 0 | K80: 0 | L80: 0 | M80: 3 | N80: 17931 | O80: 839.82 | P80: Public Health - Houston
A81: 011618 | B81: UT HEALTH SCI CENTER-HOUSTON | C81: 006956 | D81: UT SCH OF PUBLIC HLTH/HOUSTON | E81: 000871 | F81: UTHSC HOUSTON-AUSTIN | G81: 0 | H81: 3921 | I81: 648 | J81: 0 | K81: 0 | L81: 0 | M81: 0 | N81: 4569 | O81: 199.38 | P81: Public Health - Austin (871)
A82: 011618 | B82: UT HEALTH SCI CENTER-HOUSTON | C82: 006956 | D82: UT SCH OF PUBLIC HLTH/HOUSTON | E82: 000872 | F82: UTHSC HOUSTON-BROWNSVILLE RAHC | G82: 0 | H82: 383 | I82: 249 | J82: 0 | K82: 0 | L82: 0 | M82: 0 | N82: 632 | O82: 29.79 | P82: Public Health - Brownsville (872)
A83: 011618 | B83: UT HEALTH SCI CENTER-HOUSTON | C83: 006956 | D83: UT SCH OF PUBLIC HLTH/HOUSTON | E83: 000874 | F83: UTHSC HOUSTON-DALLAS | G83: 0 | H83: 1958 | I83: 357 | J83: 0 | K83: 0 | L83: 0 | M83: 0 | N83: 2315 | O83: 101.42 | P83: Public Health - Dallas (874)
A84: 011618 | B84: UT HEALTH SCI CENTER-HOUSTON | C84: 006956 | D84: UT SCH OF PUBLIC HLTH/HOUSTON | E84: 000876 | F84: UTHSC HOUSTON-EL PASO | G84: 0 | H84: 578 | I84: 150 | J84: 0 | K84: 0 | L84: 0 | M84: 0 | N84: 728 | O84: 32.42 | P84: Public Health - El Paso (876)
A85: 011618 | B85: UT HEALTH SCI CENTER-HOUSTON | C85: 006956 | D85: UT SCH OF PUBLIC HLTH/HOUSTON | E85: 000878 | F85: UTHSC HOUSTON-SAN ANTONIO | G85: 0 | H85: 1885 | I85: 243 | J85: 0 | K85: 0 | L85: 0 | M85: 0 | N85: 2128 | O85: 92.04 | P85: Public Health - San Antonio (878)
A86: 011618 | B86: UT HEALTH SCI CENTER-HOUSTON | C86: 009348 | D86: UT MEDICAL SCHOOL-HOUSTON | G86: 0 | H86: 0 | I86: 0 | J86: 972 | K86: 0 | L86: 0 | M86: 0 | N86: 0 | O86: 972 | P86: Medical Education - Houston
A87: 011618 | B87: UT HEALTH SCI CENTER-HOUSTON | C87: 109348 | D87: UT MEDICAL SCHOOL/ACAD-HOUSTON | G87: 0 | H87: 908 | I87: 0 | J87: 0 | K87: 0 | L87: 0 | M87: 0 | N87: 908 | O87: 37.83 | P87: Biomedical Science - Houston | Q87: =SUM(O74:O87) -> 4978.79 | R87: 5107.64 | S87: =Q87-R87 -> -128.85 | T87: =S87/R87 -> -0.025226915
A88: 025554 | B88: UT M.D. ANDERSON CANCER CENTER | C88: 025554 | D88: UT M.D. ANDERSON CANCER CENTER | G88: 10797 | H88: 718 | I88: 0 | J88: 0 | K88: 0 | L88: 0 | M88: 0 | N88: 11515 | O88: 389.82 | P88: Allied Health - Houston | Q88: =O88 -> 389.82 | R88: 387.8 | S88: =Q88-R88 -> 2.02 | T88: =S88/R88 -> 0.0052088706
A89: 042439 | B89: UT HEALTH SCI CTR AT TYLER | C89: 000427 | D89: UTHSCT MED BIOL SCIENCES | G89: 0 | H89: 439 | I89: 0 | J89: 0 | K89: 0 | L89: 0 | M89: 0 | N89: 439 | O89: 18.29 | P89: Biomedical Science
A90: 042439 | B90: UT HEALTH SCI CTR AT TYLER | C90: 000429 | D90: UTHSCT SCH COMM AND RURAL HLTH | G90: 0 | H90: 1435 | I90: 0 | J90: 0 | K90: 0 | L90: 0 | M90: 0 | N90: 1435 | O90: 59.79 | P90: Public Health - Tyler | Q90: =SUM(O89:O90) -> 78.08 | R90: 76.67 | S90: =Q90-R90 -> 1.41 | T90: =S90/R90 -> 0.018390505
A91: 103606 | B91: SAM HOUSTON STATE UNIVERSITY M | C91: 103606 | D91: SAM HOUSTON STATE UNIVERSITY M | G91: 0 | H91: 0 | I91: 0 | J91: 330 | K91: 0 | L91: 0 | M91: 0 | N91: 0 | O91: 330 | P91: Medical Education | Q91: 330 | R91: 330 | S91: =Q91-R91 -> 0 | T91: =S91/R91 -> 0
A92: 104952 | B92: UT MEDICAL BRANCH GALVESTON | C92: 000401 | D92: UT GRAD SCH BIOMED SCI/GALV | G92: 0 | H92: 1122 | I92: 3900 | J92: 0 | K92: 0 | L92: 0 | M92: 17 | N92: 5005 | O92: 262.47 | P92: Biomedical Science - Galveston
A93: 104952 | B93: UT MEDICAL BRANCH GALVESTON | C93: 000402 | D93: UT SCHOOL OF NURSING/GALV | G93: 20140 | H93: 7494 | I93: 1823 | J93: 0 | K93: 0 | L93: 0 | M93: 0 | N93: 29457 | O93: 1084.86 | P93: Nursing - Galveston
A94: 104952 | B94: UT MEDICAL BRANCH GALVESTON | C94: 000403 | D94: UT SCH OF HEALTH PROF/GALV | G94: 2068 | H94: 22179 | I94: 7001 | J94: 0 | K94: 0 | L94: 0 | M94: 25 | N94: 31223 | O94: 1380.61 | P94: Allied Health - Galveston
A95: 104952 | B95: UT MEDICAL BRANCH GALVESTON | C95: 000425 | D95: UT SCH OF PUBLIC HEALTH/GALV | G95: 0 | H95: 1114 | I95: 465 | J95: 0 | K95: 0 | L95: 0 | M95: 13 | N95: 1566 | O95: 71.53 | P95: Public Health - Galveston
A96: 104952 | B96: UT MEDICAL BRANCH GALVESTON | C96: 004952 | D96: UT MEDICAL SCHOOL-GALVESTON | G96: 0 | H96: 0 | I96: 0 | J96: 935 | K96: 0 | L96: 0 | M96: 0 | N96: 0 | O96: 935 | P96: Medical Education - Galveston | Q96: =SUM(O92:O96) -> 3734.47 | R96: 3814.09 | S96: =Q96-R96 -> -79.62 | T96: =S96/R96 -> -0.020875228
A97: 203599 | B97: UTRGV - MEDICAL SCHOOL | C97: 203599 | D97: UTRGV - MEDICAL SCHOOL | G97: 0 | H97: 0 | I97: 0 | J97: 215 | K97: 0 | L97: 0 | M97: 0 | N97: 0 | O97: 215 | P97: Medical Education
A98: 203599 | B98: UTRGV - MEDICAL SCHOOL | C98: 303599 | D98: UTRGV - PODIATRY SCHOOL | G98: 0 | H98: 0 | I98: 0 | J98: 0 | K98: 0 | L98: 27 | M98: 0 | N98: 0 | O98: 27 | Q98: =SUM(O97:O98) -> 242 | R98: 242 | S98: =Q98-R98 -> 0 | T98: =S98/R98 -> 0
A99: 203652 | B99: UNIVERSITY OF HOUSTON MEDICAL | C99: 203652 | D99: UNIVERSITY OF HOUSTON MEDICAL | G99: 0 | H99: 0 | I99: 0 | J99: 120 | K99: 0 | L99: 0 | M99: 0 | N99: 0 | O99: 120 | P99: Medical Education | Q99: =SUM(O99) -> 120 | R99: 120 | S99: =Q99-R99 -> 0 | T99: =S99/R99 -> 0
A100: 203658 | B100: UT AUSTIN DELL MEDICAL SCHOOL | C100: 203658 | D100: UT AUSTIN DELL MEDICAL SCHOOL | G100: 0 | H100: 0 | I100: 0 | J100: 195 | K100: 0 | L100: 0 | M100: 0 | N100: 0 | O100: 195 | P100: Medical Education | Q100: =SUM(O100) -> 195 | R100: 195 | S100: =Q100-R100 -> 0 | T100: =S100/R100 -> 0
A102: TEC 61.059 (l)(2)(B) allows formula funding for Doctoral students' semester credit hours at HRIs to a maximum of 130 SCH. | F102: FINAL | G102: =SUM(G7:G101) -> 179922 | H102: =SUM(H7:H101) -> 247807 | I102: =SUM(I7:I101) -> 81650 | J102: =SUM(J7:J101) -> 9479 | K102: =SUM(K7:K101) -> 293 | L102: =SUM(L7:L101) -> 27 | M102: =SUM(M7:M101) -> 1806 | N102: =SUM(N7:N101) -> 507573 | O102: =SUM(O7:O101) -> 30557.5 | Q102: =SUM(Q7:Q100) -> 29824.5 | R102: =SUM(R7:R100) -> 30210.51 | S102: =Q102-R102 -> -386.01 | T102: =S102/R102 -> -0.012777341
...

Sheet Weights
C2: Final Formula Run FY 24-25 | E2: ='I&O Calc'!O6 -> 9688.5175 | G2: Appropriations Act FY 22-23 | I2: 9621.6635
A3: Category | B3: Wt. Code | C3: Weight | D3: Small Class Size Supp. - Rate | E3: Cost of One Student | G3: Weight | H3: Small Class Size Supp. - Rate | I3: Cost of One Student
A4: Allied Health | B4: AH | C4: 1 | D4: 20000 | E4: =C4*$E$2 -> 9688.5175 | G4: 1 | H4: 20000 | I4: =G4*$I$2 -> 9621.6635
A5: Biomedical Science | B5: BS | C5: 1.018 | D5: 20000 | E5: =C5*$E$2 -> 9862.9108 | G5: 1.018 | H5: 20000 | I5: =G5*$I$2 -> 9794.8534
A6: Biomedical Informatics | B6: BI | C6: 1.75 | D6: 20000 | E6: =C6*$E$2 -> 16954.906 | G6: 1.75 | H6: 20000 | I6: =G6*$I$2 -> 16837.911
A7: Nursing - Undergraduate | B7: NU | C7: 1.138 | D7: 20000 | E7: =C7*$E$2 -> 11025.533 | G7: 1.138 | H7: 20000 | I7: =G7*$I$2 -> 10949.453
A8: Nursing - Graduate | B8: NG | C8: 1.138 | D8: 20000 | E8: =C8*$E$2 -> 11025.533 | G8: 1.138 | H8: 20000 | I8: =G8*$I$2 -> 10949.453
A9: Pharmacy | B9: P | C9: 1.67 | D9: 20000 | E9: =C9*$E$2 -> 16179.824 | G9: 1.67 | H9: 20000 | I9: =G9*$I$2 -> 16068.178
A10: Public Health | B10: PH | C10: 1.721 | D10: 20000 | E10: =C10*$E$2 -> 16673.939 | G10: 1.721 | H10: 20000 | I10: =G10*$I$2 -> 16558.883
A11: Dental Education | B11: DE | C11: 4.601 | D11: 30000 | E11: =C11*$E$2 -> 44576.869 | G11: 4.601 | H11: 30000 | I11: =G11*$I$2 -> 44269.274
A12: Medical Education | B12: ME | C12: 4.753 | D12: 30000 | E12: =C12*$E$2 -> 46049.524 | G12: 4.753 | H12: 30000 | I12: =G12*$I$2 -> 45731.767
A13: Podiatry | B13: PO | C13: 4.753 | D13: 30000 | E13: =C13*$E$2 -> 46049.524
A15: Class size | D15: 200 | H15: 200

Sheet Infrastructure
D1: Health-Related Institutions
D2: Infrastructure Formula
D3: ='Overall Summary FY 24-25'!D3 -> Basis of Legislative Appropriations
D4: ='Overall Summary FY 24-25'!D4 -> 45163
B6: Total 2022
A7: Health-Related Institution | B7: SPM Predicted | D7: Formula | E7: Total | F7: Total | G7: FY 2024-25
B8: Sq. Ft. * | C8: Rate | D8: Calculation | E8: FY 2024 | F8: FY 2025 | G8: Biennium
A9: UT Southwestern Medical Center | B9: 5053476 | C9: =$B$26 -> 6.138144 | D9: =ROUND($B9*$C9,0) -> 31018963 | E9: =D9 -> 31018963 | F9: =D9 -> 31018963 | G9: =F9+E9 -> 62037926
A10: UT Medical Branch at Galveston | B10: 2310586 | C10: =$B$26 -> 6.138144 | D10: =ROUND($B10*$C10,0) -> 14182710 | E10: =D10 -> 14182710 | F10: =D10 -> 14182710 | G10: =F10+E10 -> 28365420
A11: UT Health Science Center at Houston | B11: 4171410 | C11: =$B$26 -> 6.138144 | D11: =ROUND($B11*$C11,0) -> 25604715 | E11: =D11 -> 25604715 | F11: =D11 -> 25604715 | G11: =F11+E11 -> 51209430
A12: UT Health Science Center at San Antonio | B12: 2542571 | C12: =$B$26 -> 6.138144 | D12: =ROUND($B12*$C12,0) -> 15606667 | E12: =D12 -> 15606667 | F12: =D12 -> 15606667 | G12: =F12+E12 -> 31213334
A13: UT M.D. Anderson Cancer Center | B13: 5429009 | C13: =$B$26 -> 6.138144 | D13: =ROUND($B13*$C13,0) -> 33324039 | E13: =D13 -> 33324039 | F13: =D13 -> 33324039 | G13: =F13+E13 -> 66648078
A14: UT Health Science Center at Tyler | B14: 356400 | C14: =$B$26 -> 6.138144 | D14: =ROUND($B14*$C14,0) -> 2187635 | E14: =D14 -> 2187635 | F14: =D14 -> 2187635 | G14: =F14+E14 -> 4375270
A15: Texas A&M University Health Science Center | B15: 2080119 | C15: =$B$26 -> 6.138144 | D15: =ROUND($B15*$C15,0) -> 12768070 | E15: =D15 -> 12768070 | F15: =D15 -> 12768070 | G15: =F15+E15 -> 25536140
A16: UNT Health Science Center | B16: 722399 | C16: =$B$26 -> 6.138144 | D16: =ROUND($B16*$C16,0) -> 4434189 | E16: =D16 -> 4434189 | F16: =D16 -> 4434189 | G16: =F16+E16 -> 8868378
A17: Texas Tech University Health Sciences Center | B17: 1580909 | C17: =$B$26 -> 6.138144 | D17: =ROUND($B17*$C17,0) -> 9703847 | E17: =D17 -> 9703847 | F17: =D17 -> 9703847 | G17: =F17+E17 -> 19407694
A18: Texas Tech University Health Sciences Center at El Paso | B18: 528870 | C18: =$B$26 -> 6.138144 | D18: =ROUND($B18*$C18,0) -> 3246280 | E18: =D18 -> 3246280 | F18: =D18 -> 3246280 | G18: =F18+E18 -> 6492560
A19: UT Austin Dell Medical School | B19: 433288 | C19: =$B$26 -> 6.138144 | D19: =ROUND($B19*$C19,0) -> 2659584 | E19: =D19 -> 2659584 | F19: =D19 -> 2659584 | G19: =F19+E19 -> 5319168
A20: UT Rio Grande Valley School of Medicine | B20: 282523 | C20: =$B$26 -> 6.138144 | D20: =ROUND($B20*$C20,0) -> 1734167 | E20: =D20 -> 1734167 | F20: =D20 -> 1734167 | G20: =F20+E20 -> 3468334
... A22: Sam Houston State University Medical School | B22: 98108 | C22: =$B$26 -> 6.138144 | D22: =ROUND($B22*$C22,0) -> 602201 | E22: =D22 -> 602201 | F22: =D22 -> 602201 | G22: =F22+E22 -> 1204402
A23: Totals | B23: =SUM(B9:B22) -> 25735378 | D23: =SUM(D9:D22) -> 157967456 | E23: =SUM(E9:E22) -> 157967456 | F23: =SUM(F9:F22) -> 157967456 | G23: =SUM(G9:G22) -> 315934912
A24: * Source: Fall 2022 HRI Space Model
A26: Infrastructure Rate | B26: 6.138144 | C26: FY 24-25 rate from LBB Basis of Legislative Appropriations

Sheet Research
D1: Health-Related Institutions
D2: Research Enhancement Formula Funding
D3: ='Overall Summary FY 24-25'!D3 -> Basis of Legislative Appropriations
D4: ='Overall Summary FY 24-25'!D4 -> 45163
B6: FY 2022 Research Expenditures* | C6: Percent of Total | D6: Annual Variable Amount | E6: Annual Base Fixed Formula | G6: FY 2024 | H6: FY 2025 | I6: FY 2024-25 Biennium Total
A7: UT Southwestern Medical Center | B7: 640472716 | C7: =B7/B$21 -> 0.22826204 | D7: =ROUND(C7*B$24,0) -> 7475309 | E7: =$B$25 -> 1412500 | G7: =D7+E7 -> 8887809 | H7: =G7 -> 8887809 | I7: =SUM(G7:H7) -> 17775618
A8: UT Medical Branch at Galveston | B8: 171977460 | C8: =B8/B$21 -> 0.061292112 | D8: =ROUND(C8*B$24,0) -> 2007244 | E8: =$B$25 -> 1412500 | G8: =D8+E8 -> 3419744 | H8: =G8 -> 3419744 | I8: =SUM(G8:H8) -> 6839488
A9: UT Health Science Center at Houston | B9: 309595732 | C9: =B9/B$21 -> 0.11033874 | D9: =ROUND(C9*B$24,0) -> 3613462 | E9: =$B$25 -> 1412500 | G9: =D9+E9 -> 5025962 | H9: =G9 -> 5025962 | I9: =SUM(G9:H9) -> 10051924
A10: UT Health Science Center at San Antonio | B10: 221431562 | C10: =B10/B$21 -> 0.078917366 | D10: =ROUND(C10*B$24,0) -> 2584450 | E10: =$B$25 -> 1412500 | G10: =D10+E10 -> 3996950 | H10: =G10 -> 3996950 | I10: =SUM(G10:H10) -> 7993900
A11: UT M.D. Anderson Cancer Center | B11: 1074239585 | C11: =B11/B$21 -> 0.3828549 | D11: =ROUND(C11*B$24,0) -> 12538041 | E11: =$B$25 -> 1412500 | G11: =D11+E11 -> 13950541 | H11: =G11 -> 13950541 | I11: =SUM(G11:H11) -> 27901082
A12: UT Health Science Center at Tyler | B12: 27850484 | C12: =B12/B$21 -> 0.0099258065 | D12: =ROUND(C12*B$24,0) -> 325058 | E12: =$B$25 -> 1412500 | G12: =D12+E12 -> 1737558 | H12: =G12 -> 1737558 | I12: =SUM(G12:H12) -> 3475116
A13: Texas A&M University Health Science Center | B13: 175355201 | C13: =B13/B$21 -> 0.062495926 | D13: =ROUND(C13*B$24,0) -> 2046667 | E13: =$B$25 -> 1412500 | G13: =D13+E13 -> 3459167 | H13: =G13 -> 3459167 | I13: =SUM(G13:H13) -> 6918334
A14: UNT Health Science Center | B14: 57311147 | C14: =B14/B$21 -> 0.020425475 | D14: =ROUND(C14*B$24,0) -> 668910 | E14: =$B$25 -> 1412500 | G14: =D14+E14 -> 2081410 | H14: =G14 -> 2081410 | I14: =SUM(G14:H14) -> 4162820
A15: Texas Tech University Health Sciences Center | B15: 46270716 | C15: =B15/B$21 -> 0.016490707 | D15: =ROUND(C15*B$24,0) -> 540051 | E15: =$B$25 -> 1412500 | G15: =D15+E15 -> 1952551 | H15: =G15 -> 1952551 | I15: =SUM(G15:H15) -> 3905102
A16: Texas Tech University Health Sciences Center at El Paso | B16: 13535299 | C16: =B16/B$21 -> 0.004823929 | D16: =ROUND(C16*B$24,0) -> 157978 | E16: =$B$25 -> 1412500 | G16: =D16+E16 -> 1570478 | H16: =G16 -> 1570478 | I16: =SUM(G16:H16) -> 3140956
A17: UT Austin Dell Medical School | B17: 45552212 | C17: =B17/B$21 -> 0.016234635 | D17: =ROUND(C17*B$24,0) -> 531665 | E17: =$B$25 -> 1412500 | G17: =D17+E17 -> 1944165 | H17: =G17 -> 1944165 | I17: =SUM(G17:H17) -> 3888330
A18: UT Rio Grande Valley School of Medicine | B18: 21021776 | C18: =B18/B$21 -> 0.0074920809 | D18: =ROUND(C18*B$24,0) -> 245357 | E18: =$B$25 -> 1412500 | G18: =D18+E18 -> 1657857 | H18: =G18 -> 1657857 | I18: =SUM(G18:H18) -> 3315714
... A20: Sam Houston State University Medical School | B20: 493473 | C20: =B20/B$21 -> 0.0001758719 | D20: =ROUND(C20*B$24,0) -> 5760 | E20: =$B$25 -> 1412500 | G20: =D20+E20 -> 1418260 | H20: =G20 -> 1418260 | I20: =SUM(G20:H20) -> 2836520
A21: Total | B21: =SUM(B7:B20) -> 2805866113 | C21: =SUM(C7:C20) -> 1 | D21: =SUM(D7:D20) -> 32748808 | E21: =SUM(E7:E20) -> 19775000 | G21: =SUM(G7:G20) -> 52523808 | H21: =SUM(H7:H20) -> 52523808 | I21: =SUM(I7:I20) -> 105047616
C23: Variable Rate:
A24: Annual Variable Total (Total expenditures x variable rate) | B24: =ROUND((C24*B21),0) -> 32748807 | C24: 0.01167155
A25: Annual Base Amount per Institution | B25: 1412500
A27: * Source: FY 2022 Research Expenditures from Survey of Total Research Expenditures.

Sheet GME
D1: Graduate Medical Education
D2: ='Overall Summary FY 24-25'!D3 -> Basis of Legislative Appropriations
D3: ='Overall Summary FY 24-25'!D4 -> 45163
C5: =B25 -> 5969.8771 | D5: =B25 -> 5969.8771 | E5: =C5+D5 -> 11939.754
B6: # GME Residents | C6: Total | D6: Total | E6: FY 2024-25
A7: Institution | B7: 9/1/22* | C7: FY 2024 | D7: FY 2025 | E7: Biennium
A8: UT Southwestern Medical Center | B8: 1512 | C8: =ROUND(($B8*C$5),0) -> 9026454 | D8: =ROUND(($B8*D$5),0) -> 9026454 | E8: =ROUND((D8+C8),0) -> 18052908
A9: UT Medical Branch at Galveston | B9: 650 | C9: =ROUND(($B9*C$5),0) -> 3880420 | D9: =ROUND(($B9*D$5),0) -> 3880420 | E9: =ROUND((D9+C9),0) -> 7760840
A10: UT Health Science Center at Houston | B10: 1133 | C10: =ROUND(($B10*C$5),0) -> 6763871 | D10: =ROUND(($B10*D$5),0) -> 6763871 | E10: =ROUND((D10+C10),0) -> 13527742
A11: UT Health Science Center at San Antonio | B11: 874 | C11: =ROUND(($B11*C$5),0) -> 5217673 | D11: =ROUND(($B11*D$5),0) -> 5217673 | E11: =ROUND((D11+C11),0) -> 10435346
A12: UT M.D. Anderson Cancer Center | B12: 159 | C12: =ROUND(($B12*C$5),0) -> 949210 | D12: =ROUND(($B12*D$5),0) -> 949210 | E12: =ROUND((D12+C12),0) -> 1898420
A13: UT Health Science Center at Tyler | B13: 147 | C13: =ROUND(($B13*C$5),0) -> 877572 | D13: =ROUND(($B13*D$5),0) -> 877572 | E13: =ROUND((D13+C13),0) -> 1755144
A14: Texas A&M University Health Science Center | B14: 1450 | C14: =ROUND(($B14*C$5),0) -> 8656322 | D14: =ROUND(($B14*D$5),0) -> 8656322 | E14: =ROUND((D14+C14),0) -> 17312644
A15: UNT Health Science Center | B15: 616 | C15: =ROUND(($B15*C$5),0) -> 3677444 | D15: =ROUND(($B15*D$5),0) -> 3677444 | E15: =ROUND((D15+C15),0) -> 7354888
A16: Texas Tech University Health Sciences Center | B16: 577 | C16: =ROUND(($B16*C$5),0) -> 3444619 | D16: =ROUND(($B16*D$5),0) -> 3444619 | E16: =ROUND((D16+C16),0) -> 6889238
A17: Texas Tech University Health Sciences Center at El Paso | B17: 296 | C17: =ROUND(($B17*C$5),0) -> 1767084 | D17: =ROUND(($B17*D$5),0) -> 1767084 | E17: =ROUND((D17+C17),0) -> 3534168
A18: UT Austin Dell Medical School | B18: 389 | C18: =ROUND(($B18*C$5),0) -> 2322282 | D18: =ROUND(($B18*D$5),0) -> 2322282 | E18: =ROUND((D18+C18),0) -> 4644564
A19: UT Rio Grande Valley School of Medicine | B19: 257 | C19: =ROUND(($B19*C$5),0) -> 1534258 | D19: =ROUND(($B19*D$5),0) -> 1534258 | E19: =ROUND((D19+C19),0) -> 3068516
A20: UH College of Medicine | B20: 161 | C20: =ROUND(($B20*C$5),0) -> 961150 | D20: =ROUND(($B20*D$5),0) -> 961150 | E20: =ROUND((D20+C20),0) -> 1922300
A21: Sub-Total Public Institutions | B21: =SUM(B8:B20) -> 8221 | C21: =SUM(C8:C20) -> 49078359 | D21: =SUM(D8:D20) -> 49078359 | E21: =SUM(E8:E20) -> 98156718
A22: Baylor College of Medicine | B22: 1508 | C22: =ROUND(($B22*C$5),0) -> 9002575 | D22: =ROUND(($B22*D$5),0) -> 9002575 | E22: =ROUND((D22+C22),0) -> 18005150
A23: Total GME Formula | B23: =B22+B21 -> 9729 | C23: =C22+C21 -> 58080934 | D23: =D22+D21 -> 58080934 | E23: =E22+E21 -> 116161868
A25: GME Rate: | B25: 5969.8771 | C25: FY 24-25 rate from LBB Basis of Legislative Appropriations
A28: * Source: CBM 00R
A29: Notes:
A30: Podiatric Residents included above: 9 at UT Health Science Center at San Antonio and 12 at Texas A&M University Health Science Center.

Sheet Summary Mission Specifics
B2: Clinical Mission Specific | C2: 2022-23 All Funds #Encounters/Cases | E2: 2024-25 All Funds #Encounters/Cases | F2: Difference
A4: 1 | B4: UTMB at Galveston | C4: ='Clinical Mission Specifics'!D5 -> 306758682 | E4: ='Clinical Mission Specifics'!J5 -> 322252148 | F4: =E4-C4 -> 15493466
B5: ='Clinical Mission Specifics'!A5 -> Number of Texas Patient Encounters in trauma, primary care, diabetes, heart, psychiatry, and telemedicine | C5: 861825 | E5: ='Clinical Mission Specifics'!F5 -> 1069275 | F5: =E5-C5 -> 207450
A7: 2 | B7: UT M.D. Anderson Cancer Center | C7: ='Clinical Mission Specifics'!D8 -> 280815980 | E7: ='Clinical Mission Specifics'!J8 -> 294999156 | F7: =E7-C7 -> 14183176
B8: ='Clinical Mission Specifics'!A8 -> Number of Texas Cancer Patients Served | C8: 84720 | E8: ='Clinical Mission Specifics'!F8 -> 91459 | F8: =E8-C8 -> 6739
A10: 3 | B10: UT Health Science Center at Tyler | C10: ='Clinical Mission Specifics'!D11 -> 62181804 | E10: ='Clinical Mission Specifics'!J11 -> 65322421 | F10: =E10-C10 -> 3140617
B11: ='Clinical Mission Specifics'!A11 -> Number of cases w/disease diagnoses treated by UTHSCT | C11: 187001 | E11: ='Clinical Mission Specifics'!F11 -> 322504 | F11: =E11-C11 -> 135503
A13: 4 | B13: Texas Tech Univ HSC at El Paso | C13: ='Clinical Mission Specifics'!D14 -> 27500000 | E13: ='Clinical Mission Specifics'!J14 -> 28888943 | F13: =E13-C13 -> 1388943
B14: ='Clinical Mission Specifics'!A14 -> Number of Texas Patient Encounters * | C14: 599846 | E14: ='Clinical Mission Specifics'!F14 -> 677698 | F14: =E14-C14 -> 77852
B16: Clinical Subtotal | C16: =C4+C7+C10+C13 -> 677256466 | E16: =E4+E7+E10+E13 -> 711462668 | F16: =F4+F7+F10+F13 -> 34206202
B18: Performance-Based Research Mission Specific | C18: Appropriated 2022-23 All Funds | E18: 2024-25 All Funds | F18: Difference
A20: 5 | B20: UT Southwestern Medical Center | C20: ='Performance-Based Research Ops'!M3 -> 114849889 | E20: ='Performance-Based Research Ops'!AP17 -> 130840155 | F20: =E20-C20 -> 15990266
A21: 6 | B21: UTHSC at Houston | C21: ='Performance-Based Research Ops'!M22 -> 25476160 | E21: ='Performance-Based Research Ops'!AP34 -> 42949947 | F21: =E21-C21 -> 17473787
A22: 7 | B22: UTHSC at San Antonio | C22: ='Performance-Based Research Ops'!M39 -> 25448000 | E22: ='Performance-Based Research Ops'!AP51 -> 38515512 | F22: =E22-C22 -> 13067512
A23: 8 | B23: Texas A&M University Health Science Center | C23: ='New Performance-Based Research'!M3 -> 24500000 | E23: ='New Performance-Based Research'!AP15 -> 37467052 | F23: =E23-C23 -> 12967052
A24: 9 | B24: University of North Texas Health Science Center | C24: ='New Performance-Based Research'!M21 -> 20691695 | E24: ='New Performance-Based Research'!AP33 -> 29295636 | F24: =E24-C24 -> 8603941
A25: 10 | B25: Texas Tech University Health Science Center | C25: ='New Performance-Based Research'!M38 -> 3160628 | E25: ='New Performance-Based Research'!AP50 -> 3852087 | F25: =E25-C25 -> 691459
B27: Performance-Based Subtotal | C27: =SUM(C20:C25) -> 214126372 | E27: =SUM(E20:E25) -> 282920389 | F27: =SUM(F20:F25) -> 68794017
B29: GRAND Total | C29: =C16+C27 -> 891382838 | E29: =E16+E27 -> 994383057 | F29: =F16+F27 -> 103000219
C31: Appropriated + Supplemental (SB30) 2022-23 All Funds | E31: 2024-25 All Funds | F31: Difference
A32: 1 | B32: UT Southwestern Med. Center | C32: =C20+15105328 -> 129955217 | E32: =E20 -> 130840155 | F32: =E32-C32 -> 884938
A33: 2 | B33: UTMB at Galveston | C33: =C4+8951493 -> 315710175 | E33: =E4 -> 322252148 | F33: =E33-C33 -> 6541973
A34: 3 | B34: UTHSC at Houston | C34: =C21+7783389 -> 33259549 | E34: =E21 -> 42949947 | F34: =E34-C34 -> 9690398
A35: 4 | B35: UTHSC at San Antonio | C35: =C22+7995279 -> 33443279 | E35: =E22 -> 38515512 | F35: =E35-C35 -> 5072233
A36: 5 | B36: UT M.D. Anderson Cancer - CCO | C36: =C7+8212583 -> 289028563 | E36: =E7 -> 294999156 | F36: =E36-C36 -> 5970593
A37: 6 | B37: UT Health Center at Tyler | C37: =C10+1818533 -> 64000337 | E37: =E10 -> 65322421 | F37: =E37-C37 -> 1322084
A38: 7 | B38: Texas A&M UHSC | C38: =C23+12692293 -> 37192293 | E38: =E23 -> 37467052 | F38: =E38-C38 -> 274759
A39: 8 | B39: Univ North TX HSC | C39: =C24 -> 20691695 | E39: =E24 -> 29295636 | F39: =E39-C39 -> 8603941
A40: 9 | B40: Texas Tech Univ HSC | C40: =C25+1456457 -> 4617085 | E40: =E25 -> 3852087 | F40: =E40-C40 -> -764998
A41: 10 | B41: Texas Tech Univ HSC at El Paso | C41: =C13+804249 -> 28304249 | E41: =E13 -> 28888943 | F41: =E41-C41 -> 584694
B43: Total All Institutions - Mission Specific | C43: =SUM(C32:C42) -> 956202442 | E43: =SUM(E32:E42) -> 994383057 | F43: =SUM(F32:F42) -> 38180615
A45: *Note: Final TTUHSCEP appropriations are based on Fall data for 2022 rather than final data of 674,434.
A46: Total SB 30 Supplemental funding for Health-Related Institutions is $64,819,604.

Sheet Clinical Mission Specifics
A1: Clinical Mission Specific Calculations
H2: Increase in I&O | I2: 0.050507016
B3: 2020 | C3: Rate | D3: 2022-23 Formula Funding | F3: 2022 | G3: Rate | H3: 2024-25 Formula Funding | I3: Governor | J3: 2024-25 Appropriations (Lower of Governor or Rate Based Amount)
A4: UTMB at Galveston
A5: Number of Texas Patient Encounters in trauma, primary care, diabetes, heart, psychiatry, and telemedicine | B5: 861825 | C5: 177.9704 | D5: =B5*C5*2 -> 306758682 | F5: 1069275 | G5: 150.68722 | H5: =F5*G5*2 -> 3.2225215e+08 | I5: =D5*(1+$I$2) -> 3.2225215e+08 | J5: =ROUND(IF(H5>I5,I5,H5),0) -> 322252148
A7: UT M.D. Anderson Cancer Center
A8: Number of Texas Cancer Patients Served | B8: 84720 | C8: 1657.3181 | D8: =B8*C8*2 -> 280815980 | F8: 91459 | G8: 1612.7399 | H8: =F8*G8*2 -> 2.9499916e+08 | I8: =D8*(1+$I$2) -> 2.9499916e+08 | J8: =ROUND(IF(H8>I8,I8,H8),0) -> 294999156
A10: UT Health Science Center at Tyler
A11: Number of cases w/disease diagnoses treated by UTHSCT | B11: 187001 | C11: 166.26062 | D11: =B11*C11*2 -> 62181804 | F11: 322504 | G11: 101.27382 | H11: =F11*G11*2 -> 65322422 | I11: =D11*(1+$I$2) -> 65322421 | J11: =ROUND(IF(H11>I11,I11,H11),0) -> 65322421
A13: Texas Tech Univ HSC at El Paso
A14: Number of Texas Patient Encounters * | B14: 599846 | C14: 22.92255 | D14: =B14*C14*2 -> 27500000 | F14: 677698 | G14: 21.314024 | H14: =F14*G14*2 -> 28888943 | I14: =D14*(1+$I$2) -> 28888943 | J14: =ROUND(IF(H14>I14,I14,H14),0) -> 28888943
A16: *Note: Final appropriations are based on Fall data for 2022 rather than final data of 674,434.

Sheet Performance-Based Research Ops
A2: UT Southwestern Medical Center (SP Sec 27.10) | L2: 2020-21 Formula Total | M2: 114849889 | N2: Change
L3: 2022-23 Formula Total | M3: 114849889 | N3: 0
C4: Metric: Total Research Expenditures | K4: Performance Base Match | P4: Performance Incentive Match | AH4: Total Formula Appropriation | AK4: FORMULA GOVERNOR | AO4: Governor: 2020-21 GR less CCAP | AQ4: 302106565
P5: 2-Year Average Increase in Total Research Expenditures | R5: Tier 1 | W5: Tier 2 | AB5: Tier 3 | AF5: Tiered Performance Incentive Match | AH5: Biennial Performance Base Match + Performance Incentive Match | AI5: Biennial Increase | AO5: Governor: 2022-23 GR less CCAP | AQ5: ='Governor Calculation'!D5 -> 3.1980532e+08
C6: Annual Total Research Expenditures* | F6: 3-Year Rolling Average | G6: Session Update Compares Base to Base | I6: 2-Year Average | R6: $0-$10M Matched at 25% | W6: $10-$20M Matched at 50% | AB6: $20M+ Matched at 75% | AS6: UTSWMC
A7: Session | B7: Fiscal Year | I7: 2-Year Rolling Average | J7: Increase | K7: Base Rate | L7: Annual Base Match | M7: Biennial Base Match | N7: Change in Base Match | R7: Min: | S7: Max: | T7: % Match: | U7: $ Match: | W7: Min: | X7: Max: | Y7: % Match: | Z7: $ Match: | AB7: Min: | AC7: Max: | AD7: % Match: | AE7: $ Match: | AK7: Total GR Appropriations | AM7: Max Allowed Increase 5% GR in prior biennium | AO7: Increase w/ Governor | AP7: Total Effective Appropriation | AQ7: Increase / Decrease | AS7: MOF Split, Total Formula
D8: % | G8: $ | H8: % | R8: 0 | S8: 10000000 | T8: 0.25 | W8: 10000000 | X8: 20000000 | Y8: 0.5 | AB8: 20000000 | AC8: NA | AD8: 0.75
A9: 2016-17 | B9: 2014 | C9: 3.786118e+08 | D9: NA | F9: NA | G9: NA | I9: NA | J9: NA | K9: NA | L9: NA | M9: NA | N9: NA
B10: 2015 | C10: 3.8604226e+08 | D10: =C10/C9-1 -> 0.019625539
A11: 2018-19 | B11: 2016 | C11: 394628780 | D11: =C11/C10-1 -> 0.022242434 | F11: =AVERAGE(C9:C11) -> 3.8642761e+08 | G11: NA | I11: =AVERAGE(C10:C11) -> 3.9033552e+08 | J11: NA | K11: NA | L11: NA | M11: NA | N11: NA
B12: 2017 | C12: 418388441 | D12: =C12/C11-1 -> 0.060207623 | AS12: 2020 | AT12: 2021
A13: 2020-21 | B13: 2018 | C13: 432028292 | D13: =C13/C12-1 -> 0.032600927 | F13: =AVERAGE(C11:C13) -> 415015171 | G13: =AVERAGE($C11:$C13)-AVERAGE($C9:$C11) -> 28587557 | H13: =(SUM($C11:$C13)/SUM($C9:$C11))-1 -> 0.073979075 | I13: =AVERAGE(C12:C13) -> 4.2520837e+08 | J13: =I13-I11 -> 34872846 | K13: =L13/F13 -> 0.12140757 | L13: 50385985 | M13: 100771970 | N13: NA | P13: 34872846 | R13: =$R$8 -> 0 | S13: =$S$8 -> 10000000 | T13: =$T$8 -> 0.25 | U13: =IF(P13>=S13,(S13-R13)*T13,MAX((P13-R13)*T13,0)) -> 2500000 | W13: =$W$8 -> 10000000 | X13: =$X$8 -> 20000000 | Y13: =$Y$8 -> 0.5 | Z13: =IF(P13>=X13,(X13-W13)*Y13,MAX((P13-W13)*Y13,0)) -> 5000000 | AB13: =$AB$8 -> 20000000 | AC13: =$AC$8 -> NA | AD13: =$AD$8 -> 0.75 | AE13: =IF(P13>=AC13,(AC13-AB13)*AD13,MAX((P13-AB13)*AD13,0)) -> 11154635 | AF13: =U13+Z13+AE13 -> 18654635 | AH13: =M13+AF13 -> 1.194266e+08 | AI13: 18654635 | AM13: 14077919 | AO13: 14077919 | AP13: =ROUND(IF((AH13+AO13)>(M13+AM13),(M13+AM13),(AH13+AO13)),0) -> 114849889 | AQ13: 14077919 | AS13: =AP13/2 -> 57424944 | AT13: =AP13-AS13 -> 57424944
B14: 2019 | C14: 4.5916921e+08 | D14: =C14/C13-1 -> 0.06282208 | AS14: 2022 | AT14: 2023
A15: 2022-23 | B15: 2020 | C15: 504517206 | D15: =C15/C14-1 -> 0.098760974 | F15: =AVERAGE(C13:C15) -> 4.6523824e+08 | G15: =AVERAGE($C13:$C15)-AVERAGE($C11:$C13) -> 50223064 | H15: =(SUM($C13:$C15)/SUM($C11:$C13))-1 -> 0.12101501 | I15: =AVERAGE(C14:C15) -> 4.8184321e+08 | J15: =I15-I13 -> 56634840 | K15: =K13*(1+H15/3) -> 0.12630495 | L15: =K15*F15 -> 58761894 | M15: =L15*2 -> 1.1752379e+08 | N15: =M15-M13 -> 16751817 | P15: =J15 -> 56634840 | R15: =$R$8 -> 0 | S15: =$S$8 -> 10000000 | T15: =$T$8 -> 0.25 | U15: =IF(P15>=S15,(S15-R15)*T15,MAX((P15-R15)*T15,0)) -> 2500000 | W15: =$W$8 -> 10000000 | X15: =$X$8 -> 20000000 | Y15: =$Y$8 -> 0.5 | Z15: =IF(P15>=X15,(X15-W15)*Y15,MAX((P15-W15)*Y15,0)) -> 5000000 | AB15: =$AB$8 -> 20000000 | AC15: =$AC$8 -> NA | AD15: =$AD$8 -> 0.75 | AE15: =IF(P15>=AC15,(AC15-AB15)*AD15,MAX((P15-AB15)*AD15,0)) -> 27476130 | AF15: =U15+Z15+AE15 -> 34976130 | AH15: =M15+AF15 -> 1.5249992e+08 | AI15: =AH15-M2 -> 37650029 | AM15: =$AQ$4*5% -> 15105328 | AO15: =IF(AI15>AM15,AM15,AI15) -> 15105328 | AP15: =ROUND(IF(AH15>(M2+0),(M2+0),AH15),0) -> 114849889 | AQ15: =AP15-M2 -> 0 | AS15: =AP15/2 -> 57424944 | AT15: =AP15-AS15 -> 57424944
B16: 2021 | C16: 532730069 | D16: =C16/C15-1 -> 0.055920517 | AS16: 2024 | AT16: 2025
A17: 2024-25 | B17: 2022 | C17: 597944438 | D17: =C17/C16-1 -> 0.12241541 | F17: =AVERAGE(C15:C17) -> 5.450639e+08 | G17: =AVERAGE($C15:$C17)-AVERAGE($C13:$C15) -> 79825669 | H17: =(SUM($C15:$C17)/SUM($C13:$C15))-1 -> 0.1715802 | I17: =AVERAGE(C16:C17) -> 5.6533725e+08 | J17: =I17-I15 -> 83494047 | K17: =K15*(1+H17/3) -> 0.13352876 | L17: =K17*F17 -> 72781709 | M17: =L17*2 -> 1.4556342e+08 | N17: =M17-M15 -> 28039631 | P17: =J17 -> 83494047 | R17: =$R$8 -> 0 | S17: =$S$8 -> 10000000 | T17: =$T$8 -> 0.25 | U17: =IF(P17>=S17,(S17-R17)*T17,MAX((P17-R17)*T17,0)) -> 2500000 | W17: =$W$8 -> 10000000 | X17: =$X$8 -> 20000000 | Y17: =$Y$8 -> 0.5 | Z17: =IF(P17>=X17,(X17-W17)*Y17,MAX((P17-W17)*Y17,0)) -> 5000000 | AB17: =$AB$8 -> 20000000 | AC17: =$AC$8 -> NA | AD17: =$AD$8 -> 0.75 | AE17: =IF(P17>=AC17,(AC17-AB17)*AD17,MAX((P17-AB17)*AD17,0)) -> 47620535 | AF17: =U17+Z17+AE17 -> 55120535 | AH17: =M17+AF17 -> 2.0068395e+08 | AI17: =AH17-M3 -> 85834064 | AM17: =$AQ$5*5% -> 15990266 | AO17: =IF(AI17>AM17,AM17,AI17) -> 15990266 | AP17: =ROUND(IF(AH17>(M3+AM17),(M3+AM17),AH17),0) -> 130840155 | AQ17: =AP17-M3 -> 15990266 | AS17: 65420077 | AT17: =AP17-AS17 -> 65420078
A19: * Research expenditures, excluding the category of state appropriations, as reported in the Survey on Research Expenditures.
A21: UT Health Science Center at Houston (SP Sec 27.11) | L21: 2020-21 Formula Total | M21: 25476160 | N21: Change
L22: 2022-23 Formula Total | M22: 25476160 | N22: 0.44611856
C23: Metric: Total Research Expenditures | K23: Performance Base Match | P23: Performance Incentive Match | AH23: Total Formula Appropriation | AK23: FORMULA GOVERNOR | AO23: Governor: 2020-21 GR less CCAP | AQ23: 339062421
P24: 2-Year Average Increase in Total Research Expenditures | R24: Tier 1 | W24: Tier 2 | AB24: Tier 3 | AF24: Tiered Performance Incentive Match | AH24: Biennial Performance Base Match + Performance Incentive Match | AI24: Biennial Increase | AO24: Governor: 2022-23 GR less CCAP | AQ24: ='Governor Calculation'!D6 -> 3.494751e+08
C25: Annual Total Research Expenditures* | F25: 3-Year Rolling Average | G25: Change | I25: 2-Year Average | R25: $0-$10M Matched at 25% | W25: $10-$20M Matched at 50% | AB25: $20M+ Matched at 75% | AS25: UTHSCH
A26: Session Year | B26: Fiscal Year | I26: 2-Year Rolling Average | J26: Change | K26: Base Rate | L26: Annual Base Match | M26: Biennial Base Match | N26: Change in Base Match | R26: Min: | S26: Max: | T26: % Match: | U26: $ Match: | W26: Min: | X26: Max: | Y26: % Match: | Z26: $ Match: | AB26: Min: | AC26: Max: | AD26: % Match: | AE26: $ Match: | AK26: Total GR Appropriations | AM26: Max Allowed Increase 5% GR in prior biennium | AO26: Increase w/ Governor | AP26: Total Effective Appropriation | AQ26: Increase / Decrease | AS26: MOF Split, Total Formula
D27: % | G27: $ | H27: % | R27: 0 | S27: 10000000 | T27: 0.25 | W27: 10000000 | X27: 20000000 | Y27: 0.5 | AB27: 20000000 | AC27: NA | AD27: 0.75
A28: 2018-19 | B28: 2016 | C28: 202298701 | D28: -0.038061891 | F28: 1.9845219e+08 | G28: NA | H28: NA | I28: 1.986386e+08 | J28: NA | K28: NA | L28: NA | M28: NA | N28: NA
B29: 2017 | C29: 212962879 | D29: =C29/C28-1 -> 0.05271501 | AS29: 2020 | AT29: 2021
A30: 2020-21 | B30: 2018 | C30: 219718590 | D30: =C30/C29-1 -> 0.031722482 | F30: =AVERAGE(C28:C30) -> 2.1166006e+08 | G30: =F30-F28 -> 13207864 | H30: =G30/F28 -> 0.066554389 | I30: =AVERAGE(C29:C30) -> 2.1634073e+08 | J30: =I30-I28 -> 17702138 | K30: 0.09994428 | L30: 12452778 | M30: 24905556 | N30: NA | P30: 2853016 | R30: =$R$27 -> 0 | S30: 5000000 | T30: 0.2 | U30: =IF(P30>=S30,(S30-R30)*T30,MAX((P30-R30)*T30,0)) -> 570603.2 | W30: 5000000 | X30: 10000000 | Y30: 0.4 | Z30: =IF(P30>=X30,(X30-W30)*Y30,MAX((P30-W30)*Y30,0)) -> 0 | AB30: 10000000 | AC30: =$AC$27 -> NA | AD30: 0.6 | AE30: =IF(P30>=AC30,(AC30-AB30)*AD30,MAX((P30-AB30)*AD30,0)) -> 0 | AF30: =U30+Z30+AE30 -> 570603.2 | AH30: =M30+AF30 -> 25476160 | AI30: 570603.2 | AM30: 16179112 | AO30: =IF(AI30>AM30,AM30,AI30) -> 570603.2 | AP30: 25476160 | AQ30: 13000000 | AS30: =AP30/2 -> 12738080 | AT30: =AP30-AS30 -> 12738080
B31: 2019 | C31: 231835625 | D31: =C31/C30-1 -> 0.055147974 | AS31: 2022 | AT31: 2023
A32: 2022-23 | B32: 2020 | C32: 231498224 | D32: =C32/C31-1 -> -0.0014553458 | F32: =AVERAGE(C30:C32) -> 2.2768415e+08 | G32: =AVERAGE($C30:$C32)-AVERAGE($C28:$C30) -> 16024090 | H32: =(SUM($C30:$C32)/SUM($C28:$C30))-1 -> 0.075706725 | I32: =AVERAGE(C31:C32) -> 2.3166692e+08 | J32: =I32-I30 -> 15326190 | K32: 0.061700506 | L32: =K32*F32 -> 14048227 | M32: =L32*2 -> 28096454 | N32: =M32-M30 -> 3190897.6 | P32: =J32 -> 15326190 | R32: =$R$27 -> 0 | S32: =$S$27 -> 10000000 | T32: =$T$27 -> 0.25 | U32: =IF(P32>=S32,(S32-R32)*T32,MAX((P32-R32)*T32,0)) -> 2500000 | W32: =$W$27 -> 10000000 | X32: =$X$27 -> 20000000 | Y32: =$Y$27 -> 0.5 | Z32: =IF(P32>=X32,(X32-W32)*Y32,MAX((P32-W32)*Y32,0)) -> 2663095 | AB32: =$AB$27 -> 20000000 | AC32: =$AC$27 -> NA | AD32: =$AD$27 -> 0.75 | AE32: =IF(P32>=AC32,(AC32-AB32)*AD32,MAX((P32-AB32)*AD32,0)) -> 0 | AF32: =U32+Z32+AE32 -> 5163095 | AH32: =M32+AF32 -> 33259549 | AI32: =AH32-M21 -> 7783389.4 | AM32: =AQ23*5% -> 16953121 | AO32: =IF(AI32>AM32,AM32,AI32) -> 7783389.4 | AP32: =ROUND(IF(AH32>(M21+0),(M21+0),AH32),0) -> 25476160 | AQ32: =AP32-M21 -> 0.44611856 | AS32: =AP32/2 -> 12738080 | AT32: =AP32-AS32 -> 12738080
B33: 2021 | C33: 261979495 | D33: =C33/C32-1 -> 0.13166957 | AS33: 2024 | AT33: 2025
A34: 2024-25 | B34: 2022 | C34: 285567692 | D34: =C34/C33-1 -> 0.090038333 | F34: =AVERAGE(C32:C34) -> 2.596818e+08 | G34: =AVERAGE($C32:$C34)-AVERAGE($C30:$C32) -> 31997657 | H34: =(SUM($C32:$C34)/SUM($C30:$C32))-1 -> 0.14053529 | I34: =AVERAGE(C33:C34) -> 2.7377359e+08 | J34: =I34-I32 -> 42106669 | K34: 0.06459087 | L34: =K34*F34 -> 16773074 | M34: =L34*2 -> 33546147 | N34: =M34-M32 -> 5449693.3 | P34: =J34 -> 42106669 | R34: =$R$8 -> 0 | S34: =$S$8 -> 10000000 | T34: =$T$8 -> 0.25 | U34: =IF(P34>=S34,(S34-R34)*T34,MAX((P34-R34)*T34,0)) -> 2500000 | W34: =$W$8 -> 10000000 | X34: =$X$8 -> 20000000 | Y34: =$Y$8 -> 0.5 | Z34: =IF(P34>=X34,(X34-W34)*Y34,MAX((P34-W34)*Y34,0)) -> 5000000 | AB34: =$AB$8 -> 20000000 | AC34: =$AC$8 -> NA | AD34: =$AD$8 -> 0.75 | AE34: =IF(P34>=AC34,(AC34-AB34)*AD34,MAX((P34-AB34)*AD34,0)) -> 16580002 | AF34: =U34+Z34+AE34 -> 24080002 | AH34: =M34+AF34 -> 57626149 | AI34: =AH34-M22 -> 32149989 | AM34: =$AQ$24*5% -> 17473755 | AO34: =IF(AI34>AM34,AM34,AI34) -> 17473755 | AP34: =AS34+AT34 -> 42949947 | AQ34: =AP34-M22 -> 17473787 | AS34: 21474974 | AT34: 21474973
A36: * Research expenditures, excluding the category of state appropriations, as reported in the Survey on Research Expenditures.
A38: UT Health Science Center at San Antonio (SP Sec 27.12) | L38: 2020-21 Formula Total | M38: 25448000 | N38: Change
L39: 2022-23 Formula Total | M39: 25448000 | N39: 0
C40: Metric: Total Research Expenditures | K40: Performance Base Match | P40: Performance Incentive Match | AH40: Total Formula Appropriation | AK40: FORMULA GOVERNOR | AO40: Governor: 2020-21 GR less CCAP | AQ40: 2.6135024e+08
P41: 2-Year Average Increase in Total Research Expenditures | R41: Tier 1 | W41: Tier 2 | AB41: Tier 3 | AF41: Tiered Performance Incentive Match | AH41: Biennial Performance Base Match + Performance Incentive Match | AI41: Biennial Increase | AO41: Governor: 2022-23 GR less CCAP | AQ41: ='Governor Calculation'!D7 -> 2.6135024e+08
C42: Annual Total Research Expenditures* | F42: 3-Year Rolling Average | G42: Change | I42: 2-Year Average | R42: $0-$10M Matched at 25% | W42: $10-$20M Matched at 50% | AB42: $20M+ Matched at 75% | AS42: UTHSCSA
A43: Session Year | B43: Fiscal Year | I43: 2-Year Rolling Average | J43: Change | K43: Base Rate | L43: Annual Base Match | M43: Biennial Base Match | N43: Change in Base Match | R43: Min: | S43: Max: | T43: % Match: | U43: $ Match: | W43: Min: | X43: Max: | Y43: % Match: | Z43: $ Match: | AB43: Min: | AC43: Max: | AD43: % Match: | AE43: $ Match: | AK43: Total GR Appropriations | AM43: Max Allowed Increase 5% GR in prior biennium | AO43: Increase w/ Governor | AP43: Total Effective Appropriation | AQ43: Increase / Decrease | AS43: MOF Split, Total Formula
D44: % | G44: $ | H44: % | R44: 0 | S44: 10000000 | T44: 0.25 | W44: 10000000 | X44: 20000000 | Y44: 0.5 | AB44: 20000000 | AC44: NA | AD44: 0.75
A45: 2018-19 | B45: 2016 | C45: 158880225 | D45: 0.18253613 | F45: 1.4358018e+08 | G45: NA | I45: 146556648 | J45: NA | K45: NA | L45: NA | M45: NA | N45: NA
B46: 2017 | C46: 155254449 | D46: =C46/C45-1 -> -0.022820814 | AS46: 2020 | AT46: 2021
A47: 2020-21 | B47: 2018 | C47: 160585785 | D47: =C47/C46-1 -> 0.034339344 | F47: =AVERAGE(C45:C47) -> 158240153 | G47: =F47-F45 -> 14659970 | H47: =G47/F45 -> 0.10210302 | I47: =AVERAGE(C46:C47) -> 157920117 | J47: =I47-I45 -> 11363469 | K47: 0.12749151 | L47: 12489359 | M47: 24978719 | N47: NA | P47: 2346407.5 | R47: =$R$46 -> 0 | S47: 5000000 | T47: 0.2 | U47: =IF(P47>=S47,(S47-R47)*T47,MAX((P47-R47)*T47,0)) -> 469281.5 | W47: 5000000 | X47: 10000000 | Y47: 0.4 | Z47: =IF(P47>=X47,(X47-W47)*Y47,MAX((P47-W47)*Y47,0)) -> 0 | AB47: 10000000 | AC47: =$AC$44 -> NA | AD47: 0.6 | AE47: =IF(P47>=AC47,(AC47-AB47)*AD47,MAX((P47-AB47)*AD47,0)) -> 0 | AF47: =U47+Z47+AE47 -> 469281.5 | AH47: =M47+AF47 -> 25448000 | AI47: 13000000 | AM47: 0 | AO47: =AI47 -> 13000000 | AP47: 25448000 | AQ47: 13000000 | AS47: =AP47/2 -> 12724000 | AT47: =AP47-AS47 -> 12724000
B48: 2019 | C48: 167285336 | D48: =C48/C47-1 -> 0.041719452 | AS48: 2022 | AT48: 2023
A49: 2022-23 | B49: 2020 | C49: 180688873 | D49: =C49/C48-1 -> 0.080123801 | F49: =AVERAGE(C47:C49) -> 169519998 | G49: =F49-F47 -> 11279845 | H49: =(SUM($C47:$C49)/SUM($C45:$C47))-1 -> 0.071283077 | I49: =AVERAGE(C48:C49) -> 1.739871e+08 | J49: =I49-I47 -> 16066988 | K49: 0.082320037 | L49: =K49*F49 -> 13954893 | M49: =L49*2 -> 27909785 | N49: =M49-M47 -> 2931066.6 | P49: =J49 -> 16066988 | R49: =$R$44 -> 0 | S49: =$S$44 -> 10000000 | T49: =$T$44 -> 0.25 | U49: =IF(P49>=S49,(S49-R49)*T49,MAX((P49-R49)*T49,0)) -> 2500000 | W49: =$W$44 -> 10000000 | X49: =$X$44 -> 20000000 | Y49: =$Y$44 -> 0.5 | Z49: =IF(P49>=X49,(X49-W49)*Y49,MAX((P49-W49)*Y49,0)) -> 3033493.8 | AB49: =$AB$44 -> 20000000 | AC49: =$AC$44 -> NA | AD49: =$AD$44 -> 0.75 | AE49: =IF(P49>=AC49,(AC49-AB49)*AD49,MAX((P49-AB49)*AD49,0)) -> 0 | AF49: =U49+Z49+AE49 -> 5533493.8 | AH49: =M49+AF49 -> 33443279 | AI49: =AH49-AH47 -> 7995278.8 | AM49: 13156486 | AO49: =IF(AI49>AM49,AM49,AI49) -> 7995278.8 | AP49: =ROUND(IF(AH49>(M38+AM52),(M38+AM52),AH49),0) -> 25448000 | AQ49: =AP49-M38 -> 0 | AS49: =AP49/2 -> 12724000 | AT49: =AP49-AS49 -> 12724000
B50: 2021 | C50: 187154080 | D50: =C50/C49-1 -> 0.035780881 | AS50: 2024 | AT50: 2025
A51: 2024-25 | B51: 2022 | C51: 205016598 | D51: =C51/C50-1 -> 0.095442846 | F51: =AVERAGE(C49:C51) -> 1.9095318e+08 | G51: =AVERAGE($C49:$C51)-AVERAGE($C47:$C49) -> 21433186 | H51: =(SUM($C49:$C51)/SUM($C47:$C49))-1 -> 0.12643456 | I51: =AVERAGE(C50:C51) -> 196085339 | J51: =I51-I49 -> 22098234 | K51: =K49*(1+H51/3) -> 0.085789403 | L51: =K51*F51 -> 16381760 | M51: =L51*2 -> 32763519 | N51: =M51-M49 -> 4853734.2 | P51: =J51 -> 22098234 | R51: =$R$8 -> 0 | S51: =$S$8 -> 10000000 | T51: =$T$8 -> 0.25 | U51: =IF(P51>=S51,(S51-R51)*T51,MAX((P51-R51)*T51,0)) -> 2500000 | W51: =$W$8 -> 10000000 | X51: =$X$8 -> 20000000 | Y51: =$Y$8 -> 0.5 | Z51: =IF(P51>=X51,(X51-W51)*Y51,MAX((P51-W51)*Y51,0)) -> 5000000 | AB51: =$AB$8 -> 20000000 | AC51: =$AC$8 -> NA | AD51: =$AD$8 -> 0.75 | AE51: =IF(P51>=AC51,(AC51-AB51)*AD51,MAX((P51-AB51)*AD51,0)) -> 1573675.9 | AF51: =U51+Z51+AE51 -> 9073675.9 | AH51: =M51+AF51 -> 41837195 | AI51: =AH51-M39 -> 16389195 | AM51: =$AQ$41*5% -> 13067512 | AO51: =IF(AI51>AM51,AM51,AI51) -> 13067512 | AP51: =ROUND(IF(AH51>(M39+AM51),(M39+AM51),AH51),0) -> 38515512 | AQ51: =AP51-M39 -> 13067512 | AS51: =AP51/2 -> 19257756 | AT51: =AP51-AS51 -> 19257756
A53: * Research expenditures, excluding the category of state appropriations, as reported in the Survey on Research Expenditures.

Sheet New Performance-Based Research
A2: Texas A&M University Health Science Center (SP Sec 27.15) | L2: Seed Funding | M2: 24500000 | N2: Change
L3: 2022-23 Formula Total | M3: 24500000 | N3: 0
C4: Metric: Total Research Expenditures | K4: Performance Base Match | P4: Performance Incentive Match | AH4: Total Formula Appropriation | AK4: FORMULA GOVERNOR | AO4: Governor: 2020-21 GR less CCAP | AQ4: 253845865
P5: 2-Year Average Increase in Total Research Expenditures | R5: Tier 1 | W5: Tier 2 | AB5: Tier 3 | AF5: Tiered Performance Incentive Match | AH5: Biennial Performance Base Match + Performance Incentive Match | AI5: Biennial Increase | AO5: Governor: 2022-23 GR less CCAP | AQ5: ='Governor Calculation'!D8 -> 2.6785185e+08
C6: Annual Total Research Expenditures* | F6: 3-Year Rolling Average | G6: Session Update Compares Base to Base | I6: 2-Year Average | R6: $0-$2.5M Matched at 20% | W6: $2.5-$5M Matched at 40% | AB6: $5M+ Matched at 60% | AS6: TAMUHSC
A7: Session | B7: Fiscal Year | I7: 2-Year Rolling Average | J7: Increase | K7: Base Rate | L7: Annual Base Match | M7: Biennial Base Match | N7: Change in Base Match | R7: Min: | S7: Max: | T7: % Match: | U7: $ Match: | W7: Min: | X7: Max: | Y7: % Match: | Z7: $ Match: | AB7: Min: | AC7: Max: | AD7: % Match: | AE7: $ Match: | AK7: Total GR Appropriations | AM7: Max Allowed Increase 5% GR in prior biennium | AO7: Increase w/ Governor | AP7: Total Effective Appropriation | AQ7: Increase / Decrease | AS7: MOF Split, Total Formula
D8: % | G8: $ | H8: % | R8: 0 | S8: 2500000 | T8: 0.2 | W8: 2500000 | X8: 5000000 | Y8: 0.4 | AB8: 5000000 | AC8: NA | AD8: 0.6
A9: 2018-19 | B9: 2016 | C9: 88334651 | D9: 0.23 | F9: 80586073 | G9: NA | I9: 80067452 | J9: NA | K9: NA | L9: NA | M9: NA | N9: NA
B10: 2017 | C10: 78255015 | D10: =C10/C9-1 -> -0.11410738 | AS10: 2020 | AT10: 2021
A11: 2020-21 | B11: 2018 | C11: 85894828 | D11: =C11/C10-1 -> 0.097627136 | F11: 84161498 | G11: 3575424.7 | H11: 0.044367774 | I11: =AVERAGE(C10:C11) -> 82074922 | J11: =I11-I9 -> 2007470 | K11: 0 | L11: 0 | M11: 0 | N11: NA | P11: 2007470 | R11: 0 | S11: 2500000 | T11: 0.2 | U11: 2500000 | W11: 2500000 | X11: 5000000 | Y11: 0.4 | Z11: 5000000 | AB11: 5000000 | AC11: NA | AD11: 0.6 | AE11: 11154635 | AF11: 18654635 | AH11: 18654635 | AI11: 0 | AM11: NA | AO11: NA | AP11: NA | AQ11: NA | AS11: NA | AT11: NA
B12: 2019 | C12: 86331205 | D12: =C12/C11-1 -> 0.0050803641 | AS12: 2022 | AT12: 2023
A13: 2022-23 | B13: 2020 | C13: =274044431-144288842 -> 129755589 | D13: =C13/C12-1 -> 0.50299754 | F13: 1.0066066e+08 | G13: 16499162 | H13: 0.19604169 | I13: =AVERAGE(C12:C13) -> 108043397 | J13: =I13-I11 -> 25968476 | K13: 0.051752129 | L13: 5209403.5 | M13: 10418807 | N13: 10418807 | P13: 25968655 | R13: 0 | S13: 2500000 | T13: 0.2 | U13: 500000 | W13: 2500000 | X13: 5000000 | Y13: 0.4 | Z13: 1000000 | AB13: 5000000 | AC13: NA | AD13: 0.6 | AE13: 12581193 | AF13: 14081193 | AH13: 24500000 | AI13: 0 | AM13: =AQ4*5% -> 12692293 | AO13: 0 | AP13: 24500000 | AQ13: 0 | AS13: 12250000 | AT13: 12250000
B14: 2021 | C14: =223854392-108547312 -> 115307080 | D14: =C14/C13-1 -> -0.11135173 | AS14: 2024 | AT14: 2025
A15: 2024-25 | B15: 2022 | C15: =154616591-25214918 -> 129401673 | D15: =C15/C14-1 -> 0.12223528 | F15: =AVERAGE(C13:C15) -> 1.2482145e+08 | G15: =AVERAGE($C13:$C15)-AVERAGE($C11:$C13) -> 24160907 | H15: =(SUM($C13:$C15)/SUM($C11:$C13))-1 -> 0.24002361 | I15: =AVERAGE(C14:C15) -> 1.2235438e+08 | J15: =I15-I13 -> 14310980 | K15: 0.121696 | L15: =K15*F15 -> 15190271 | M15: =L15*2 -> 30380542 | N15: =M15-M13 -> 19961735 | P15: =J15 -> 14310980 | R15: =$R$8 -> 0 | S15: =$S$8 -> 2500000 | T15: =$T$8 -> 0.2 | U15: =IF(P15>=S15,(S15-R15)*T15,MAX((P15-R15)*T15,0)) -> 500000 | W15: =$W$8 -> 2500000 | X15: =$X$8 -> 5000000 | Y15: =$Y$8 -> 0.4 | Z15: =IF(P15>=X15,(X15-W15)*Y15,MAX((P15-W15)*Y15,0)) -> 1000000 | AB15: =$AB$8 -> 5000000 | AC15: =$AC$8 -> NA | AD15: =$AD$8 -> 0.6 | AE15: =IF(P15>=AC15,(AC15-AB15)*AD15,MAX((P15-AB15)*AD15,0)) -> 5586587.7 | AF15: =U15+Z15+AE15 -> 7086587.7 | AH15: =M15+AF15 -> 37467129 | AI15: =AH15-M3 -> 12967129 | AM15: =AQ5*5% -> 13392592 | AO15: =IF(AI15>AM15,AM15,AI15) -> 12967129 | AP15: =AS15+AT15 -> 37467052 | AQ15: =AP15-M3 -> 12967052 | AS15: =18733526 -> 18733526 | AT15: =AS15 -> 18733526
A17: * Research expenditures, excluding the category of state appropriations, as reported in the Survey on Research Expenditures. Additionally, research expenditures exclude Biomedical Advanced Research and Development Authority (BARDA) grant at the Center for Innovation in Advanced Development and Manufacturing (CIADM) for FY 20 ($144,288,842), FY21 ($108,547,312) and FY 22 ($25,214,918).
A20: University of North Texas Health Science Center at Fort Worth (SP Sec 27.16) | L20: Seed Funding | M20: 20691695 | N20: Change
L21: 2022-23 Formula Total | M21: 20691695 | N21: 0
C22: Metric: Total Research Expenditures | K22: Performance Base Match | P22: Performance Incentive Match | AH22: Total Formula Appropriation | AK22: FORMULA GOVERNOR | AO22: Governor: 2020-21 GR less CCAP | AQ22: 164417806
P23: 2-Year Average Increase in Total Research Expenditures | R23: Tier 1 | W23: Tier 2 | AB23: Tier 3 | AF23: Tiered Performance Incentive Match | AH23: Biennial Performance Base Match + Performance Incentive Match | AI23: Biennial Increase | AO23: Governor: 2022-23 GR less CCAP | AQ23: ='Governor Calculation'!D9 -> 1.7207883e+08
C24: Annual Total Research Expenditures* | F24: 3-Year Rolling Average | G24: Change | I24: 2-Year Average | R24: $0-$1.5M Matched at 20% | W24: $1.5-$3M Matched at 40% | AB24: $3M+ Matched at 60% | AS24: UNTHSC
A25: Session Year | B25: Fiscal Year | I25: 2-Year Rolling Average | J25: Change | K25: Base Rate | L25: Annual Base Match | M25: Biennial Base Match | N25: Change in Base Match | R25: Min: | S25: Max: | T25: % Match: | U25: $ Match: | W25: Min: | X25: Max: | Y25: % Match: | Z25: $ Match: | AB25: Min: | AC25: Max: | AD25: % Match: | AE25: $ Match: | AK25: Total GR Appropriations | AM25: Max Allowed Increase 5% GR in prior biennium | AO25: Increase w/ Governor | AP25: Total Effective Appropriation | AQ25: Increase / Decrease | AS25: MOF Split, Total Formula
D26: % | G26: $ | H26: % | R26: 0 | S26: 1500000 | T26: 0.2 | W26: 1500000 | X26: 3000000 | Y26: 0.4 | AB26: 3000000 | AC26: NA | AD26: 0.6
A27: 2018-19 | B27: 2016 | C27: 38513661 | D27: 0.20771808 | F27: 34200527 | G27: NA | H27: NA | I27: 35201636 | J27: NA | K27: NA | L27: NA | M27: NA | N27: NA
B28: 2017 | C28: 37022877 | D28: =C28/C27-1 -> -0.038707928 | AS28: 2020 | AT28: 2021
A29: 2020-21 | B29: 2018 | C29: 37242408 | D29: =C29/C28-1 -> 0.005929604 | F29: =AVERAGE(C27:C29) -> 37592982 | G29: =F29-F27 -> 3392455.3 | H29: =G29/F27 -> 0.099193073 | I29: =AVERAGE(C28:C29) -> 37132642 | J29: =I29-I27 -> 1931006 | K29: 0 | L29: =K29*F29 -> 0 | M29: =L29*2 -> 0 | N29: NA | P29: =J29 -> 1931006 | R29: =$R$26 -> 0 | S29: =$S$26 -> 1500000 | T29: =$T$26 -> 0.2 | U29: =IF(P29>=S29,(S29-R29)*T29,MAX((P29-R29)*T29,0)) -> 300000 | W29: =$W$26 -> 1500000 | X29: =$X$26 -> 3000000 | Y29: =$Y$26 -> 0.4 | Z29: =IF(P29>=X29,(X29-W29)*Y29,MAX((P29-W29)*Y29,0)) -> 172402.4 | AB29: =$AB$26 -> 3000000 | AC29: =$AC$26 -> NA | AD29: =$AD$26 -> 0.6 | AE29: =IF(P29>=AC29,(AC29-AB29)*AD29,MAX((P29-AB29)*AD29,0)) -> 0 | AF29: =U29+Z29+AE29 -> 472402.4 | AH29: =M29+AF29 -> 472402.4 | AI29: 0 | AM29: NA | AO29: NA | AP29: NA | AQ29: NA | AS29: NA | AT29: NA
B30: 2019 | C30: 36325658 | D30: =C30/C29-1 -> -0.024615755 | AS30: 2022 | AT30: 2023
A31: 2022-23 | B31: 2020 | C31: 35017419 | D31: =C31/C30-1 -> -0.036014186 | F31: =AVERAGE(C29:C31) -> 36195162 | G31: =AVERAGE($C29:$C31)-AVERAGE($C27:$C29) -> -1397820.3 | H31: =(SUM($C29:$C31)/SUM($C27:$C29))-1 -> -0.037183013 | I31: =AVERAGE(C30:C31) -> 35671538 | J31: =I31-I29 -> -1461104 | K31: =L31/F31 -> 0.2858351 | L31: =(M21/2)-(AF31/2) -> 10345848 | M31: =L31*2 -> 20691695 | N31: =M31-M29 -> 20691695 | P31: =J31 -> -1461104 | R31: =$R$26 -> 0 | S31: =$S$26 -> 1500000 | T31: =$T$26 -> 0.2 | U31: =IF(P31>=S31,(S31-R31)*T31,MAX((P31-R31)*T31,0)) -> 0 | W31: =$W$26 -> 1500000 | X31: =$X$26 -> 3000000 | Y31: =$Y$26 -> 0.4 | Z31: =IF(P31>=X31,(X31-W31)*Y31,MAX((P31-W31)*Y31,0)) -> 0 | AB31: =$AB$26 -> 3000000 | AC31: =$AC$26 -> NA | AD31: =$AD$26 -> 0.6 | AE31: =IF(P31>=AC31,(AC31-AB31)*AD31,MAX((P31-AB31)*AD31,0)) -> 0 | AF31: =U31+Z31+AE31 -> 0 | AH31: =M31+AF31 -> 20691695 | AI31: =AH31-M20 -> 0 | AM31: =AQ22*5% -> 8220890.3 | AO31: =IF(AI31>AM31,AM31,AI31) -> 0 | AP31: =ROUND(IF(AH31>(M20+AM31),(M20+AM31),AH31),0) -> 20691695 | AQ31: =AP31-M20 -> 0 | AS31: =AP31/2 -> 10345848 | AT31: =AP31-AS31 -> 10345848
B32: 2021 | C32: 44772626 | D32: =C32/C31-1 -> 0.27858155 | AS32: 2024 | AT32: 2025
A33: 2024-25 | B33: 2022 | C33: 52724928 | D33: =C33/C32-1 -> 0.17761527 | F33: =AVERAGE(C31:C33) -> 44171658 | G33: =AVERAGE($C31:$C33)-AVERAGE($C29:$C31) -> 7976496 | H33: =(SUM($C31:$C33)/SUM($C29:$C31))-1 -> 0.22037465 | I33: =AVERAGE(C32:C33) -> 48748777 | J33: =I33-I31 -> 13077238 | K33: 0.2858351 | L33: =K33*F33 -> 12625810 | M33: =L33*2 -> 25251620 | N33: =M33-M31 -> 4559925.4 | P33: =J33 -> 13077238 | R33: =$R$8 -> 0 | S33: =$S$26 -> 1500000 | T33: =$T$8 -> 0.2 | U33: =IF(P33>=S33,(S33-R33)*T33,MAX((P33-R33)*T33,0)) -> 300000 | W33: =$W$26 -> 1500000 | X33: =$X$26 -> 3000000 | Y33: =$Y$8 -> 0.4 | Z33: =IF(P33>=X33,(X33-W33)*Y33,MAX((P33-W33)*Y33,0)) -> 600000 | AB33: =$AB$26 -> 3000000 | AC33: =$AC$26 -> NA | AD33: =$AD$26 -> 0.6 | AE33: =IF(P33>=AC33,(AC33-AB33)*AD33,MAX((P33-AB33)*AD33,0)) -> 6046343.1 | AF33: =U33+Z33+AE33 -> 6946343.1 | AH33: =M33+AF33 -> 32197963 | AI33: =AH33-M21 -> 11506268 | AM33: =AQ23*5% -> 8603941.4 | AO33: =IF(AI33>AM33,AM33,AI33) -> 8603941.4 | AP33: =ROUND(IF(AH33>(M21+AM33),(M21+AM33),AH33),0) -> 29295636 | AQ33: =AP33-M21 -> 8603941 | AS33: =AP33/2 -> 14647818 | AT33: =AP33-AS33 -> 14647818
A35: * Research expenditures, excluding the category of state appropriations, as reported in the Survey on Research Expenditures.
A37: Texas Tech University Health Sciences Center (SP Sec 27.17) | L37: 2020-21 Formula Total | M37: 3160628 | N37: Change
L38: 2022-23 Formula Total | M38: 3160628 | N38: 0
C39: Metric: Federal and Private Research Expenditures | K39: Performance Base Match | P39: Performance Incentive Match | AH39: Total Formula Appropriation | AK39: FORMULA GOVERNOR | AO39: Governor: 2020-21 GR less CCAP | AQ39: 252623503
P40: 2-Year Average Increase in Total Research Expenditures | R40: Tier 1 | W40: Tier 2 | AB40: Tier 3 | AF40: Tiered Performance Incentive Match | AH40: Biennial Performance Base Match + Performance Incentive Match | AI40: Biennial Increase | AO40: Governor: 2022-23 GR less CCAP | AQ40: ='Governor Calculation'!D10 -> 2.5706897e+08
C41: Annual Total Federal and Private Research Expenditures* | F41: 3-Year Rolling Average | G41: Change | I41: 2-Year Average | R41: $0-$2.5M Matched at 25% | W41: $2.5-$5M Matched at 50% | AB41: $5M+ Matched at 75% | AS41: TTUHSC
A42: Session Year | B42: Fiscal Year | I42: 2-Year Rolling Average | J42: Change | K42: Base Rate | L42: Annual Base Match | M42: Biennial Base Match | N42: Change in Base Match | R42: Min: | S42: Max: | T42: % Match: | U42: $ Match: | W42: Min: | X42: Max: | Y42: % Match: | Z42: $ Match: | AB42: Min: | AC42: Max: | AD42: % Match: | AE42: $ Match: | AK42: Total GR Appropriations | AM42: Max Allowed Increase 5% GR in prior biennium | AO42: Increase w/ Governor | AP42: Total Effective Appropriation | AQ42: Increase / Decrease | AS42: MOF Split, Total Formula
D43: % | G43: $ | H43: % | R43: 0 | S43: 2500000 | T43: 0.25 | W43: 2500000 | X43: 5000000 | Y43: 0.5 | AB43: 5000000 | AC43: NA | AD43: 0.75
A44: 2018-19 | B44: 2016 | C44: 15471921 | D44: -0.067555222 | F44: 15608494 | G44: NA | I44: 16032388 | J44: NA | K44: NA | L44: NA | M44: NA | N44: NA
B45: 2017 | C45: 13580584 | D45: =C45/C44-1 -> -0.12224319 | AS45: 2020 | AT45: 2021
A46: 2020-21 | B46: 2018 | C46: 12755634 | D46: =C46/C45-1 -> -0.06074481 | F46: =AVERAGE(C44:C46) -> 13936046 | G46: =F46-F44 -> -1672447.7 | H46: =G46/F44 -> -0.10714984 | I46: =AVERAGE(C45:C46) -> 13168109 | J46: =I46-I44 -> -2864279 | K46: 0 | L46: =K46*F46 -> 0 | M46: =L46*2 -> 0 | N46: NA | P46: =J46 -> -2864279 | R46: =$R$43 -> 0 | S46: =$S$43 -> 2500000 | T46: =$T$43 -> 0.25 | U46: =IF(P46>=S46,(S46-R46)*T46,MAX((P46-R46)*T46,0)) -> 0 | W46: =$W$43 -> 2500000 | X46: =$X$43 -> 5000000 | Y46: =$Y$43 -> 0.5 | Z46: =IF(P46>=X46,(X46-W46)*Y46,MAX((P46-W46)*Y46,0)) -> 0 | AB46: =$AB$43 -> 5000000 | AC46: =$AC$43 -> NA | AD46: =$AD$43 -> 0.75 | AE46: =IF(P46>=AC46,(AC46-AB46)*AD46,MAX((P46-AB46)*AD46,0)) -> 0 | AF46: =U46+Z46+AE46 -> 0 | AH46: =M46+AF46 -> 0 | AI46: 0 | AM46: N/A | AO46: N/A | AP46: N/A | AQ46: N/A | AS46: NA | AT46: NA
B47: 2019 | C47: 17488229 | D47: =C47/C46-1 -> 0.37101997 | AS47: 2022 | AT47: 2023
A48: 2022-23 | B48: 2020 | C48: 17173817 | D48: =C48/C47-1 -> -0.017978493 | F48: =AVERAGE(C46:C48) -> 15805893 | G48: =F48-F46 -> 1869847 | H48: =(SUM($C46:$C48)/SUM($C44:$C46))-1 -> 0.13417342 | I48: =AVERAGE(C47:C48) -> 17331023 | J48: =I48-I46 -> 4162914 | K48: =L48/F48 -> 0.053909354 | L48: =(M38/2)-(AF48/2) -> 852085.5 | M48: =L48*2 -> 1704171 | N48: =M48-M46 -> 1704171 | P48: =J48 -> 4162914 | R48: =$R$43 -> 0 | S48: =$S$43 -> 2500000 | T48: =$T$43 -> 0.25 | U48: =IF(P48>=S48,(S48-R48)*T48,MAX((P48-R48)*T48,0)) -> 625000 | W48: =$W$43 -> 2500000 | X48: =$X$43 -> 5000000 | Y48: =$Y$43 -> 0.5 | Z48: =IF(P48>=X48,(X48-W48)*Y48,MAX((P48-W48)*Y48,0)) -> 831457 | AB48: =$AB$43 -> 5000000 | AC48: =$AC$43 -> NA | AD48: =$AD$43 -> 0.75 | AE48: =IF(P48>=AC48,(AC48-AB48)*AD48,MAX((P48-AB48)*AD48,0)) -> 0 | AF48: =U48+Z48+AE48 -> 1456457 | AH48: =M48+AF48 -> 3160628 | AI48: =AH48-M37 -> 0 | AM48: =AQ39*0.05 -> 12631175 | AO48: =IF(AI48>AM48,AM48,AI48) -> 0 | AP48: =ROUND(IF(AH48>(M37+AM48),(M37+AM48),AH48),0) -> 3160628 | AQ48: =AP48-M37 -> 0 | AS48: =AP48/2 -> 1580314 | AT48: =AP48-AS48 -> 1580314
B49: 2021 | C49: 16853053 | D49: =C49/C48-1 -> -0.018677502 | AS49: 2022 | AT49: 2023
A50: 2024-25 | B50: 2022 | C50: 19880240 | D50: =C50/C49-1 -> 0.17962247 | F50: =AVERAGE(C48:C50) -> 17969037 | G50: =F50-F48 -> 2163143.3 | H50: =(SUM($C48:$C50)/SUM($C46:$C48))-1 -> 0.13685676 | I50: =AVERAGE(C49:C50) -> 18366646 | J50: =I50-I48 -> 1035623.5 | K50: 0.09998258 | L50: =F50*K50 -> 1796590.6 | M50: =L50*2 -> 3593181.3 | N50: =M50-M48 -> 1889010.3 | P50: =J50 -> 1035623.5 | R50: =$R$43 -> 0 | S50: =$S$43 -> 2500000 | T50: =$T$43 -> 0.25 | U50: =IF(P50>=S50,(S50-R50)*T50,MAX((P50-R50)*T50,0)) -> 258905.88 | W50: =$W$43 -> 2500000 | X50: =$X$43 -> 5000000 | Y50: =$Y$43 -> 0.5 | Z50: =IF(P50>=X50,(X50-W50)*Y50,MAX((P50-W50)*Y50,0)) -> 0 | AB50: =$AB$43 -> 5000000 | AC50: =$AC$43 -> NA | AD50: =$AD$43 -> 0.75 | AE50: =IF(P50>=AC50,(AC50-AB50)*AD50,MAX((P50-AB50)*AD50,0)) -> 0 | AF50: =U50+Z50+AE50 -> 258905.88 | AH50: =M50+AF50 -> 3852087.2 | AI50: =AH50-M38 -> 691459.17 | AM50: =AQ40*0.05 -> 12853449 | AO50: =IF(AI50>AM50,AM50,AI50) -> 691459.17 | AP50: =ROUND(IF(AH50>(M38+AM50),(M38+AM50),AH50),0) -> 3852087 | AQ50: =AP50-M38 -> 691459 | AS50: =AP50/2 -> 1926043.5 | AT50: =AP50-AS50 -> 1926043.5
A52: * Research federal and private expenditures, as reported in the Survey on Research Expenditures.

Sheet Governor Calculation
E2: Maximum Governor
B3: GR Appropriations FY 24-25 (excluding SB8 CCAP Funds) | C3: CCAPs (excludes SB8 funds) | D3: Net General Revenue | E3: 5% Cap Amount
A5: UT Southwestern Med. Center | B5: 3.5684382e+08 | C5: -37038500 | D5: =SUM(B5:C5) -> 3.1980532e+08 | E5: =D5*0.05 -> 15990266
A6: UTHSC at Houston | B6: 3.869741e+08 | C6: -37499000 | D6: =SUM(B6:C6) -> 3.494751e+08 | E6: =D6*0.05 -> 17473755
A7: UTHSC at San Antonio | B7: 2.9314224e+08 | C7: -31792000 | D7: =SUM(B7:C7) -> 2.6135024e+08 | E7: =D7*0.05 -> 13067512
A8: Texas A&M UHSC | B8: 3.0493177e+08 | C8: -37079926 | D8: =SUM(B8:C8) -> 2.6785185e+08 | E8: =D8*0.05 -> 13392592
A9: Univ North TX HSC | B9: 1.9188183e+08 | C9: -19803002 | D9: =SUM(B9:C9) -> 1.7207883e+08 | E9: =D9*0.05 -> 8603941.4
A10: Texas Tech Univ HSC | B10: 2.7538531e+08 | C10: -18316337 | D10: =SUM(B10:C10) -> 2.5706897e+08 | E10: =D10*0.05 -> 12853449
